 Dungeon Crawl Stone Soup version 0.30-a0-165-g1891117ce2 (webtiles) character file.

Game seed: 9621884577350188886

891160 qw the Bringer of Light (level 27, 0/199 HPs)
             Began as a Gargoyle Fighter on Sept 28, 2022.
             Was the Champion of the Shining One.
             Killed by divine providence
             ... invoked by a daeva
              (16 damage)
             ... in Pandemonium.
             The game lasted 00:54:17 (77311 turns).

qw the Bringer of Light (Gargoyle Fighter)         Turns: 77311, Time: 00:54:17

Health: 0/199      AC: 66    Str: 42    XL:     27
Magic:  28/40      EV: 27    Int: 14    God:    the Shining One [******]
Gold:   6855       SH: 36    Dex: 23    Spells: 26/26 levels left

rFire   + + .      SeeInvis +    B - +7 war axe "Sefaid" {protect, rN+ Str+4 Int+3 Dex+4}
rCold   + + +      Faith    .    D - +18 shield of the Gong {rElec rN+ Will+ EV-5}
rNeg    + + +      Spirit   .    W - +7 plate armour of Fiunn {SInv}
rPois   inf        Reflect  .    (helmet unavailable)
rElec   +          Harm     .    F - +0 cloak "Fyocuirph" {rF++ rC+++ Regen+ Slay+3}
rCorr   .          Rampage  .    A - +1 pair of gloves "Bonuowo" {Str+4}
Will    ++++.                    t - +2 pair of boots
Stlth   ..........               f - amulet "Jynor" {rC+ Regen+ Dex+4 Slay+2}
HPRegen 2.03/turn                y - ring of Qacig {rElec EV+4 Str+2 Dex+4}
MPRegen 0.27/turn                r - ring of Jogar {rN++ EV+4 Dex+2}

@: under a protective aura, flying, glowing
A: sickness immunity, AC +20, big wings, negative energy resistance 1,
electricity resistance, torment resistance 1, petrification resistance, horns 3,
deterioration 2, strong-willed 1, subdued magic 1, MP-powered wands
}: 8/15 runes: serpentine, barnacled, silver, golden, demonic, glowing, magical,
fiery
a: Renounce Religion, Divine Shield, Cleansing Flame, Summon Divine Warrior


You were in Pandemonium.
You worshipped the Shining One.
The Shining One was exalted by your worship.
You visited 10 branches of the dungeon, and saw 49 of its levels.
You visited Pandemonium 1 time, and saw 16 of its levels.

You collected 14549 gold pieces.
You spent 7694 gold pieces at shops.


Innate Abilities, Weirdness & Mutations

You are immune to sickness and miasma.
Your stone body is resilient. (AC +20)
You are immune to poison.
Your large and strong wings let you fly.
You resist negative energy. (rN+)
You are resistant to electric shocks. (rElec)
You are resistant to unholy torment.
You are immune to petrification.
You have a pair of large horns on your head.
Your body often deteriorates upon taking damage.
You are strong-willed. (Will+)
Your spells are a little easier to cast, but a little less powerful.
You expend magic power (3 MP) to strengthen your wands.


   Skills:
 O Level 27 Fighting
 - Level 7.9 Short Blades
 - Level 19.0 Axes
 - Level 15.0 Throwing
 O Level 27 Armour
 + Level 19.0 Dodging
 - Level 22.1 Shields
 O Level 27 Invocations


You had 26 spell levels left.
You didn't know any spells.
Your spell library was empty.

Inventory:

Hand Weapons
 B - the +7 war axe "Sefaid" (weapon) {protect, rN+ Str+4 Int+3 Dex+4}
   (You found it on level 3 of the Tomb of the Ancients)

   It grants its wielder temporary protection when it strikes (+7 to AC).
   Str:       It affects your strength (+4).
   Int:       It affects your intelligence (+3).
   Dex:       It affects your dexterity (+4).
   rN:        It protects you from negative energy.
 J - a +8 broad axe of holy wrath
Missiles
 o - 34 boomerangs
 w - 4 silver boomerangs (quivered)
 L - 3 boomerangs of dispersal
Armour
 j - a +1 tower shield of protection
 m - +0 acid dragon scales
 q - a +1 tower shield of fire resistance
 t - a +2 pair of boots (worn)
 x - a +10 plate armour of ponderousness
 A - the +1 pair of gloves "Bonuowo" (worn) {Str+4}
   (Okawaru gifted it to you on level 3 of the Lair of Beasts)

   Str:       It affects your strength (+4).
 D - the +18 shield of the Gong (worn) {rElec rN+ Will+ EV-5}
   (You found it on level 3 of the Tomb of the Ancients)

   It is deafeningly noisy when blocking attacks.
   EV:        It affects your evasion (-5).
   rElec:     It insulates you from electricity.
   rN:        It protects you from negative energy.
   Will:      It increases your willpower.
 E - a +1 tower shield of cold resistance
 F - the +0 cloak "Fyocuirph" (worn) {rF++ rC+++ Regen+ Slay+3}
   (Okawaru gifted it to you on level 2 of the Vaults)

   Slay:      It affects your accuracy & damage with ranged weapons and melee
   (+3).
   rF:        It greatly protects you from fire.
   rC:        It renders you almost immune to cold.
   Regen:     It increases your rate of health regeneration.
 H - a +1 tower shield of resistance
 I - the +6 plate armour of Thoughtfulness {rC+ MP+9 Stlth+}
   (You found it in Pandemonium)

   rC:        It protects you from cold.
   MP:        It affects your magic capacity (+9).
   Stlth:     It makes you more stealthy.
 M - +2 acid dragon scales
 Q - +0 gold dragon scales
 W - the +7 plate armour of Fiunn (worn) {SInv}
   (You found it on level 5 of the Vaults)

   SInv:      It lets you see invisible.
Jewellery
 a - the ring "Ponockaq" {rElec rPois rC+++ Int-2 Dex-4}
   (You bought it in a shop on level 1 of the Snake Pit)

   [ring of poison resistance]

   Int:       It affects your intelligence (-2).
   Dex:       It affects your dexterity (-4).
   rC:        It renders you almost immune to cold.
   rElec:     It insulates you from electricity.
   rPois:     It protects you from poison.
 f - the amulet "Jynor" (around neck) {rC+ Regen+ Dex+4 Slay+2}
   (You found it on level 3 of the Tomb of the Ancients)

   [amulet of regeneration]

   Dex:       It affects your dexterity (+4).
   Slay:      It affects your accuracy & damage with ranged weapons and melee
   (+2).
   rC:        It protects you from cold.
   Regen:     It increases your rate of health regeneration.
 k - the ring "Teegeon" {rF+ rC++}
   (You bought it in a shop on level 1 of the Snake Pit)

   [ring of protection from fire]

   rF:        It protects you from fire.
   rC:        It greatly protects you from cold.
 r - the ring of Jogar (right hand) {rN++ EV+4 Dex+2}
   (You took it off a yaktaur captain on level 5 of the Vaults)

   [ring of evasion]

   EV:        It affects your evasion (+4).
   Dex:       It affects your dexterity (+2).
   rN:        It greatly protects you from negative energy.
 y - the ring of Qacig (left hand) {rElec EV+4 Str+2 Dex+4}
   (You took it off a deep elf high priest on level 5 of the Vaults)

   [ring of evasion]

   EV:        It affects your evasion (+4).
   Str:       It affects your strength (+2).
   Dex:       It affects your dexterity (+4).
   rElec:     It insulates you from electricity.
 C - the amulet "Qerchego" {rF+ Regen+ Str+3 SInv}
   (You found it in Pandemonium)

   [amulet of regeneration]

   Str:       It affects your strength (+3).
   rF:        It protects you from fire.
   SInv:      It lets you see invisible.
   Regen:     It increases your rate of health regeneration.
 G - a ring of resist corrosion
 N - the ring of Wisdom {Ice Str+2 Int+4}
   (You took it off Josephina on level 4 of the Depths)

   [ring of ice]

   It enhances your ice magic.
   Str:       It affects your strength (+2).
   Int:       It affects your intelligence (+4).
   rF:        It makes you vulnerable to fire.
   rC:        It protects you from cold.
 P - the ring of Suykuqej {rElec Will++ rCorr Int+6}
   (You found it in Pandemonium)

   [ring of intelligence]

   Int:       It affects your intelligence (+6).
   rElec:     It insulates you from electricity.
   rCorr:     It protects you from acid and corrosion.
   Will:      It greatly increases your willpower.
 V - the ring "Buirph" {rElec rC+ Will- Str+10 Dex-4}
   (You found it on level 5 of the Vaults)

   [ring of protection from cold]

   Str:       It affects your strength (+10).
   Dex:       It affects your dexterity (-4).
   rC:        It protects you from cold.
   rElec:     It insulates you from electricity.
   Will:      It decreases your willpower.
Scrolls
 c - 5 scrolls of enchant armour
 h - 16 scrolls of identify
 l - a scroll of brand weapon
 z - 2 scrolls of enchant weapon
Potions
 b - 19 potions of attraction
 d - 11 potions of might
 e - 23 potions of curing
 g - 21 potions of lignification
 p - 4 potions of haste
 s - 2 potions of resistance
 u - a potion of cancellation
 v - 5 potions of magic

Dungeon Overview and Level Annotations

Branches:
Dungeon (15/15)            Temple (0/1) D:7            Lair (5/5) D:9
 Shoals (4/4) Lair:2        Snake (4/4) Lair:2        Slime (0/5) Lair:5
    Orc (2/2) D:9             Elf (0/3) Orc:2        Vaults (5/5) D:13
  Crypt (3/3) Vaults:3       Tomb (3/3) Crypt:3      Depths (4/4) D:15
    Zot (4/5) Depths:4

Altars:
Ashenzari
Elyvilon
Kikubaaqudgha
Makhleb
Nemelex Xobeh
Okawaru
Qazlal
Ru
Sif Muna
Trog
Wu Jian
Xom
Yredelemnul
Zin
The Shining One
Jiyva

Shops:
D:7 (:   D:8 [*   D:9 :   D:11 [   D:15 ?   Orc:2 :!*   Shoals:2 [[
Snake:1 =:=   Snake:4 (=   Vaults:4 !   Depths:4 [

Portals:
Hell: Depths:1 Depths:2 Depths:3 Depths:4
Abyss: Depths:3
Pandemonium: Depths:2 Depths:3
Ziggurat: Depths:3
Trove: Vaults:3 (give +3 storm dragon scales)

Annotations:
D:11 3 runed translucent doors, qw's ghost, journeyman GrFi
Shoals:3 1 transporter, Tang's ghost, adept TeAE
Snake:2 1 runed translucent door, wjtupper's ghost, adept MiHu
Zot:2 1 runed translucent door, Alunk's ghost, legendary GnFi


Message History

You slice the apis!! You headbutt the apis!
The apis is severely wounded.
You hit the angel.
The angel no longer looks unusually strong.
You block the angel's attack.
BONNNG!
The angel hits you but does no damage.
Your daeva hits the apis with a +2 eudemon blade of holy wrath!!
Your daeva hits the apis with a +2 eudemon blade of holy wrath!
The apis dies!
Something hits your daeva! Something barely misses your daeva.
Your daeva hits the apis but does no damage.
Your daeva hits the apis with a +2 eudemon blade of holy wrath.
The ophan calls forth blessed flames!
Blessed fire suddenly surrounds you!
You hear a shout!
You slice the angel!! Your headbutt misses the angel.
The angel is severely wounded.
You block the angel's attack.
GONNNNG!
The angel completely misses you.
You hear a roar.
You slash the angel! You headbutt the angel!!
You kill the angel!
Your daeva calls down the wrath of the Shining One upon the apis.
The apis is smitten.
The daeva calls down the wrath of the Shining One upon you.
The Shining One smites you!
The daeva calls down the wrath of Zin upon something.
Zin smites you!
Your daeva calls down the wrath of the Shining One upon the apis.
The apis is smitten.
The daeva blocks your attack.
You headbutt the daeva!
The daeva is severely wounded.
The daeva no longer looks unusually strong.
Your daeva hits the daeva with a +2 eudemon blade of holy wrath!!
Your daeva hits the daeva with a +2 eudemon blade of holy wrath.
The daeva calls down the wrath of Zin upon something.
Zin smites you!
You die...

...... #. # ..... #### #.
..###'''###.... #.
............. #.
............ ## #.......#
# ###...¤.¤.########### #
..8...¤.¤.8..........####
......¤)@AG..............
..8.....A.8..............
...........!........#....
..8......Y8....##......##
.........)))..####...#.#
.........).).####......+
.........).AA###.....#.#
#######......Y........##
#######A.....#....


You could see an apis (ally target), 2 daevas, an ophan (strong) and 2 friendly
daevas.

Vanquished Creatures
  Cerebov (Pan)
  5 pandemonium lords (Pan)
  Lom Lobon (Pan)
  4 dread liches
  3 orbs of fire
  Tiamat (Zot:3)
  An ancient lich (Vaults:5)
  Khufu (Crypt:3)
  Mara (Shoals:4)
  Josephina (Depths:4)
  25 royal mummies
  Boris (twice) (Depths:3 Tomb:1)
  A Killer Klown (Zot:3)
  Vashnia (Snake:2)
  Frederick (Depths:4)
  Saint Roka (Depths:4)
  Xtahua (Crypt:3)
  A curse toe (Zot:3)
  23 golden dragons
  the Enchantress (Depths:1)
  6 bone dragons
  4 Tzitzimimeh (Pan)
  Zenata (Vaults:2)
  3 shard shrike zombies
  8 Brimstone Fiends (Pan)
  Jorgrun (D:13)
  22 tentacled monstrosities
  7 Hell Sentinels (Pan)
  3 liches
  Asterion (Vaults:1)
  4 deep elf master archers
  9 quicksilver dragons
  20 titans
  19 Ice Fiends (Pan)
  Polyphemus (Shoals:4)
  5 deep elf blademasters
  15 sphinxes
  12 Executioners (Pan)
  10 death cobs
  A kraken (Shoals:4)
  11 ancient champions
  Agnes (D:14)
  4 tengu reavers
  11 shadow dragons
  4 draconian monks
  16 storm dragons
  19 demonspawn warmongers (Pan)
  Donald (Shoals:4)
  5 revenants
  6 daevas (Pan)
  17 fire giants
  5 draconian knights
  3 nagarajas (Snake:4)
  28 cacodemons
  19 vault wardens
  2 iron dragons
  23 frost giants
  7 draconian scorchers
  14 angels
  Louise (Snake:4)
  3 ghost moths
  A curse skull (Crypt:2)
  3 spriggan defenders (Depths:1)
  25 balrugs (Pan)
  2 juggernaut zombies
  4 draconian shifters
  2 draconian stormcallers
  7 demonspawn corrupters (Pan)
  28 ironbound preservers
  23 stone giants
  21 reapers
  11 ghouls
  3 war gargoyles (Crypt:3)
  7 draconian annihilators
  7 demonspawn blood saints (Pan)
  A broodmother (shapeshifter) (D:12)
  2 orc warlords
  36 very ugly things
  10 green draconians
  4 ophanim (Pan)
  11 bennus
  8 vampire knights
  11 apis (Pan)
  11 ironbound thunderhulks
  7 black draconians
  3 deep elf demonologists
  9 lorocyprocas
  9 purple draconians
  13 demonspawn black suns (Pan)
  3 deep elf annihilators
  7 white draconians
  8 eidola
  2 crystal guardians (Crypt:3)
  14 dire elephants
  12 red draconians
  8 yellow draconians
  16 fire dragons
  22 mummy priests
  13 ettins
  7 merfolk javelineers
  16 blizzard demons
  12 green deaths
  4 deep elf death magi
  13 yaktaur captains
  2 deep elf high priests
  13 merfolk impalers
  9 great orbs of eyes
  9 jiangshi
  A peacekeeper (Vaults:3)
  3 spriggan zombies
  3 rakshasas
  12 ice dragons
  3 salamander tyrants (Snake:4)
  A caustic shrike simulacrum (Depths:4)
  45 vault guards
  2 hell beasts (Pan)
  A juggernaut simulacrum (Pan)
  3 hydras
  An ogre mage (D:12)
  A fenstrider witch skeleton (Crypt:2)
  8 centaur warriors
  7 boulder beetles
  3 death knights
  2 spriggan air magi (Depths:1)
  16 anacondas
  8 ironbound frosthearts
  4 dancing weapons (Crypt:3)
  2 merfolk aquamancers (Shoals:3)
  A catoblepas (Shoals:4)
  8 merfolk avatars
  2 satyrs (Shoals:4)
  5 deep troll shamans
  An alligator (shapeshifter) (Vaults:4)
  2 two-headed ogres (D:13)
  9 deep troll earth magi
  2 orc high priests
  43 death scarabs
  2 hell hogs (Depths:2)
  9 death yaks
  2 spriggan berserkers
  4 vampire magi
  A titan zombie (Tomb:3)
  10 tengu warriors
  11 naga warriors
  A shock serpent (shapeshifter) (Vaults:5)
  20 soul eaters
  12 shock serpents
  4 deep elf knights
  5 hell knights (Crypt:3)
  18 naga sharpshooters
  58 sun demons
  A storm dragon zombie (Crypt:2)
  8 iron trolls
  6 salamander mystics
  A shadow wraith (Crypt:2)
  A titan skeleton (Tomb:1)
  35 sixfirhies (Pan)
  46 skeletal warriors
  17 sea snakes
  6 shadow demons (Pan)
  2 flayed ghosts (Crypt:1)
  A cherub (Pan)
  2 bog bodies (Crypt:2)
  A swamp dragon (Zot:3)
  80 deep trolls
  A deep troll (shapeshifter) (Depths:4)
  An iron giant zombie (Crypt:1)
  2 glowing orange brains
  7 deep elf archers
  24 harpies
  12 naga ritualists
  13 phantasmal warriors
  14 wizards
  An obsidian statue (Depths:1)
  26 ironbound convokers
  A shadow dragon zombie (Crypt:3)
  9 necromancers
  A golden dragon skeleton (Crypt:2)
  8 deep elf pyromancers
  12 orc knights
  13 lindwurms
  4 deep elf zephyrmancers
  12 mana vipers
  13 fauns
  51 ugly things
  26 moths of wrath
  A shadow dragon skeleton (Crypt:2)
  A mana viper (shapeshifter) (Vaults:5)
  10 cyclopes
  3 orc sorcerers
  A stone giant zombie (Tomb:1)
  12 salamanders
  18 manticores
  2 moths of wrath (shapeshifter)
  10 elephants
  11 merfolk sirens
  2 iron dragon skeletons
  A guardian serpent (Snake:4)
  5 rust devils
  40 black mambas
  A dire elephant zombie (Tomb:2)
  26 vault sentinels
  8 water nymphs
  Joseph (D:7)
  16 naga magi
  36 smoke demons
  18 large abominations (Pan)
  3 ice statues (Pan)
  An alligator snapping turtle zombie (Crypt:2)
  A storm dragon simulacrum (Depths:4)
  22 cane toads
  A cane toad (shapeshifter) (Depths:3)
  6 gargoyles
  4 hellions
  2 unseen horrors
  27 orange demons (Pan)
  3 unseen horror zombies (D:9)
  A naga skeleton (Tomb:2)
  5 rime drakes
  A kobold demonologist (D:11)
  An orb spider zombie (Crypt:1)
  A redback zombie (Crypt:1)
  5 demonic crawlers (Pan)
  15 yaktaurs
  Psyche (D:10)
  8 freezing wraiths
  6 efreet
  21 hellwings
  3 ice devils (Pan)
  6 tengu conjurers
  8 komodo dragons
  A yaktaur (shapeshifter) (Depths:3)
  37 guardian mummies
  10 tormentors (Pan)
  9 red devils
  4 harpy zombies (Shoals:1)
  A polar bear (Lair:3)
  9 trolls
  30 merfolk
  A golden dragon simulacrum (Depths:4)
  A hornet (shapeshifter) (Depths:3)
  A mana viper skeleton (Crypt:2)
  8 wind drakes
  A tengu simulacrum (Depths:4)
  2 hornets
  2 tyrant leeches (Lair:5)
  A tarantella (shapeshifter) (Depths:3)
  An ettin zombie (Tomb:3)
  2 harpy skeletons (Crypt:2)
  A tyrant leech (shapeshifter) (Vaults:5)
  A culicivora zombie (Crypt:2)
  32 slime creatures
  A dream sheep (shapeshifter) (Depths:3)
  10 dream sheep
  An iron dragon simulacrum (Depths:4)
  22 blink frogs
  7 snapping turtles
  A fire dragon zombie (Crypt:3)
  An ice dragon zombie (Crypt:1)
  A black mamba zombie (Crypt:2)
  A centaur simulacrum (Tomb:3)
  A raiju (shapeshifter) (Depths:3)
  60 flying skulls
  3 spriggans (Depths:1)
  17 water elementals
  4 shadows
  31 yaks
  2 vampires
  5 wyverns
  45 ynoxinuls
  13 ushabtiu
  4 wraiths
  22 neqoxecs
  2 hogs (shapeshifter)
  3 basilisks
  20 chaos spawn (Pan)
  7 wargs
  12 vampire mosquitoes
  2 steam dragons
  A harpy simulacrum (Crypt:2)
  39 nagas
  4 acid dragons
  9 water moccasins
  2 floating eyes
  50 orc warriors
  2 floating eyes (shapeshifter)
  An ice beast (shapeshifter) (Depths:3)
  A manticore zombie (Shoals:1)
  An ice beast (D:7)
  A black bear (Lair:1)
  A hornet zombie (D:9)
  19 wolves
  An ettin simulacrum (Crypt:2)
  10 ogres
  3 boggarts (Vaults:4)
  A swamp dragon skeleton (Crypt:1)
  13 centaurs
  A phantom (D:5)
  A komodo dragon zombie (Crypt:2)
  14 bullfrogs
  9 necrophages
  2 kobold brigands
  A draconian skeleton (Crypt:2)
  A glowing shapeshifter simulacrum (Vaults:4)
  2 scorpions
  7 wights
  16 killer bees
  4 howler monkeys
  10 electric eels
  A lava snake (Lair:4)
  A raiju skeleton (Crypt:2)
  6 crimson imps
  A jelly (D:4)
  26 orc priests
  A gnoll bouda (D:4)
  A bullfrog skeleton (Crypt:1)
  4 hounds
  5 iguanas
  28 orc wizards
  Natasha (thrice) (D:3)
  2 hell rats (Lair:5)
  A killer bee zombie (D:9)
  53 mummies
  5 gnolls (D:4)
  6 adders
  7 river rats (Lair:5)
  A white imp (D:6)
  An ufetubus (Pan)
  A worm (D:4)
  113 orcs
  5 ball pythons
  6 bats
  4 endoplasms
  3 giant cockroaches
  A gnoll zombie (Crypt:1)
  7 goblins
  6 hobgoblins
  A quokka (shapeshifter) (Vaults:5)
  2 quokkas
  2 frilled lizards
  A jackal zombie (Crypt:2)
  12 kobolds
  2 rats
  A ball lightning (Pan)
  2 tentacles (Shoals:4)
3088 creatures vanquished.

Vanquished Creatures (collateral kills)
  Mnoleg (Pan)
  A dread lich (Crypt:3)
  14 royal mummies
  A pearl dragon (Pan)
  2 Tzitzimimeh (Pan)
  2 pandemonium lords (Pan)
  A Brimstone Fiend (Pan)
  4 Hell Sentinels (Pan)
  8 Ice Fiends (Pan)
  A deep elf master archer (Tomb:1)
  2 liches
  An ancient champion (Tomb:2)
  An Executioner (Pan)
  9 demonspawn warmongers (Pan)
  A fire giant (Tomb:2)
  A frost giant (Crypt:3)
  3 balrugs (Pan)
  2 angels (Pan)
  4 cacodemons (Pan)
  6 reapers (Pan)
  A caustic shrike skeleton (Crypt:3)
  A war gargoyle (Crypt:3)
  2 demonspawn blood saints (Pan)
  3 apis (Pan)
  A bennu (Tomb:1)
  2 lorocyprocas (Pan)
  A red draconian (Tomb:1)
  A crystal guardian (Crypt:3)
  3 mummy priests
  A green death (Pan)
  2 blizzard demons (Pan)
  A juggernaut simulacrum (Pan)
  8 death scarabs
  A dancing weapon (Crypt:3)
  10 sun demons (Pan)
  A hell knight (Crypt:3)
  17 soul eaters (Pan)
  5 sixfirhies (Pan)
  A cherub (Pan)
  4 skeletal warriors
  A necromancer (Crypt:3)
  3 large abominations (Pan)
  A shining eye (Pan)
  A centaur zombie (Crypt:3)
  26 smoke demons (Pan)
  An ice statue (Pan)
  6 orange demons (Pan)
  A tormentor (Pan)
  3 demonic crawlers (Pan)
  An ice devil (Pan)
  5 guardian mummies
  A harpy zombie (Tomb:2)
  5 hellwings (Pan)
  6 flying skulls
  11 ynoxinuls (Pan)
  2 golden eyes (Pan)
  An ushabti (Tomb:2)
  2 chaos spawn (Pan)
  5 neqoxecs (Pan)
  2 necrophages (Crypt:3)
  7 mummies
222 creatures vanquished.

Vanquished Creatures (others)
  A pandemonium lord (Pan)
  2 titans
  An Executioner (Pan)
  A sphinx (Tomb:1)
  A draconian knight (Depths:4)
  An ironbound preserver (Vaults:3)
  2 demonspawn black suns (Pan)
  A lorocyproca (Pan)
  A blizzard demon (Pan)
  A deep elf death mage (Crypt:2)
  A large abomination (Pan)
  A sun demon (Depths:1)
  Maurice (D:13)
  An ice statue (Pan)
  An ice devil (Pan)
  A slime creature (D:12)
  A ynoxinul (Pan)
  A chaos spawn (Pan)
  A warg (Vaults:4)
  An acid dragon (Zot:1)
  An orc warrior (Depths:4)
  A boggart (Vaults:4)
  3 orcs
  12 ball lightnings (Pan)
  A demonic plant (Pan)
  19 fungi
  255 plants
  4 tentacles (Shoals:4)
  2 withered plants (D:9)
320 creatures vanquished.

Grand Total: 3630 creatures vanquished

Notes
Turn   | Place    | Note
-------+----------+-------------------------------------------
     0 | D:1      | qw the Gargoyle Fighter began the quest for the Orb.
     0 | D:1      | Reached XP level 1. HP: 14/14 MP: 1/1
     0 | D:1      | 0 ||| qw: Version: 0.2-a-12-gaebbb33
     0 | D:1      | 0 ||| qw: Game counter: 843
     0 | D:1      | 0 ||| qw: Always use a shield: true
     0 | D:1      | 0 ||| qw: God list: Okawaru
     0 | D:1      | 0 ||| qw: Allow faded altars: false
     0 | D:1      | 0 ||| qw: Do Orc after D:15 true
     0 | D:1      | 0 ||| qw: Do second Lair branch before Depths: true
     0 | D:1      | 0 ||| qw: Lair rune preference: random
     0 | D:1      | 0 ||| qw: Plans: Normal, Zot:1-4, God:TSO, Crypt, Tomb,
                  | Pan, Slime:5, Hells, Abyss, Orb
     0 | D:1      | 0 ||| PLANNING D:1-11
   195 | D:1      | Reached XP level 2. HP: 6/19 MP: 2/2
   464 | D:1      | 464 ||| Stepping ~*~*~tactically~*~*~ (stealth).
   786 | D:1      | Found a faded altar of an unknown god.
   986 | D:1      | 986 ||| UPGRADING to +1 helmet.
   991 | D:1      | 991 ||| READING scroll labelled YTOTHREIJEU.
   992 | D:1      | 992 ||| READING 2 scrolls labelled EVU OLUCIHEC.
   993 | D:1      | 993 ||| READING scroll labelled OTYG FOBERCH.
  1055 | D:2      | Reached skill level 3 in Axes
  1055 | D:2      | Reached XP level 3. HP: 23/23 MP: 3/3
  1475 | D:2      | 1475 ||| DROPPING +0 club.
  1515 | D:2      | Found a white marble altar of Elyvilon.
  1837 | D:2      | 1837 ||| DROPPING +1 hand axe of draining.
  1849 | D:2      | 1849 ||| UPGRADING to +2 chain mail of cold resistance.
  1859 | D:2      | 1859 ||| DROPPING +0 scale mail.
  1860 | D:2      | 1860 ||| DROPPING amulet of magic regeneration.
  1861 | D:2      | 1861 ||| READING scroll labelled EHUP DIHAAMMI.
  1862 | D:2      | 1862 ||| READING scroll labelled KININUPUUH.
  1863 | D:2      | 1863 ||| DRINKING 2 lumpy grey potions.
  1864 | D:2      | 1864 ||| DROPPING potion of flight.
  1973 | D:3      | 1973 ||| Stepping ~*~*~tactically~*~*~ (hiding).
  2007 | D:3      | Reached XP level 4. HP: 18/28 MP: 4/4
  2122 | D:3      | 2122 ||| Stepping ~*~*~tactically~*~*~ (stealth).
  2125 | D:3      | 2125 ||| Stepping ~*~*~tactically~*~*~ (stealth).
  2127 | D:3      | 2127 ||| Stepping ~*~*~tactically~*~*~ (stealth).
  2129 | D:3      | 2129 ||| Stepping ~*~*~tactically~*~*~ (hiding).
  2164 | D:3      | Reached XP level 5. HP: 31/32 MP: 5/5
  2201 | D:3      | HP: 6/33 [something (4)]
  2462 | D:3      | Identified the ring "Wakuow" {rElec rF+ MP+9}
  2645 | D:3      | 2645 ||| Stepping ~*~*~tactically~*~*~ (stealth).
  2657 | D:3      | 2657 ||| DROPPING +0 whip.
  2803 | D:3      | Reached XP level 6. HP: 36/38 MP: 6/6
  2847 | D:3      | Noticed Natasha
  2854 | D:3      | Killed Natasha
  3042 | D:3      | Identified the ring of Paranoia {Will+ Str+4 Int+4 SInv}
  3078 | D:3      | Noticed Natasha
  3079 | D:3      | 3079 ||| Stepping ~*~*~tactically~*~*~ (hiding).
  3087 | D:3      | Killed Natasha
  3212 | D:3      | Noticed Natasha
  3213 | D:3      | 3213 ||| Stepping ~*~*~tactically~*~*~ (stealth).
  3215 | D:3      | 3215 ||| Stepping ~*~*~tactically~*~*~ (hiding).
  3219 | D:3      | Killed Natasha
  3369 | D:3      | 3369 ||| UPGRADING to ring of Paranoia {Will+ Str+4 Int+4
                  | SInv}.
  3370 | D:3      | 3370 ||| UPGRADING to ring "Wakuow" {rElec rF+ MP+9}.
  3435 | D:3      | 3435 ||| READING 3 scrolls labelled UXIOPH REETIS.
  3436 | D:3      | 3436 ||| READING 2 scrolls of enchant armour.
  3436 | D:3      | 3436 ||| ENCHANTING +1 helmet.
  3437 | D:3      | 3437 ||| DRINKING 2 white potions.
  3438 | D:3      | 3438 ||| READING 4 scrolls of identify.
  3438 | D:3      | 3438 ||| IDENTIFYING fizzy ruby potion
  3439 | D:3      | 3439 ||| READING 3 scrolls of identify.
  3439 | D:3      | 3439 ||| IDENTIFYING cyan potion
  3440 | D:3      | 3440 ||| DROPPING potion of berserk rage.
  3475 | D:4      | 3475 ||| STAIRDANCE
  3542 | D:4      | 3542 ||| Stepping ~*~*~tactically~*~*~ (stealth).
  3602 | D:4      | Reached skill level 6 in Axes
  3614 | D:4      | 3614 ||| FLEEEEING.
  3615 | D:4      | 3615 ||| FLEEEEING.
  3616 | D:4      | 3616 ||| FLEEEEING.
  3617 | D:4      | 3617 ||| FLEEEEING.
  3624 | D:4      | 3624 ||| FLEEEEING.
  3628 | D:4      | 3628 ||| FLEEEEING.
  3633 | D:4      | 3633 ||| FLEEEEING.
  3634 | D:4      | 3634 ||| FLEEEEING.
  3635 | D:4      | 3635 ||| FLEEEEING.
  3636 | D:4      | 3636 ||| FLEEEEING.
  3637 | D:4      | 3637 ||| FLEEEEING.
  3638 | D:4      | 3638 ||| FLEEEEING.
  3639 | D:4      | 3639 ||| FLEEEEING.
  3640 | D:4      | 3640 ||| FLEEEEING.
  3641 | D:4      | 3641 ||| FLEEEEING.
  3642 | D:4      | 3642 ||| STAIRDANCE
  3736 | D:3      | 3736 ||| READING 3 scrolls of identify.
  3736 | D:3      | 3736 ||| IDENTIFYING sapphire potion
  3737 | D:3      | 3737 ||| READING 2 scrolls of identify.
  3737 | D:3      | 3737 ||| IDENTIFYING fizzy coppery potion
  3750 | D:4      | Reached XP level 7. HP: 38/43 MP: 7/7
  3754 | D:4      | 3754 ||| FLEEEEING.
  3755 | D:4      | 3755 ||| FLEEEEING.
  3756 | D:4      | 3756 ||| STAIRDANCE
  3790 | D:4      | Reached skill level 1 in Dodging
  3837 | D:4      | 3837 ||| FLEEEEING.
  3838 | D:4      | 3838 ||| FLEEEEING.
  3839 | D:4      | 3839 ||| FLEEEEING.
  3840 | D:4      | 3840 ||| FLEEEEING.
  3841 | D:4      | 3841 ||| FLEEEEING.
  3842 | D:4      | 3842 ||| STAIRDANCE
  4072 | D:4      | 4072 ||| Stepping ~*~*~tactically~*~*~ (stealth).
  4193 | D:4      | 4193 ||| Stepping ~*~*~tactically~*~*~ (hiding).
  4751 | D:4      | 4751 ||| READING scroll labelled GOANAGUKHLI.
  4752 | D:4      | 4752 ||| READING scroll labelled GAAM QEKHUBI.
  4845 | D:5      | Entered Level 5 of the Dungeon
  4946 | D:5      | 4946 ||| Stepping ~*~*~tactically~*~*~ (stealth).
  4967 | D:5      | HP: 7/44 [orc/+0 trident (5)]
  4968 | D:5      | 4968 ||| READING scroll of teleportation.
  4969 | D:5      | 4969 ||| DRINKING 2 potions of heal wounds.
  4972 | D:5      | 4972 ||| Stepping ~*~*~tactically~*~*~ (stealth).
  4987 | D:5      | Reached XP level 8. HP: 30/49 MP: 8/8
  5590 | D:5      | Found an iron altar of Okawaru.
  5591 | D:5      | 5591 ||| PLANNING OKAWARU WORSHIP
  5591 | D:5      | 5591 ||| UPGRADING to +4 ring of protection.
  5593 | D:5      | 5593 ||| READING scroll labelled SUIRUI NUVOSK.
  5594 | D:5      | 5594 ||| READING 4 scrolls of identify.
  5594 | D:5      | 5594 ||| IDENTIFYING puce potion
  5596 | D:5      | Found an ornate altar of the Wu Jian Council.
  5597 | D:5      | Found a shimmering blue altar of Sif Muna.
  5597 | D:5      | Found a glowing golden altar of the Shining One.
  5601 | D:5      | Became a worshipper of Warmaster Okawaru
  5602 | D:5      | 5602 ||| PLANNING D:1-11
  5788 | D:5      | 5788 ||| READING scroll labelled ZELYMUJORE.
  5789 | D:5      | 5789 ||| READING scroll labelled JIP WUTULAHERHEUCE.
  5894 | D:6      | 5894 ||| Stepping ~*~*~tactically~*~*~ (stealth).
  5911 | D:6      | 5911 ||| DROPPING +0 flail.
  5912 | D:6      | 5912 ||| Stepping ~*~*~tactically~*~*~ (stealth).
  5918 | D:6      | 5918 ||| Stepping ~*~*~tactically~*~*~ (stealth).
  5919 | D:6      | 5919 ||| Stepping ~*~*~tactically~*~*~ (stealth).
  5993 | D:6      | 5993 ||| READING scroll of enchant weapon.
  5993 | D:6      | 5993 ||| ENCHANTING +1 war axe.
  6429 | D:6      | 6429 ||| Stepping ~*~*~tactically~*~*~ (hiding).
  6438 | D:6      | Reached skill level 6 in Fighting
  6561 | D:6      | 6561 ||| UPGRADING to +0 pair of boots.
  6566 | D:6      | 6566 ||| READING scroll of enchant armour.
  6566 | D:6      | 6566 ||| ENCHANTING +0 pair of boots.
  6567 | D:6      | 6567 ||| READING scroll labelled COWNUPP JUTWIC.
  6568 | D:6      | 6568 ||| READING 4 scrolls of identify.
  6568 | D:6      | 6568 ||| IDENTIFYING grey potion
  6569 | D:6      | 6569 ||| READING 3 scrolls of identify.
  6569 | D:6      | 6569 ||| IDENTIFYING glowing coppery potion
  6570 | D:6      | 6570 ||| READING 2 scrolls of identify.
  6570 | D:6      | 6570 ||| IDENTIFYING clear potion
  6571 | D:6      | 6571 ||| DROPPING potion of brilliance.
  6572 | D:6      | 6572 ||| DROPPING potion of degeneration.
  6607 | D:7      | 6607 ||| STAIRDANCE
  6633 | D:7      | 6633 ||| Stepping ~*~*~tactically~*~*~ (stealth).
  6640 | D:7      | 6640 ||| Stepping ~*~*~tactically~*~*~ (stealth).
  6641 | D:7      | 6641 ||| Stepping ~*~*~tactically~*~*~ (stealth).
  6642 | D:7      | 6642 ||| Stepping ~*~*~tactically~*~*~ (stealth).
  6643 | D:7      | 6643 ||| Stepping ~*~*~tactically~*~*~ (stealth).
  6659 | D:7      | 6659 ||| Stepping ~*~*~tactically~*~*~ (stealth).
  6670 | D:7      | Reached * piety under Okawaru
  6812 | D:7      | Reached skill level 1 in Invocations
  6812 | D:7      | Reached XP level 9. HP: 56/56 MP: 8/10
  6836 | D:7      | Found an ancient bone altar of Kikubaaqudgha.
  6854 | D:7      | Found a sparkling altar of Nemelex Xobeh.
  6856 | D:7      | Noticed a cyan ugly thing
  6860 | D:7      | 6860 ||| INVOKING Heroism.
  6871 | D:7      | Killed a cyan ugly thing
  6872 | D:7      | Reached skill level 3 in Invocations
  7095 | D:7      | Found a stormy altar of Qazlal.
  7109 | D:7      | Reached skill level 9 in Axes
  7148 | D:7      | 7148 ||| INVOKING Heroism.
  7284 | D:7      | Identified the +9 quick blade of the Lair of Beasts
                  | {vorpal, Stlth+}
  7344 | D:7      | 7344 ||| Stepping ~*~*~tactically~*~*~ (stealth).
  7345 | D:7      | 7345 ||| Stepping ~*~*~tactically~*~*~ (stealth).
  7376 | D:7      | Found Logets's Self-Improvement Boutique.
  7386 | D:7      | Noticed Joseph
  7387 | D:7      | 7387 ||| Stepping ~*~*~tactically~*~*~ (stealth).
  7400 | D:7      | 7400 ||| INVOKING Heroism.
  7407 | D:7      | Killed Joseph
  7407 | D:7      | Reached ** piety under Okawaru
  7558 | D:7      | 7558 ||| Stepping ~*~*~tactically~*~*~ (stealth).
  7561 | D:7      | 7561 ||| INVOKING Heroism.
  7578 | D:7      | Found a staircase to the Ecumenical Temple.
  7603 | D:7      | 7603 ||| INVOKING Heroism.
  7633 | D:7      | Found Feoff's Weapon Emporium.
  7640 | D:7      | 7640 ||| Stepping ~*~*~tactically~*~*~ (stealth).
  7642 | D:7      | 7642 ||| Stepping ~*~*~tactically~*~*~ (stealth).
  7645 | D:7      | 7645 ||| Stepping ~*~*~tactically~*~*~ (stealth).
  7662 | D:7      | 7662 ||| BUYING +2 war axe of venom (210 gold).
  7662 | D:7      | Bought a +2 war axe of venom for 210 gold pieces
  7662 | D:7      | 7662 ||| SWAPPING to +2 war axe of venom.
  7663 | D:7      | 7663 ||| DROPPING +2 war axe.
  7680 | D:7      | 7680 ||| Stepping ~*~*~tactically~*~*~ (stealth).
  7681 | D:7      | 7681 ||| Stepping ~*~*~tactically~*~*~ (stealth).
  7692 | D:7      | Reached XP level 10. HP: 56/64 MP: 13/13
  7935 | D:7      | 7935 ||| READING scroll labelled ZAKASIMEXIDD.
  8101 | D:8      | 8101 ||| FLEEEEING.
  8102 | D:8      | 8102 ||| FLEEEEING.
  8103 | D:8      | 8103 ||| FLEEEEING.
  8104 | D:8      | 8104 ||| FLEEEEING.
  8105 | D:8      | 8105 ||| FLEEEEING.
  8108 | D:8      | 8108 ||| FLEEEEING.
  8109 | D:8      | 8109 ||| STAIRDANCE
  8214 | D:8      | 8214 ||| STAIRDANCE
  8220 | D:8      | 8220 ||| STAIRDANCE
  8326 | D:8      | 8326 ||| STAIRDANCE
  8335 | D:8      | 8335 ||| STAIRDANCE
  8425 | D:8      | 8425 ||| INVOKING Heroism.
  8432 | D:8      | Reached *** piety under Okawaru
  8501 | D:8      | 8501 ||| FLEEEEING.
  8502 | D:8      | 8502 ||| FLEEEEING.
  8503 | D:8      | 8503 ||| FLEEEEING.
  8504 | D:8      | 8504 ||| FLEEEEING.
  8505 | D:8      | 8505 ||| FLEEEEING.
  8506 | D:8      | 8506 ||| FLEEEEING.
  8507 | D:8      | 8507 ||| FLEEEEING.
  8508 | D:8      | 8508 ||| FLEEEEING.
  8509 | D:8      | 8509 ||| FLEEEEING.
  8513 | D:8      | 8513 ||| FLEEEEING.
  8514 | D:8      | 8514 ||| FLEEEEING.
  8515 | D:8      | 8515 ||| FLEEEEING.
  8516 | D:8      | 8516 ||| FLEEEEING.
  8627 | D:8      | Found Alerele's Armour Shoppe.
  8635 | D:8      | 8635 ||| BUYING +0 cloak (63 gold).
  8635 | D:8      | Bought a +0 cloak for 63 gold pieces
  8635 | D:8      | 8635 ||| SHOPLISTING +10 tower shield of Ignorance {rN+
                  | Int-4} (802 gold, have 205).
  8739 | D:8      | 8739 ||| Stepping ~*~*~tactically~*~*~ (hiding).
  8743 | D:8      | 8743 ||| INVOKING Heroism.
  8744 | D:8      | 8744 ||| READING 3 scrolls of identify.
  8744 | D:8      | 8744 ||| IDENTIFYING lumpy orange potion
  8749 | D:8      | 8749 ||| Stepping ~*~*~tactically~*~*~ (cloud).
  8750 | D:8      | 8750 ||| Stepping ~*~*~tactically~*~*~ (cloud).
  8806 | D:8      | 8806 ||| READING scroll of enchant armour.
  8806 | D:8      | 8806 ||| ENCHANTING +1 pair of boots.
  8848 | D:8      | Found Burogaugo's Assorted Antiques.
  8859 | D:8      | 8859 ||| BUYING 2 potions of heal wounds (250 gold).
  8859 | D:8      | Bought 2 potions of heal wounds for 250 gold pieces
  8859 | D:8      | 8859 ||| SHOPLISTING brown potion (22 gold, have 3).
  8859 | D:8      | 8859 ||| SHOPLISTING moonstone ring (125 gold, have 3).
  8859 | D:8      | 8859 ||| SHOPLISTING scroll of identify (50 gold, have 3).
  8859 | D:8      | 8859 ||| SHOPLISTING scroll of teleportation (75 gold, have
                  | 3).
  8920 | D:8      | 8920 ||| Stepping ~*~*~tactically~*~*~ (stealth).
  9161 | D:8      | 9161 ||| UPGRADING to +0 cloak.
  9166 | D:8      | 9166 ||| READING 2 scrolls of identify.
  9166 | D:8      | 9166 ||| IDENTIFYING purple potion
  9167 | D:8      | 9167 ||| DROPPING potion of ambrosia.
  9240 | D:9      | 9240 ||| INVOKING Heroism.
  9266 | D:9      | 9266 ||| INVOKING Heroism.
  9268 | D:9      | 9268 ||| Stepping ~*~*~tactically~*~*~ (hiding).
  9270 | D:9      | 9270 ||| Stepping ~*~*~tactically~*~*~ (hiding).
  9295 | D:9      | 9295 ||| INVOKING Heroism.
  9306 | D:9      | 9306 ||| Stepping ~*~*~tactically~*~*~ (hiding).
  9324 | D:9      | 9324 ||| INVOKING Heroism.
  9342 | D:9      | Reached skill level 6 in Armour
  9391 | D:9      | 9391 ||| READING scroll of enchant weapon.
  9391 | D:9      | 9391 ||| ENCHANTING +2 war axe of venom.
  9419 | D:9      | Found Wuikkuca's Book Shoppe.
  9465 | D:9      | 9465 ||| Stepping ~*~*~tactically~*~*~ (stealth).
  9745 | D:9      | 9745 ||| INVOKING Heroism.
  9752 | D:9      | Reached **** piety under Okawaru
  9752 | D:9      | Received a gift from Okawaru
  9771 | D:9      | 9771 ||| INVOKING Heroism.
  9791 | D:9      | Found a staircase to the Lair.
 10113 | D:9      | 10113 ||| Stepping ~*~*~tactically~*~*~ (stealth).
 10126 | D:9      | Reached XP level 11. HP: 66/69 MP: 14/14
 10198 | D:9      | 10198 ||| Stepping ~*~*~tactically~*~*~ (hiding).
 10199 | D:9      | 10199 ||| INVOKING Heroism.
 10454 | D:9      | Reached skill level 9 in Fighting
 10492 | D:9      | Found a staircase to the Orcish Mines.
 10493 | D:9      | 10493 ||| FLEEEEING.
 10570 | D:9      | 10570 ||| PLANNING LAIR
 10570 | D:9      | 10570 ||| READING scroll labelled PUWATA OTEOTZA.
 10571 | D:9      | 10571 ||| READING 3 scrolls labelled QASOPE NASOIFORA.
 10572 | D:9      | 10572 ||| DROPPING 2 scrolls of summoning.
 10573 | D:9      | 10573 ||| FLEEEEING.
 10670 | Lair:1   | Entered Level 1 of the Lair of Beasts
 10707 | Lair:1   | 10707 ||| Stepping ~*~*~tactically~*~*~ (stealth).
 10710 | Lair:1   | 10710 ||| INVOKING Heroism.
 10721 | Lair:1   | Reached skill level 6 in Invocations
 11034 | Lair:1   | 11034 ||| INVOKING Heroism.
 11075 | Lair:1   | 11075 ||| Stepping ~*~*~tactically~*~*~ (stealth).
 11109 | Lair:1   | 11109 ||| Stepping ~*~*~tactically~*~*~ (stealth).
 11111 | Lair:1   | 11111 ||| Stepping ~*~*~tactically~*~*~ (stealth).
 11115 | Lair:1   | 11115 ||| Stepping ~*~*~tactically~*~*~ (stealth).
 11118 | Lair:1   | 11118 ||| Stepping ~*~*~tactically~*~*~ (stealth).
 11120 | Lair:1   | 11120 ||| Stepping ~*~*~tactically~*~*~ (stealth).
 11123 | Lair:1   | 11123 ||| INVOKING Heroism.
 11125 | Lair:1   | Reached ***** piety under Okawaru
 11219 | Lair:1   | 11219 ||| Stepping ~*~*~tactically~*~*~ (stealth).
 11222 | Lair:1   | 11222 ||| INVOKING Heroism.
 11369 | Lair:1   | 11369 ||| READING scroll of enchant armour.
 11369 | Lair:1   | 11369 ||| ENCHANTING +0 cloak.
 11832 | Lair:2   | 11832 ||| INVOKING Heroism.
 11874 | Lair:2   | 11874 ||| Stepping ~*~*~tactically~*~*~ (stealth).
 11892 | Lair:2   | 11892 ||| Stepping ~*~*~tactically~*~*~ (stealth).
 11922 | Lair:2   | 11922 ||| INVOKING Heroism.
 12024 | Lair:2   | Received a gift from Okawaru
 12070 | Lair:2   | 12070 ||| INVOKING Heroism.
 12117 | Lair:2   | 12117 ||| INVOKING Heroism.
 12259 | Lair:2   | 12259 ||| INVOKING Heroism.
 12275 | Lair:2   | Reached skill level 12 in Axes
 12476 | Lair:2   | Found a staircase to the Snake Pit.
 12529 | Lair:2   | 12529 ||| INVOKING Heroism.
 12532 | Lair:2   | Received a gift from Okawaru
 12553 | Lair:2   | Found a staircase to the Shoals.
 12666 | Lair:2   | 12666 ||| INVOKING Heroism.
 12674 | Lair:2   | Reached skill level 9 in Invocations
 12678 | Lair:2   | Reached skill level 6 in Shields
 12678 | Lair:2   | Reached XP level 12. HP: 71/76 MP: 16/18
 13024 | Lair:2   | 13024 ||| READING 3 scrolls of identify.
 13024 | Lair:2   | 13024 ||| IDENTIFYING brown potion
 13059 | Lair:3   | 13059 ||| Stepping ~*~*~tactically~*~*~ (stealth).
 13061 | Lair:3   | 13061 ||| INVOKING Heroism.
 13246 | Lair:3   | 13246 ||| INVOKING Heroism.
 13313 | Lair:3   | 13313 ||| INVOKING Heroism.
 13343 | Lair:3   | Received a gift from Okawaru
 13398 | Lair:3   | 13398 ||| INVOKING Heroism.
 13533 | Lair:3   | Identified the +1 leather armour "Vaolaub" {Harm rCorr}
 13548 | Lair:3   | 13548 ||| Stepping ~*~*~tactically~*~*~ (stealth).
 13568 | Lair:3   | 13568 ||| INVOKING Heroism.
 13575 | Lair:3   | 13575 ||| Stepping ~*~*~tactically~*~*~ (stealth).
 13594 | Lair:3   | 13594 ||| Stepping ~*~*~tactically~*~*~ (stealth).
 13597 | Lair:3   | 13597 ||| Stepping ~*~*~tactically~*~*~ (stealth).
 13628 | Lair:3   | 13628 ||| INVOKING Heroism.
 13707 | Lair:3   | 13707 ||| INVOKING Heroism.
 13733 | Lair:3   | Identified the +1 pair of gloves "Bonuowo" {Str+4} (Okawaru
                  | gifted it to you on level 3 of the Lair of Beasts)
 13733 | Lair:3   | Received a gift from Okawaru
 13991 | Lair:3   | 13991 ||| Stepping ~*~*~tactically~*~*~ (stealth).
 13992 | Lair:3   | 13992 ||| Stepping ~*~*~tactically~*~*~ (stealth).
 13993 | Lair:3   | 13993 ||| Stepping ~*~*~tactically~*~*~ (stealth).
 14337 | Lair:3   | 14337 ||| DROPPING +1 pair of boots.
 14338 | Lair:3   | 14338 ||| UPGRADING to +1 pair of gloves "Bonuowo" {Str+4}.
 14343 | Lair:3   | 14343 ||| DROPPING scarf of shadows.
 14428 | Lair:4   | 14428 ||| INVOKING Heroism.
 14429 | Lair:4   | Noticed a death yak
 14430 | Lair:4   | 14430 ||| INVOKING Finesse.
 14430 | Lair:4   | Noticed a death yak
 14435 | Lair:4   | Noticed a death yak
 14441 | Lair:4   | Noticed a death yak
 14442 | Lair:4   | Noticed a death yak
 14449 | Lair:4   | Killed a death yak
 14456 | Lair:4   | Killed a death yak
 14457 | Lair:4   | Reached skill level 9 in Armour
 14462 | Lair:4   | Killed a death yak
 14463 | Lair:4   | Reached XP level 13. HP: 80/82 MP: 14/20
 14479 | Lair:4   | Received a gift from Okawaru
 14653 | Lair:4   | 14653 ||| FLEEEEING.
 14654 | Lair:4   | 14654 ||| FLEEEEING.
 14655 | Lair:4   | 14655 ||| FLEEEEING.
 14656 | Lair:4   | 14656 ||| FLEEEEING.
 14657 | Lair:4   | 14657 ||| FLEEEEING.
 14658 | Lair:4   | 14658 ||| FLEEEEING.
 14659 | Lair:4   | 14659 ||| FLEEEEING.
 14660 | Lair:4   | 14660 ||| FLEEEEING.
 14661 | Lair:4   | 14661 ||| FLEEEEING.
 14662 | Lair:4   | 14662 ||| FLEEEEING.
 14663 | Lair:4   | 14663 ||| FLEEEEING.
 14664 | Lair:4   | 14664 ||| FLEEEEING.
 14665 | Lair:4   | 14665 ||| FLEEEEING.
 14666 | Lair:4   | 14666 ||| FLEEEEING.
 14667 | Lair:4   | 14667 ||| STAIRDANCE
 14857 | Lair:4   | 14857 ||| INVOKING Heroism.
 14899 | Lair:4   | Reached skill level 3 in Throwing
 14912 | Lair:4   | 14912 ||| INVOKING Heroism.
 15144 | Lair:4   | Identified the +6 chain mail of Gozag's Approval {rElec
                  | Will+++ Str-5 Stlth-}
 15200 | Lair:4   | 15200 ||| INVOKING Heroism.
 15227 | Lair:4   | 15227 ||| Stepping ~*~*~tactically~*~*~ (stealth).
 15238 | Lair:4   | 15238 ||| INVOKING Heroism.
 15763 | Lair:4   | 15763 ||| UPGRADING to +6 chain mail of Gozag's Approval
                  | {rElec Will+++ Str-5 Stlth-}.
 15787 | Lair:5   | Entered Level 5 of the Lair of Beasts
 15787 | Lair:5   | Found a staircase to the Slime Pits.
 15787 | Lair:5   | Found a viscous altar of Jiyva.
 15795 | Lair:5   | 15795 ||| INVOKING Heroism.
 15827 | Lair:5   | 15827 ||| FLEEEEING.
 15828 | Lair:5   | 15828 ||| STAIRDANCE
 15901 | Lair:5   | 15901 ||| INVOKING Heroism.
 15939 | Lair:5   | 15939 ||| INVOKING Heroism.
 15981 | Lair:5   | Received a gift from Okawaru
 15995 | Lair:5   | 15995 ||| INVOKING Heroism.
 15998 | Lair:5   | 15998 ||| Stepping ~*~*~tactically~*~*~ (water).
 16057 | Lair:5   | 16057 ||| FLEEEEING.
 16065 | Lair:5   | 16065 ||| STAIRDANCE
 16112 | Lair:5   | 16112 ||| INVOKING Heroism.
 16113 | Lair:5   | 16113 ||| INVOKING Finesse.
 16118 | Lair:5   | 16118 ||| SWAPPING to +0 morningstar.
 16122 | Lair:5   | 16122 ||| SWAPPING to +3 war axe of venom.
 16191 | Lair:5   | 16191 ||| Stepping ~*~*~tactically~*~*~ (water).
 16196 | Lair:5   | 16196 ||| INVOKING Heroism.
 16371 | Lair:5   | 16371 ||| INVOKING Heroism.
 16748 | Lair:5   | 16748 ||| INVOKING Heroism.
 16755 | Lair:5   | Reached skill level 15 in Axes
 16828 | Lair:5   | 16828 ||| INVOKING Heroism.
 17295 | Lair:5   | 17295 ||| PLANNING D:1-11
 17295 | Lair:5   | 17295 ||| DROPPING ring of flight.
 17403 | D:10     | Entered Level 10 of the Dungeon
 17479 | D:10     | 17479 ||| INVOKING Heroism.
 17575 | D:10     | Gained mutation: Your large and strong wings let you fly.
                  | [Gargoyle growth]
 17575 | D:10     | Reached XP level 14. HP: 88/90 MP: 21/21
 17721 | D:10     | Noticed Psyche
 17727 | D:10     | Killed Psyche
 17757 | D:10     | 17757 ||| FLEEEEING.
 17758 | D:10     | 17758 ||| FLEEEEING.
 17759 | D:10     | 17759 ||| FLEEEEING.
 17760 | D:10     | 17760 ||| FLEEEEING.
 17761 | D:10     | 17761 ||| FLEEEEING.
 17762 | D:10     | 17762 ||| PLANNING D:1-11
 17762 | D:10     | 17762 ||| PLANNING D:1-11
 17762 | D:10     | 17762 ||| FLEEEEING.
 17773 | D:10     | 17773 ||| FLEEEEING.
 17778 | D:10     | 17778 ||| FLEEEEING.
 17779 | D:10     | 17779 ||| FLEEEEING.
 17780 | D:10     | 17780 ||| FLEEEEING.
 17785 | D:10     | 17785 ||| FLEEEEING.
 17786 | D:10     | 17786 ||| FLEEEEING.
 17787 | D:10     | 17787 ||| FLEEEEING.
 17788 | D:10     | 17788 ||| FLEEEEING.
 17789 | D:10     | 17789 ||| FLEEEEING.
 17790 | D:10     | 17790 ||| FLEEEEING.
 17791 | D:10     | 17791 ||| FLEEEEING.
 17795 | D:10     | 17795 ||| INVOKING Heroism.
 18036 | D:10     | Identified the +6 flail of an ice cave {flame, Will+ Str+4}
 18091 | D:10     | Found a shimmering altar of Xom.
 18091 | D:10     | Found a bloodstained altar of Trog.
 18097 | D:10     | Found a burning altar of Makhleb.
 18099 | D:10     | Found a faded altar of an unknown god.
 18101 | D:10     | Found a broken altar of Ashenzari.
 18195 | D:10     | 18195 ||| READING scroll labelled WIEJIO ASACK.
 18203 | D:11     | Noticed qw's ghost (journeyman GrFi)
 18203 | D:11     | Found a runed translucent gate.
 18203 | D:11     | Found a runed translucent gate.
 18203 | D:11     | Found a runed translucent gate.
 18203 | D:11     | Found Mudogucu's Antique Armour Shop.
 18207 | D:11     | Reached skill level 3 in Dodging
 18219 | D:11     | 18219 ||| BUYING runed tower shield (232 gold).
 18219 | D:11     | Bought a runed tower shield for 232 gold pieces
 18343 | D:11     | 18343 ||| Stepping ~*~*~tactically~*~*~ (hiding).
 18448 | D:11     | Identified the +5 ring mail of the Dwarven Hall {Str-3
                  | Int+9 Slay+5} (Okawaru gifted it to you on level 11 of the
                  | Dungeon)
 18448 | D:11     | Received a gift from Okawaru
 18481 | D:11     | 18481 ||| Stepping ~*~*~tactically~*~*~ (stealth).
 18482 | D:11     | 18482 ||| Stepping ~*~*~tactically~*~*~ (stealth).
 18483 | D:11     | 18483 ||| Stepping ~*~*~tactically~*~*~ (stealth).
 18489 | D:11     | 18489 ||| INVOKING Heroism.
 18710 | D:11     | 18710 ||| DROPPING +1 pair of boots.
 18711 | D:11     | 18711 ||| UPGRADING to +1 tower shield of cold resistance.
 18721 | D:11     | 18721 ||| DROPPING +0 buckler.
 18750 | D:11     | 18750 ||| PLANNING D
 18874 | D:12     | 18874 ||| Stepping ~*~*~tactically~*~*~ (hiding).
 18962 | D:12     | 18962 ||| INVOKING Heroism.
 18963 | D:12     | 18963 ||| INVOKING Finesse.
 18996 | D:12     | 18996 ||| Stepping ~*~*~tactically~*~*~ (hiding).
 19003 | D:12     | 19003 ||| INVOKING Heroism.
 19019 | D:12     | HP: 16/90 [mirror damage (8)]
 19020 | D:12     | 19020 ||| READING 5 scrolls of teleportation.
 19020 | D:12     | HP: 2/90 [death knight/+0 morningstar (12)]
 19021 | D:12     | 19021 ||| DRINKING 5 potions of heal wounds.
 19022 | D:12     | 19022 ||| DRINKING 4 potions of heal wounds.
 19599 | D:12     | Reached skill level 9 in Shields
 19720 | D:12     | 19720 ||| Stepping ~*~*~tactically~*~*~ (stealth).
 19721 | D:12     | 19721 ||| Stepping ~*~*~tactically~*~*~ (stealth).
 19750 | D:12     | 19750 ||| INVOKING Heroism.
 19751 | D:12     | 19751 ||| INVOKING Finesse.
 19822 | D:12     | Noticed a broodmother
 19823 | D:12     | 19823 ||| Stepping ~*~*~tactically~*~*~ (hiding).
 19829 | D:12     | 19829 ||| INVOKING Heroism.
 19843 | D:12     | 19843 ||| INVOKING Heroism.
 19844 | D:12     | Killed a broodmother
 19860 | D:12     | 19860 ||| Stepping ~*~*~tactically~*~*~ (stealth).
 19868 | D:12     | 19868 ||| Stepping ~*~*~tactically~*~*~ (stealth).
 19980 | D:12     | 19980 ||| Stepping ~*~*~tactically~*~*~ (stealth).
 19998 | D:12     | 19998 ||| READING 2 scrolls of enchant armour.
 19998 | D:12     | 19998 ||| ENCHANTING +1 cloak.
 20032 | D:12     | 20032 ||| Stepping ~*~*~tactically~*~*~ (stealth).
 20035 | D:12     | 20035 ||| Stepping ~*~*~tactically~*~*~ (stealth).
 20042 | D:12     | 20042 ||| Stepping ~*~*~tactically~*~*~ (hiding).
 20046 | D:12     | 20046 ||| INVOKING Heroism.
 20066 | D:12     | 20066 ||| FLEEEEING.
 20072 | D:12     | 20072 ||| FLEEEEING.
 20073 | D:12     | 20073 ||| FLEEEEING.
 20074 | D:12     | 20074 ||| FLEEEEING.
 20075 | D:12     | 20075 ||| FLEEEEING.
 20076 | D:12     | 20076 ||| FLEEEEING.
 20077 | D:12     | 20077 ||| FLEEEEING.
 20079 | D:12     | 20079 ||| FLEEEEING.
 20080 | D:12     | 20080 ||| FLEEEEING.
 20081 | D:12     | 20081 ||| FLEEEEING.
 20082 | D:12     | 20082 ||| FLEEEEING.
 20083 | D:12     | 20083 ||| FLEEEEING.
 20287 | D:12     | 20287 ||| Stepping ~*~*~tactically~*~*~ (stealth).
 20289 | D:12     | 20289 ||| Stepping ~*~*~tactically~*~*~ (hiding).
 20326 | D:12     | 20326 ||| INVOKING Heroism.
 20328 | D:12     | 20328 ||| Stepping ~*~*~tactically~*~*~ (hiding).
 20330 | D:12     | 20330 ||| Stepping ~*~*~tactically~*~*~ (hiding).
 20341 | D:12     | 20341 ||| Stepping ~*~*~tactically~*~*~ (hiding).
 20342 | D:12     | 20342 ||| Stepping ~*~*~tactically~*~*~ (hiding).
 20350 | D:12     | 20350 ||| Stepping ~*~*~tactically~*~*~ (hiding).
 20641 | D:12     | 20641 ||| INVOKING Heroism.
 20642 | D:12     | 20642 ||| INVOKING Finesse.
 20780 | D:13     | 20780 ||| Stepping ~*~*~tactically~*~*~ (hiding).
 20787 | D:13     | Noticed Jorgrun
 20788 | D:13     | 20788 ||| INVOKING Heroism.
 20789 | D:13     | 20789 ||| INVOKING Finesse.
 20814 | D:13     | Killed Jorgrun
 20951 | D:13     | Reached skill level 12 in Shields
 21017 | D:13     | 21017 ||| INVOKING Heroism.
 21141 | D:13     | 21141 ||| Stepping ~*~*~tactically~*~*~ (hiding).
 21144 | D:13     | 21144 ||| INVOKING Heroism.
 21150 | D:13     | 21150 ||| Stepping ~*~*~tactically~*~*~ (hiding).
 21164 | D:13     | Received a gift from Okawaru
 21262 | D:13     | Found a gate to the Vaults.
 21263 | D:13     | 21263 ||| INVOKING Heroism.
 21277 | D:13     | Reached XP level 15. HP: 95/95 MP: 22/22
 21289 | D:13     | 21289 ||| SWAPPING to +0 broad axe.
 21330 | D:13     | 21330 ||| DROPPING +3 war axe of venom.
 21366 | D:13     | Noticed Maurice
 21382 | D:13     | Killed Maurice
 21386 | D:13     | 21386 ||| FLEEEEING.
 21602 | D:13     | 21602 ||| Stepping ~*~*~tactically~*~*~ (stealth).
 21603 | D:13     | 21603 ||| Stepping ~*~*~tactically~*~*~ (stealth).
 21605 | D:13     | 21605 ||| INVOKING Heroism.
 21618 | D:13     | Received a gift from Okawaru
 21646 | D:13     | 21646 ||| Stepping ~*~*~tactically~*~*~ (hiding).
 21692 | D:13     | 21692 ||| Stepping ~*~*~tactically~*~*~ (stealth).
 21882 | D:13     | 21882 ||| Stepping ~*~*~tactically~*~*~ (hiding).
 21883 | D:13     | 21883 ||| Stepping ~*~*~tactically~*~*~ (hiding).
 21887 | D:13     | 21887 ||| INVOKING Heroism.
 21917 | D:13     | 21917 ||| Stepping ~*~*~tactically~*~*~ (stealth).
 21920 | D:13     | 21920 ||| Stepping ~*~*~tactically~*~*~ (stealth).
 21935 | D:13     | 21935 ||| Stepping ~*~*~tactically~*~*~ (hiding).
 22110 | D:13     | 22110 ||| INVOKING Heroism.
 22111 | D:13     | 22111 ||| INVOKING Finesse.
 22113 | D:13     | 22113 ||| SWAPPING to +0 morningstar.
 22123 | D:13     | 22123 ||| SWAPPING to +0 broad axe.
 22368 | D:13     | 22368 ||| DROPPING +1 cloak of stealth.
 22369 | D:13     | 22369 ||| READING scroll labelled ROAVUO WIPOSS.
 22370 | D:13     | 22370 ||| DROPPING +0 morningstar.
 22371 | D:13     | 22371 ||| DROPPING +6 flail of an ice cave {flame, Will+
                  | Str+4}.
 22419 | D:14     | 22419 ||| Stepping ~*~*~tactically~*~*~ (hiding).
 22424 | D:14     | 22424 ||| INVOKING Heroism.
 22557 | D:14     | 22557 ||| INVOKING Heroism.
 22569 | D:14     | 22569 ||| Stepping ~*~*~tactically~*~*~ (stealth).
 22575 | D:14     | 22575 ||| Stepping ~*~*~tactically~*~*~ (stealth).
 22589 | D:14     | 22589 ||| Stepping ~*~*~tactically~*~*~ (hiding).
 22606 | D:14     | 22606 ||| INVOKING Heroism.
 22747 | D:14     | 22747 ||| INVOKING Heroism.
 22790 | D:14     | Reached skill level 15 in Shields
 22904 | D:14     | 22904 ||| INVOKING Heroism.
 22963 | D:14     | Noticed Agnes
 22964 | D:14     | 22964 ||| INVOKING Heroism.
 22965 | D:14     | 22965 ||| INVOKING Finesse.
 22988 | D:14     | Killed Agnes
 23123 | D:14     | 23123 ||| Stepping ~*~*~tactically~*~*~ (stealth).
 23125 | D:14     | 23125 ||| Stepping ~*~*~tactically~*~*~ (stealth).
 23127 | D:14     | 23127 ||| Stepping ~*~*~tactically~*~*~ (stealth).
 23130 | D:14     | 23130 ||| Stepping ~*~*~tactically~*~*~ (stealth).
 23135 | D:14     | 23135 ||| INVOKING Heroism.
 23143 | D:14     | Received a gift from Okawaru
 23159 | D:14     | Received a gift from Okawaru
 23328 | D:14     | 23328 ||| INVOKING Heroism.
 23334 | D:14     | 23334 ||| READING 7 scrolls of teleportation.
 23444 | D:14     | 23444 ||| INVOKING Heroism.
 23817 | D:14     | 23817 ||| DROPPING +2 pair of gloves of dexterity.
 23897 | D:15     | Entered Level 15 of the Dungeon
 23977 | D:15     | 23977 ||| Stepping ~*~*~tactically~*~*~ (hiding).
 23978 | D:15     | 23978 ||| Stepping ~*~*~tactically~*~*~ (hiding).
 23985 | D:15     | 23985 ||| Stepping ~*~*~tactically~*~*~ (hiding).
 23998 | D:15     | 23998 ||| FLEEEEING.
 23999 | D:15     | 23999 ||| FLEEEEING.
 24000 | D:15     | 24000 ||| FLEEEEING.
 24001 | D:15     | 24001 ||| FLEEEEING.
 24002 | D:15     | 24002 ||| FLEEEEING.
 24003 | D:15     | 24003 ||| FLEEEEING.
 24004 | D:15     | 24004 ||| FLEEEEING.
 24005 | D:15     | 24005 ||| FLEEEEING.
 24006 | D:15     | 24006 ||| FLEEEEING.
 24007 | D:15     | 24007 ||| FLEEEEING.
 24008 | D:15     | 24008 ||| FLEEEEING.
 24012 | D:15     | 24012 ||| FLEEEEING.
 24013 | D:15     | 24013 ||| FLEEEEING.
 24014 | D:15     | 24014 ||| FLEEEEING.
 24015 | D:15     | 24015 ||| FLEEEEING.
 24016 | D:15     | 24016 ||| FLEEEEING.
 24017 | D:15     | 24017 ||| FLEEEEING.
 24018 | D:15     | 24018 ||| FLEEEEING.
 24019 | D:15     | 24019 ||| FLEEEEING.
 24021 | D:15     | 24021 ||| FLEEEEING.
 24022 | D:15     | 24022 ||| FLEEEEING.
 24023 | D:15     | 24023 ||| FLEEEEING.
 24028 | D:15     | 24028 ||| FLEEEEING.
 24029 | D:15     | 24029 ||| FLEEEEING.
 24266 | D:15     | Found a sacrificial altar of Ru.
 24309 | D:15     | 24309 ||| INVOKING Heroism.
 24310 | D:15     | 24310 ||| INVOKING Finesse.
 24311 | D:15     | 24311 ||| INVOKING Finesse.
 24355 | D:15     | 24355 ||| Stepping ~*~*~tactically~*~*~ (stealth).
 24364 | D:15     | 24364 ||| Stepping ~*~*~tactically~*~*~ (stealth).
 24365 | D:15     | 24365 ||| Stepping ~*~*~tactically~*~*~ (stealth).
 24375 | D:15     | 24375 ||| INVOKING Heroism.
 24420 | D:15     | 24420 ||| INVOKING Heroism.
 24438 | D:15     | Found a staircase to the Depths.
 24439 | D:15     | 24439 ||| Stepping ~*~*~tactically~*~*~ (hiding).
 25050 | D:15     | Found Kozaos's Magic Scroll Shoppe.
 25131 | D:15     | 25131 ||| PLANNING ORC
 25131 | D:15     | 25131 ||| READING 17 scrolls of identify.
 25131 | D:15     | 25131 ||| IDENTIFYING glowing sapphire potion
 25132 | D:15     | 25132 ||| DROPPING potion of invisibility.
 25247 | Orc:1    | Entered Level 1 of the Orcish Mines
 25248 | Orc:1    | 25248 ||| Stepping ~*~*~tactically~*~*~ (hiding).
 25251 | Orc:1    | 25251 ||| INVOKING Heroism.
 25267 | Orc:1    | Reached skill level 12 in Fighting
 25472 | Orc:2    | Entered Level 2 of the Orcish Mines
 25475 | Orc:2    | 25475 ||| Stepping ~*~*~tactically~*~*~ (stealth).
 25490 | Orc:2    | Found a burning altar of Makhleb.
 25521 | Orc:2    | 25521 ||| Stepping ~*~*~tactically~*~*~ (stealth).
 25522 | Orc:2    | 25522 ||| Stepping ~*~*~tactically~*~*~ (stealth).
 25567 | Orc:2    | 25567 ||| Stepping ~*~*~tactically~*~*~ (stealth).
 25571 | Orc:2    | 25571 ||| INVOKING Heroism.
 25606 | Orc:2    | 25606 ||| Stepping ~*~*~tactically~*~*~ (stealth).
 25607 | Orc:2    | 25607 ||| Stepping ~*~*~tactically~*~*~ (stealth).
 25627 | Orc:2    | 25627 ||| Stepping ~*~*~tactically~*~*~ (stealth).
 25677 | Orc:2    | 25677 ||| INVOKING Heroism.
 25711 | Orc:2    | 25711 ||| INVOKING Heroism.
 25751 | Orc:2    | 25751 ||| Stepping ~*~*~tactically~*~*~ (stealth).
 25755 | Orc:2    | 25755 ||| INVOKING Heroism.
 25776 | Orc:2    | Reached XP level 16. HP: 73/101 MP: 23/23
 25798 | Orc:2    | 25798 ||| INVOKING Heroism.
 25830 | Orc:2    | Found Dobaxy's Antique Weapon Boutique.
 25830 | Orc:2    | Found Aces's Book Shoppe.
 25882 | Orc:2    | 25882 ||| Stepping ~*~*~tactically~*~*~ (stealth).
 25917 | Orc:2    | 25917 ||| Stepping ~*~*~tactically~*~*~ (stealth).
 25954 | Orc:2    | 25954 ||| Stepping ~*~*~tactically~*~*~ (hiding).
 25970 | Orc:2    | 25970 ||| Stepping ~*~*~tactically~*~*~ (stealth).
 25996 | Orc:2    | 25996 ||| Stepping ~*~*~tactically~*~*~ (stealth).
 26024 | Orc:2    | Found a staircase to the Elven Halls.
 26026 | Orc:2    | 26026 ||| Stepping ~*~*~tactically~*~*~ (stealth).
 26029 | Orc:2    | 26029 ||| Stepping ~*~*~tactically~*~*~ (hiding).
 26068 | Orc:2    | 26068 ||| Stepping ~*~*~tactically~*~*~ (stealth).
 26154 | Orc:2    | Found Ristroam's Distillery.
 26155 | Orc:2    | 26155 ||| INVOKING Heroism.
 26176 | Orc:2    | 26176 ||| BUYING 2 potions of might (88 gold).
 26176 | Orc:2    | Bought 2 potions of might for 88 gold pieces
 26176 | Orc:2    | 26176 ||| BUYING potion of attraction (33 gold).
 26176 | Orc:2    | Bought a potion of attraction for 33 gold pieces
 26176 | Orc:2    | 26176 ||| BUYING potion of cancellation (88 gold).
 26176 | Orc:2    | Bought a potion of cancellation for 88 gold pieces
 26176 | Orc:2    | 26176 ||| BUYING potion of curing (33 gold).
 26176 | Orc:2    | Bought a potion of curing for 33 gold pieces
 26176 | Orc:2    | 26176 ||| BUYING potion of haste (110 gold).
 26176 | Orc:2    | Bought a potion of haste for 110 gold pieces
 26176 | Orc:2    | 26176 ||| BUYING potion of might (44 gold).
 26176 | Orc:2    | Bought a potion of might for 44 gold pieces
 26181 | Orc:2    | Found Qugesin's Assorted Antiques.
 26182 | Orc:2    | 26182 ||| INVOKING Heroism.
 26198 | Orc:2    | 26198 ||| BUYING ancient war axe (238 gold).
 26198 | Orc:2    | Bought an ancient war axe for 238 gold pieces
 26198 | Orc:2    | Identified the +7 war axe "Riczur" {vorpal, rPois} (You
                  | bought it in a shop on level 2 of the Orcish Mines)
 26198 | Orc:2    | 26198 ||| BUYING faintly glowing tin ring (140 gold).
 26198 | Orc:2    | Bought a faintly glowing tin ring for 140 gold pieces
 26198 | Orc:2    | Identified the ring of Doeprobu {rElec rCorr SInv Stlth+}
                  | (You bought it in a shop on level 2 of the Orcish Mines)
 26198 | Orc:2    | 26198 ||| BUYING potion of mutation (224 gold).
 26198 | Orc:2    | Bought a potion of mutation for 224 gold pieces
 26198 | Orc:2    | 26198 ||| BUYING scroll of teleportation (84 gold).
 26198 | Orc:2    | Bought a scroll of teleportation for 84 gold pieces
 26198 | Orc:2    | 26198 ||| DROPPING +7 war axe "Riczur" {vorpal, rPois}.
 26231 | Orc:2    | 26231 ||| Stepping ~*~*~tactically~*~*~ (stealth).
 26303 | Orc:1    | 26303 ||| Stepping ~*~*~tactically~*~*~ (hiding).
 26306 | Orc:1    | 26306 ||| Stepping ~*~*~tactically~*~*~ (hiding).
 26307 | Orc:1    | 26307 ||| Stepping ~*~*~tactically~*~*~ (hiding).
 26308 | Orc:1    | 26308 ||| Stepping ~*~*~tactically~*~*~ (hiding).
 26309 | Orc:1    | 26309 ||| Stepping ~*~*~tactically~*~*~ (hiding).
 26310 | Orc:1    | 26310 ||| Stepping ~*~*~tactically~*~*~ (hiding).
 26328 | Orc:1    | 26328 ||| INVOKING Heroism.
 26435 | Orc:1    | 26435 ||| INVOKING Heroism.
 26627 | Orc:1    | 26627 ||| INVOKING Heroism.
 26716 | Orc:1    | 26716 ||| PLANNING SNAKE:1-3
 26891 | Snake:1  | Entered Level 1 of the Snake Pit
 26979 | Snake:1  | 26979 ||| READING scroll of brand weapon.
 26979 | Snake:1  | 26979 ||| BRANDING +0 broad axe of flaming.
 26995 | Snake:1  | 26995 ||| Stepping ~*~*~tactically~*~*~ (stealth).
 27038 | Snake:1  | 27038 ||| INVOKING Heroism.
 27059 | Snake:1  | 27059 ||| Stepping ~*~*~tactically~*~*~ (hiding).
 27060 | Snake:1  | 27060 ||| Stepping ~*~*~tactically~*~*~ (hiding).
 27069 | Snake:1  | 27069 ||| Stepping ~*~*~tactically~*~*~ (stealth).
 27070 | Snake:1  | 27070 ||| Stepping ~*~*~tactically~*~*~ (stealth).
 27080 | Snake:1  | 27080 ||| Stepping ~*~*~tactically~*~*~ (hiding).
 27087 | Snake:1  | 27087 ||| INVOKING Heroism.
 27098 | Snake:1  | Received a gift from Okawaru
 27120 | Snake:1  | 27120 ||| Stepping ~*~*~tactically~*~*~ (hiding).
 27124 | Snake:1  | 27124 ||| Stepping ~*~*~tactically~*~*~ (hiding).
 27142 | Snake:1  | 27142 ||| DROPPING +0 club.
 27234 | Snake:1  | Found Seir's Jewellery Shop.
 27235 | Snake:1  | 27235 ||| Stepping ~*~*~tactically~*~*~ (hiding).
 27256 | Snake:1  | Found Qoxikuec's Book Emporium.
 27257 | Snake:1  | Found Teuxonav's Jewellery Shop.
 27263 | Snake:1  | 27263 ||| BUYING ring of ice (350 gold).
 27263 | Snake:1  | Bought a ring of ice for 350 gold pieces
 27263 | Snake:1  | 27263 ||| BUYING ring of ice (350 gold).
 27263 | Snake:1  | Bought a ring of ice for 350 gold pieces
 27267 | Snake:1  | 27267 ||| BUYING amulet of Elyvilon's Anger {Regen+ MP+9}
                  | (782 gold).
 27267 | Snake:1  | Bought the amulet of Elyvilon's Anger {Regen+ MP+9} for 782
                  | gold pieces
 27267 | Snake:1  | 27267 ||| SHOPLISTING ring "Ponockaq" {rElec rPois rC+++
                  | Int-2 Dex-4} (789 gold, have 38).
 27267 | Snake:1  | 27267 ||| SHOPLISTING ring "Teegeon" {rF+ rC++} (693 gold,
                  | have 38).
 27267 | Snake:1  | 27267 ||| SHOPLISTING ring of protection from fire (350
                  | gold, have 38).
 27366 | Snake:1  | Received a gift from Okawaru
 27395 | Snake:1  | 27395 ||| DROPPING +0 flail.
 27429 | Snake:1  | 27429 ||| Stepping ~*~*~tactically~*~*~ (hiding).
 27578 | Snake:1  | Found an iron altar of Okawaru.
 27655 | Snake:1  | 27655 ||| UPGRADING to amulet of Elyvilon's Anger {Regen+
                  | MP+9}.
 27721 | Snake:2  | Found a runed translucent door.
 27722 | Snake:2  | Found a shimmering altar of Xom.
 27722 | Snake:2  | Noticed wjtupper's ghost (adept MiHu)
 27729 | Snake:2  | 27729 ||| INVOKING Heroism.
 27751 | Snake:2  | 27751 ||| INVOKING Heroism.
 27772 | Snake:2  | 27772 ||| Stepping ~*~*~tactically~*~*~ (hiding).
 27931 | Snake:2  | 27931 ||| Stepping ~*~*~tactically~*~*~ (hiding).
 27939 | Snake:2  | 27939 ||| INVOKING Heroism.
 28007 | Snake:2  | 28007 ||| Stepping ~*~*~tactically~*~*~ (hiding).
 28012 | Snake:2  | 28012 ||| INVOKING Heroism.
 28014 | Snake:2  | Noticed Vashnia
 28020 | Snake:2  | 28020 ||| INVOKING Finesse.
 28060 | Snake:2  | Killed Vashnia
 28144 | Snake:2  | 28144 ||| Stepping ~*~*~tactically~*~*~ (hiding).
 28178 | Snake:2  | 28178 ||| Stepping ~*~*~tactically~*~*~ (hiding).
 28815 | Snake:3  | 28815 ||| INVOKING Heroism.
 28829 | Snake:3  | Received a gift from Okawaru
 28934 | Snake:3  | 28934 ||| Stepping ~*~*~tactically~*~*~ (hiding).
 28938 | Snake:3  | 28938 ||| Stepping ~*~*~tactically~*~*~ (hiding).
 28940 | Snake:3  | 28940 ||| Stepping ~*~*~tactically~*~*~ (hiding).
 28941 | Snake:3  | 28941 ||| Stepping ~*~*~tactically~*~*~ (hiding).
 28942 | Snake:3  | 28942 ||| Stepping ~*~*~tactically~*~*~ (hiding).
 28957 | Snake:3  | 28957 ||| Stepping ~*~*~tactically~*~*~ (hiding).
 28961 | Snake:3  | 28961 ||| INVOKING Heroism.
 28966 | Snake:3  | 28966 ||| Stepping ~*~*~tactically~*~*~ (hiding).
 28974 | Snake:3  | 28974 ||| Stepping ~*~*~tactically~*~*~ (hiding).
 28990 | Snake:3  | 28990 ||| Stepping ~*~*~tactically~*~*~ (hiding).
 29091 | Snake:3  | 29091 ||| Stepping ~*~*~tactically~*~*~ (hiding).
 29105 | Snake:3  | Reached XP level 17. HP: 108/108 MP: 24/24
 29222 | Snake:3  | 29222 ||| INVOKING Heroism.
 29319 | Snake:3  | 29319 ||| Stepping ~*~*~tactically~*~*~ (hiding).
 29320 | Snake:3  | 29320 ||| Stepping ~*~*~tactically~*~*~ (hiding).
 29325 | Snake:3  | 29325 ||| Stepping ~*~*~tactically~*~*~ (hiding).
 29327 | Snake:3  | 29327 ||| Stepping ~*~*~tactically~*~*~ (hiding).
 29332 | Snake:3  | 29332 ||| INVOKING Heroism.
 29335 | Snake:3  | 29335 ||| Stepping ~*~*~tactically~*~*~ (hiding).
 29339 | Snake:3  | 29339 ||| Stepping ~*~*~tactically~*~*~ (hiding).
 29344 | Snake:3  | 29344 ||| Stepping ~*~*~tactically~*~*~ (hiding).
 29401 | Snake:3  | 29401 ||| INVOKING Heroism.
 29442 | Snake:3  | 29442 ||| INVOKING Heroism.
 29577 | Snake:3  | 29577 ||| PLANNING SHOALS:1-3
 29649 | Shoals:1 | Entered Level 1 of the Shoals
 29693 | Shoals:1 | 29693 ||| INVOKING Heroism.
 29694 | Shoals:1 | 29694 ||| INVOKING Finesse.
 29765 | Shoals:1 | 29765 ||| Stepping ~*~*~tactically~*~*~ (stealth).
 29801 | Shoals:1 | 29801 ||| Stepping ~*~*~tactically~*~*~ (stealth).
 29803 | Shoals:1 | 29803 ||| INVOKING Heroism.
 29827 | Shoals:1 | Received a gift from Okawaru
 29898 | Shoals:1 | 29898 ||| Stepping ~*~*~tactically~*~*~ (stealth).
 29899 | Shoals:1 | 29899 ||| Stepping ~*~*~tactically~*~*~ (stealth).
 29900 | Shoals:1 | 29900 ||| Stepping ~*~*~tactically~*~*~ (stealth).
 29903 | Shoals:1 | Reached skill level 6 in Throwing
 29904 | Shoals:1 | 29904 ||| INVOKING Heroism.
 29969 | Shoals:1 | 29969 ||| INVOKING Heroism.
 30018 | Shoals:1 | 30018 ||| INVOKING Heroism.
 30135 | Shoals:1 | 30135 ||| INVOKING Heroism.
 30335 | Shoals:1 | 30335 ||| Stepping ~*~*~tactically~*~*~ (stealth).
 30498 | Shoals:1 | 30498 ||| DROPPING +1 hat.
 30499 | Shoals:1 | 30499 ||| DROPPING +2 pair of gloves.
 30581 | Shoals:2 | 30581 ||| Stepping ~*~*~tactically~*~*~ (hiding).
 30582 | Shoals:2 | 30582 ||| INVOKING Heroism.
 30584 | Shoals:2 | Found Wexam's Armour Emporium.
 30619 | Shoals:2 | 30619 ||| BUYING +1 cloak of willpower (231 gold).
 30619 | Shoals:2 | Bought a +1 cloak of willpower for 231 gold pieces
 30721 | Shoals:2 | Reached skill level 18 in Axes
 30727 | Shoals:2 | 30727 ||| INVOKING Heroism.
 30749 | Shoals:2 | 30749 ||| INVOKING Finesse.
 30755 | Shoals:2 | 30755 ||| Stepping ~*~*~tactically~*~*~ (hiding).
 30788 | Shoals:2 | Received a gift from Okawaru
 30798 | Shoals:2 | 30798 ||| INVOKING Heroism.
 30862 | Shoals:2 | 30862 ||| INVOKING Heroism.
 30863 | Shoals:2 | 30863 ||| INVOKING Finesse.
 30915 | Shoals:2 | 30915 ||| INVOKING Heroism.
 30948 | Shoals:2 | 30948 ||| INVOKING Heroism.
 30979 | Shoals:2 | 30979 ||| INVOKING Heroism.
 31141 | Shoals:2 | Found Hociupat's Book Shop.
 31179 | Shoals:2 | 31179 ||| Stepping ~*~*~tactically~*~*~ (stealth).
 31204 | Shoals:2 | Noticed a titan
 31227 | Shoals:2 | 31227 ||| Stepping ~*~*~tactically~*~*~ (hiding).
 31230 | Shoals:2 | 31230 ||| INVOKING Heroism.
 31242 | Shoals:2 | Killed a titan
 31277 | Shoals:2 | 31277 ||| INVOKING Finesse.
 31282 | Shoals:2 | 31282 ||| INVOKING Heroism.
 31381 | Shoals:2 | Found Atith's Armour Shop.
 31389 | Shoals:2 | 31389 ||| SHOPLISTING -2 hat of the Alchemist {rElec rPois
                  | rF+ rC+ rN+ Will+ rMut rCorr} (472 gold, have 38).
 31577 | Shoals:3 | 31577 ||| INVOKING Heroism.
 31578 | Shoals:3 | 31578 ||| STAIRDANCE
 31592 | Shoals:3 | 31592 ||| STAIRDANCE
 31599 | Shoals:3 | 31599 ||| STAIRDANCE
 31612 | Shoals:3 | 31612 ||| INVOKING Heroism.
 31613 | Shoals:3 | 31613 ||| INVOKING Finesse.
 31619 | Shoals:3 | 31619 ||| STAIRDANCE
 31652 | Shoals:3 | 31652 ||| INVOKING Heroism.
 31656 | Shoals:3 | 31656 ||| INVOKING Finesse.
 31675 | Shoals:3 | Reached XP level 18. HP: 116/116 MP: 25/25
 31841 | Shoals:3 | 31841 ||| Stepping ~*~*~tactically~*~*~ (hiding).
 31852 | Shoals:3 | Reached skill level 12 in Armour
 32000 | Shoals:3 | 32000 ||| INVOKING Heroism.
 32012 | Shoals:3 | Reached skill level 18 in Shields
 32094 | Shoals:3 | Noticed Tang's ghost (adept TeAE)
 32102 | Shoals:3 | Found a transporter.
 32442 | Shoals:3 | 32442 ||| PLANNING SNAKE:4
 32567 | Snake:4  | Entered Level 4 of the Snake Pit
 32567 | Snake:4  | Found Soqexiqorr's Jewellery Boutique.
 32568 | Snake:4  | 32568 ||| INVOKING Heroism.
 32576 | Snake:4  | Received a gift from Okawaru
 32576 | Snake:4  | Found the +7 Kryia's mail coat {PotionHeal*2 rC+}
 32610 | Snake:4  | 32610 ||| Stepping ~*~*~tactically~*~*~ (stealth).
 32649 | Snake:4  | 32649 ||| SHOPLISTING ring of Vehumet's Reproof {Ice rCorr}
                  | (714 gold, have 129).
 32649 | Snake:4  | 32649 ||| SHOPLISTING ring of protection from cold (475
                  | gold, have 129).
 32649 | Snake:4  | 32649 ||| SHOPLISTING ring of protection from fire (475
                  | gold, have 129).
 32657 | Snake:4  | Found Ovatees's Weapon Shoppe.
 32761 | Snake:4  | 32761 ||| Stepping ~*~*~tactically~*~*~ (hiding).
 32762 | Snake:4  | 32762 ||| Stepping ~*~*~tactically~*~*~ (hiding).
 32763 | Snake:4  | 32763 ||| INVOKING Heroism.
 32800 | Snake:4  | 32800 ||| INVOKING Heroism.
 32879 | Snake:4  | 32879 ||| INVOKING Heroism.
 32901 | Snake:4  | Reached skill level 15 in Fighting
 32946 | Snake:4  | 32946 ||| INVOKING Heroism.
 32974 | Snake:4  | 32974 ||| INVOKING Heroism.
 32974 | Snake:4  | HP: 24/119 [nagaraja/+0 whip (10)]
 32975 | Snake:4  | 32975 ||| READING 8 scrolls of teleportation.
 32976 | Snake:4  | 32976 ||| DRINKING 8 potions of heal wounds.
 33113 | Snake:4  | Identified the +1 tower shield of the Desert {rN+ Int+6}
 33113 | Snake:4  | Noticed Louise
 33146 | Snake:4  | Killed Louise
 33180 | Snake:4  | 33180 ||| INVOKING Heroism.
 33249 | Snake:4  | 33249 ||| Stepping ~*~*~tactically~*~*~ (hiding).
 33264 | Snake:4  | 33264 ||| Stepping ~*~*~tactically~*~*~ (stealth).
 33268 | Snake:4  | 33268 ||| Stepping ~*~*~tactically~*~*~ (hiding).
 33271 | Snake:4  | 33271 ||| INVOKING Heroism.
 33341 | Snake:4  | 33341 ||| INVOKING Heroism.
 33461 | Snake:4  | Got a serpentine rune of Zot
 33571 | Snake:4  | 33571 ||| Stepping ~*~*~tactically~*~*~ (hiding).
 33574 | Snake:4  | 33574 ||| Stepping ~*~*~tactically~*~*~ (hiding).
 33575 | Snake:4  | 33575 ||| Stepping ~*~*~tactically~*~*~ (hiding).
 33576 | Snake:4  | 33576 ||| Stepping ~*~*~tactically~*~*~ (hiding).
 33594 | Snake:4  | 33594 ||| INVOKING Heroism.
 34006 | Snake:4  | 34006 ||| PLANNING VAULTS:1-4
 34006 | Snake:4  | 34006 ||| DROPPING +2 chain mail of cold resistance.
 34287 | Vaults:1 | Entered Level 1 of the Vaults
 34327 | Vaults:1 | Received a gift from Okawaru
 34388 | Vaults:1 | 34388 ||| Stepping ~*~*~tactically~*~*~ (stealth).
 34457 | Vaults:1 | 34457 ||| Stepping ~*~*~tactically~*~*~ (stealth).
 34458 | Vaults:1 | 34458 ||| Stepping ~*~*~tactically~*~*~ (stealth).
 34464 | Vaults:1 | Reached ****** piety under Okawaru
 34465 | Vaults:1 | Reached XP level 19. HP: 124/124 MP: 26/26
 34507 | Vaults:1 | 34507 ||| Stepping ~*~*~tactically~*~*~ (stealth).
 34508 | Vaults:1 | 34508 ||| Stepping ~*~*~tactically~*~*~ (stealth).
 34509 | Vaults:1 | 34509 ||| INVOKING Heroism.
 34545 | Vaults:1 | 34545 ||| Stepping ~*~*~tactically~*~*~ (stealth).
 34549 | Vaults:1 | 34549 ||| Stepping ~*~*~tactically~*~*~ (stealth).
 34558 | Vaults:1 | 34558 ||| Stepping ~*~*~tactically~*~*~ (stealth).
 34566 | Vaults:1 | 34566 ||| INVOKING Heroism.
 34623 | Vaults:1 | 34623 ||| Stepping ~*~*~tactically~*~*~ (stealth).
 34625 | Vaults:1 | 34625 ||| Stepping ~*~*~tactically~*~*~ (hiding).
 34641 | Vaults:1 | 34641 ||| Stepping ~*~*~tactically~*~*~ (hiding).
 34701 | Vaults:1 | Noticed Asterion
 34702 | Vaults:1 | 34702 ||| INVOKING Heroism.
 34703 | Vaults:1 | 34703 ||| INVOKING Finesse.
 34745 | Vaults:1 | 34745 ||| INVOKING Finesse.
 34783 | Vaults:1 | Killed Asterion
 34830 | Vaults:1 | Received a gift from Okawaru
 34841 | Vaults:1 | 34841 ||| INVOKING Heroism.
 34910 | Vaults:1 | 34910 ||| INVOKING Heroism.
 35061 | Vaults:1 | Received a gift from Okawaru
 35126 | Vaults:1 | 35126 ||| Stepping ~*~*~tactically~*~*~ (stealth).
 35127 | Vaults:1 | 35127 ||| INVOKING Heroism.
 35130 | Vaults:1 | 35130 ||| Stepping ~*~*~tactically~*~*~ (stealth).
 35176 | Vaults:1 | Reached skill level 9 in Throwing
 35224 | Vaults:1 | 35224 ||| Stepping ~*~*~tactically~*~*~ (stealth).
 35228 | Vaults:1 | 35228 ||| Stepping ~*~*~tactically~*~*~ (stealth).
 35259 | Vaults:1 | Identified the +1 chain mail "Libbunga" {rElec} (Okawaru
                  | gifted it to you on level 1 of the Vaults)
 35259 | Vaults:1 | Received a gift from Okawaru
 35304 | Vaults:1 | 35304 ||| INVOKING Heroism.
 35398 | Vaults:1 | 35398 ||| Stepping ~*~*~tactically~*~*~ (stealth).
 35416 | Vaults:1 | 35416 ||| Stepping ~*~*~tactically~*~*~ (hiding).
 35450 | Vaults:1 | 35450 ||| Stepping ~*~*~tactically~*~*~ (hiding).
 35534 | Vaults:1 | 35534 ||| Stepping ~*~*~tactically~*~*~ (stealth).
 35707 | Vaults:1 | 35707 ||| Stepping ~*~*~tactically~*~*~ (hiding).
 35709 | Vaults:1 | 35709 ||| Stepping ~*~*~tactically~*~*~ (hiding).
 35760 | Vaults:1 | 35760 ||| INVOKING Heroism.
 36124 | Vaults:1 | 36124 ||| DROPPING +1 chain mail "Libbunga" {rElec}.
 36185 | Vaults:2 | 36185 ||| INVOKING Heroism.
 36186 | Vaults:2 | 36186 ||| INVOKING Finesse.
 36187 | Vaults:2 | 36187 ||| STAIRDANCE
 36244 | Vaults:2 | 36244 ||| Stepping ~*~*~tactically~*~*~ (hiding).
 36254 | Vaults:2 | 36254 ||| Stepping ~*~*~tactically~*~*~ (hiding).
 36304 | Vaults:2 | Noticed Zenata
 36305 | Vaults:2 | 36305 ||| Stepping ~*~*~tactically~*~*~ (hiding).
 36306 | Vaults:2 | 36306 ||| Stepping ~*~*~tactically~*~*~ (hiding).
 36308 | Vaults:2 | 36308 ||| INVOKING Heroism.
 36309 | Vaults:2 | 36309 ||| INVOKING Finesse.
 36353 | Vaults:2 | Killed Zenata
 36420 | Vaults:2 | 36420 ||| Stepping ~*~*~tactically~*~*~ (stealth).
 36421 | Vaults:2 | 36421 ||| Stepping ~*~*~tactically~*~*~ (stealth).
 36425 | Vaults:2 | 36425 ||| INVOKING Heroism.
 36427 | Vaults:2 | Reached skill level 15 in Armour
 36453 | Vaults:2 | Reached XP level 20. HP: 134/134 MP: 27/27
 36454 | Vaults:2 | 36454 ||| Stepping ~*~*~tactically~*~*~ (hiding).
 36456 | Vaults:2 | 36456 ||| Stepping ~*~*~tactically~*~*~ (hiding).
 36575 | Vaults:2 | 36575 ||| INVOKING Heroism.
 36593 | Vaults:2 | Received a gift from Okawaru
 36709 | Vaults:2 | 36709 ||| INVOKING Heroism.
 36710 | Vaults:2 | 36710 ||| INVOKING Finesse.
 36771 | Vaults:2 | Received a gift from Okawaru
 36785 | Vaults:2 | Noticed a golden dragon
 36786 | Vaults:2 | 36786 ||| INVOKING Heroism.
 36787 | Vaults:2 | 36787 ||| INVOKING Finesse.
 36803 | Vaults:2 | Killed a golden dragon
 36832 | Vaults:2 | 36832 ||| Stepping ~*~*~tactically~*~*~ (hiding).
 36833 | Vaults:2 | 36833 ||| Stepping ~*~*~tactically~*~*~ (hiding).
 37097 | Vaults:2 | 37097 ||| INVOKING Heroism.
 37121 | Vaults:2 | Identified the +0 cloak "Fyocuirph" {rF++ rC+++ Regen+
                  | Slay+3} (Okawaru gifted it to you on level 2 of the Vaults)
 37121 | Vaults:2 | Received a gift from Okawaru
 37261 | Vaults:2 | 37261 ||| Stepping ~*~*~tactically~*~*~ (hiding).
 37268 | Vaults:2 | 37268 ||| INVOKING Heroism.
 37565 | Vaults:2 | 37565 ||| DROPPING +0 plate armour.
 37566 | Vaults:2 | 37566 ||| DROPPING +1 cloak of willpower.
 37567 | Vaults:2 | 37567 ||| UPGRADING to +0 cloak "Fyocuirph" {rF++ rC+++
                  | Regen+ Slay+3}.
 37577 | Vaults:2 | 37577 ||| DROPPING +2 cloak.
 37578 | Vaults:2 | 37578 ||| UPGRADING to +1 tower shield of the Desert {rN+
                  | Int+6}.
 37588 | Vaults:2 | 37588 ||| DROPPING ring of positive energy.
 37620 | Vaults:3 | Reached skill level 18 in Fighting
 37651 | Vaults:3 | 37651 ||| Stepping ~*~*~tactically~*~*~ (stealth).
 37653 | Vaults:3 | 37653 ||| Stepping ~*~*~tactically~*~*~ (hiding).
 37665 | Vaults:3 | 37665 ||| INVOKING Heroism.
 37709 | Vaults:3 | 37709 ||| INVOKING Heroism.
 37818 | Vaults:3 | 37818 ||| INVOKING Heroism.
 37864 | Vaults:3 | 37864 ||| Stepping ~*~*~tactically~*~*~ (stealth).
 37866 | Vaults:3 | 37866 ||| INVOKING Heroism.
 37908 | Vaults:3 | 37908 ||| INVOKING Heroism.
 37973 | Vaults:3 | 37973 ||| Stepping ~*~*~tactically~*~*~ (stealth).
 37975 | Vaults:3 | 37975 ||| Stepping ~*~*~tactically~*~*~ (hiding).
 37977 | Vaults:3 | 37977 ||| Stepping ~*~*~tactically~*~*~ (hiding).
 38023 | Vaults:3 | 38023 ||| Stepping ~*~*~tactically~*~*~ (hiding).
 38024 | Vaults:3 | 38024 ||| Stepping ~*~*~tactically~*~*~ (hiding).
 38185 | Vaults:3 | Found a portal to a secret trove of treasure.
 38255 | Vaults:3 | Found a staircase to the Crypt.
 38255 | Vaults:3 | Found an ancient bone altar of Kikubaaqudgha.
 38256 | Vaults:3 | Found a basalt altar of Yredelemnul.
 38266 | Vaults:3 | 38266 ||| Stepping ~*~*~tactically~*~*~ (hiding).
 38271 | Vaults:3 | 38271 ||| INVOKING Heroism.
 38462 | Vaults:3 | 38462 ||| Stepping ~*~*~tactically~*~*~ (hiding).
 38499 | Vaults:3 | Identified the +3 leather armour of Bepn {rC++}
 38500 | Vaults:3 | 38500 ||| READING 9 scrolls of teleportation.
 38511 | Vaults:3 | 38511 ||| READING 8 scrolls of teleportation.
 38563 | Vaults:3 | 38563 ||| READING 7 scrolls of teleportation.
 38592 | Vaults:3 | 38592 ||| Stepping ~*~*~tactically~*~*~ (hiding).
 38613 | Vaults:3 | 38613 ||| INVOKING Heroism.
 38625 | Vaults:3 | 38625 ||| Stepping ~*~*~tactically~*~*~ (stealth).
 38666 | Vaults:3 | 38666 ||| Stepping ~*~*~tactically~*~*~ (stealth).
 38920 | Vaults:3 | 38920 ||| INVOKING Heroism.
 39025 | Vaults:3 | 39025 ||| READING 6 scrolls of teleportation.
 39037 | Vaults:3 | 39037 ||| Stepping ~*~*~tactically~*~*~ (hiding).
 39054 | Vaults:3 | 39054 ||| Stepping ~*~*~tactically~*~*~ (hiding).
 39088 | Vaults:3 | 39088 ||| READING 5 scrolls of teleportation.
 39147 | Vaults:3 | 39147 ||| READING 4 scrolls of teleportation.
 39187 | Vaults:3 | 39187 ||| READING 3 scrolls of teleportation.
 39215 | Vaults:3 | 39215 ||| READING 2 scrolls of teleportation.
 39239 | Vaults:3 | 39239 ||| READING scroll of teleportation.
 39282 | Vaults:3 | 39282 ||| Stepping randomly (stuck).
 39284 | Vaults:3 | 39284 ||| Stepping randomly (stuck).
 39307 | Vaults:3 | 39307 ||| INVOKING Heroism.
 39407 | Vaults:4 | 39407 ||| INVOKING Heroism.
 39430 | Vaults:4 | Received a gift from Okawaru
 39449 | Vaults:4 | 39449 ||| Stepping ~*~*~tactically~*~*~ (hiding).
 39592 | Vaults:4 | 39592 ||| INVOKING Heroism.
 39593 | Vaults:4 | 39593 ||| INVOKING Finesse.
 39672 | Vaults:4 | 39672 ||| Stepping ~*~*~tactically~*~*~ (stealth).
 39674 | Vaults:4 | 39674 ||| Stepping ~*~*~tactically~*~*~ (hiding).
 39677 | Vaults:4 | 39677 ||| INVOKING Heroism.
 39678 | Vaults:4 | 39678 ||| Stepping ~*~*~tactically~*~*~ (hiding).
 39686 | Vaults:4 | Received a gift from Okawaru
 39696 | Vaults:4 | Reached XP level 21. HP: 144/144 MP: 28/28
 39741 | Vaults:4 | Reached skill level 6 in Dodging
 39797 | Vaults:4 | 39797 ||| Stepping ~*~*~tactically~*~*~ (hiding).
 39879 | Vaults:4 | 39879 ||| INVOKING Heroism.
 39888 | Vaults:4 | Received a gift from Okawaru
 39942 | Vaults:4 | 39942 ||| Stepping ~*~*~tactically~*~*~ (stealth).
 39954 | Vaults:4 | 39954 ||| Stepping ~*~*~tactically~*~*~ (stealth).
 39955 | Vaults:4 | 39955 ||| Stepping ~*~*~tactically~*~*~ (stealth).
 39963 | Vaults:4 | 39963 ||| INVOKING Heroism.
 40001 | Vaults:4 | Identified the amulet "Kiul" {RegenMP Dex+3}
 40019 | Vaults:4 | 40019 ||| Stepping ~*~*~tactically~*~*~ (stealth).
 40023 | Vaults:4 | 40023 ||| Stepping ~*~*~tactically~*~*~ (hiding).
 40053 | Vaults:4 | 40053 ||| Stepping ~*~*~tactically~*~*~ (hiding).
 40055 | Vaults:4 | 40055 ||| Stepping ~*~*~tactically~*~*~ (hiding).
 40145 | Vaults:4 | Found Ojeemev's Distillery.
 40154 | Vaults:4 | 40154 ||| BUYING 2 potions of attraction (114 gold).
 40154 | Vaults:4 | Bought 2 potions of attraction for 114 gold pieces
 40154 | Vaults:4 | 40154 ||| BUYING potion of curing (57 gold).
 40154 | Vaults:4 | Bought a potion of curing for 57 gold pieces
 40154 | Vaults:4 | 40154 ||| BUYING potion of haste (190 gold).
 40154 | Vaults:4 | Bought a potion of haste for 190 gold pieces
 40154 | Vaults:4 | 40154 ||| BUYING potion of haste (190 gold).
 40154 | Vaults:4 | Bought a potion of haste for 190 gold pieces
 40154 | Vaults:4 | 40154 ||| BUYING potion of heal wounds (95 gold).
 40154 | Vaults:4 | Bought a potion of heal wounds for 95 gold pieces
 40154 | Vaults:4 | 40154 ||| SHOPLISTING potion of lignification (57 gold,
                  | have 38).
 40154 | Vaults:4 | 40154 ||| SHOPLISTING potion of mutation (152 gold, have
                  | 38).
 40154 | Vaults:4 | 40154 ||| SHOPLISTING potion of resistance (190 gold, have
                  | 38).
 40163 | Vaults:4 | 40163 ||| Stepping ~*~*~tactically~*~*~ (stealth).
 40174 | Vaults:4 | 40174 ||| Stepping ~*~*~tactically~*~*~ (stealth).
 40177 | Vaults:4 | 40177 ||| INVOKING Heroism.
 40240 | Vaults:4 | 40240 ||| INVOKING Heroism.
 40386 | Vaults:4 | 40386 ||| Stepping ~*~*~tactically~*~*~ (hiding).
 40578 | Vaults:4 | 40578 ||| INVOKING Heroism.
 40580 | Vaults:4 | Received a gift from Okawaru
 40794 | Vaults:4 | 40794 ||| Stepping ~*~*~tactically~*~*~ (hiding).
 40799 | Vaults:4 | 40799 ||| Stepping ~*~*~tactically~*~*~ (stealth).
 40806 | Vaults:4 | 40806 ||| Stepping ~*~*~tactically~*~*~ (hiding).
 40808 | Vaults:4 | 40808 ||| INVOKING Heroism.
 40838 | Vaults:4 | Received a gift from Okawaru
 41012 | Vaults:3 | 41012 ||| Stepping ~*~*~tactically~*~*~ (hiding).
 41066 | Vaults:3 | 41066 ||| PLANNING SHOALS:4
 41066 | Vaults:3 | 41066 ||| DROPPING +1 pair of gloves.
 41455 | Shoals:4 | Entered Level 4 of the Shoals
 41515 | Shoals:4 | 41515 ||| INVOKING Heroism.
 41633 | Shoals:4 | Noticed Polyphemus
 41634 | Shoals:4 | 41634 ||| INVOKING Heroism.
 41637 | Shoals:4 | Identified the +4 kite shield "Ubixt" {Str+2 SInv} (Okawaru
                  | gifted it to you on level 4 of the Shoals)
 41637 | Shoals:4 | Received a gift from Okawaru
 41660 | Shoals:4 | Killed Polyphemus
 41681 | Shoals:4 | 41681 ||| Stepping ~*~*~tactically~*~*~ (stealth).
 41683 | Shoals:4 | 41683 ||| Stepping ~*~*~tactically~*~*~ (hiding).
 41684 | Shoals:4 | 41684 ||| Stepping ~*~*~tactically~*~*~ (stealth).
 41686 | Shoals:4 | 41686 ||| INVOKING Heroism.
 41687 | Shoals:4 | 41687 ||| INVOKING Finesse.
 41722 | Shoals:4 | 41722 ||| Stepping ~*~*~tactically~*~*~ (stealth).
 41833 | Shoals:4 | 41833 ||| INVOKING Heroism.
 41874 | Shoals:4 | Noticed Donald
 41885 | Shoals:4 | Killed Donald
 41940 | Shoals:4 | Noticed Mara
 41941 | Shoals:4 | 41941 ||| INVOKING Heroism.
 41942 | Shoals:4 | 41942 ||| INVOKING Finesse.
 41946 | Shoals:4 | Noticed qw's illusion
 42026 | Shoals:4 | Noticed qw's illusion
 42032 | Shoals:4 | Killed Mara
 42054 | Shoals:4 | 42054 ||| Stepping ~*~*~tactically~*~*~ (hiding).
 42069 | Shoals:4 | 42069 ||| INVOKING Heroism.
 42070 | Shoals:4 | 42070 ||| INVOKING Finesse.
 42072 | Shoals:4 | 42072 ||| Stepping ~*~*~tactically~*~*~ (hiding).
 42160 | Shoals:4 | 42160 ||| Stepping ~*~*~tactically~*~*~ (stealth).
 42170 | Shoals:4 | 42170 ||| INVOKING Heroism.
 42171 | Shoals:4 | 42171 ||| INVOKING Finesse.
 42188 | Shoals:4 | 42188 ||| Stepping ~*~*~tactically~*~*~ (hiding).
 42214 | Shoals:4 | Reached XP level 22. HP: 152/152 MP: 29/29
 42242 | Shoals:4 | Got a barnacled rune of Zot
 42440 | Shoals:4 | 42440 ||| INVOKING Heroism.
 42533 | Shoals:4 | 42533 ||| Stepping ~*~*~tactically~*~*~ (hiding).
 42568 | Shoals:4 | 42568 ||| Stepping ~*~*~tactically~*~*~ (stealth).
 42570 | Shoals:4 | 42570 ||| INVOKING Heroism.
 42571 | Shoals:4 | 42571 ||| INVOKING Finesse.
 42580 | Shoals:4 | 42580 ||| Stepping ~*~*~tactically~*~*~ (hiding).
 42607 | Shoals:4 | Identified the +3 plate armour "Xuiwin" {rC+ Int+2 Dex+2
                  | Stlth+}
 42640 | Shoals:4 | 42640 ||| Stepping ~*~*~tactically~*~*~ (hiding).
 42642 | Shoals:4 | 42642 ||| Stepping ~*~*~tactically~*~*~ (hiding).
 42680 | Shoals:4 | 42680 ||| INVOKING Heroism.
 42708 | Shoals:4 | 42708 ||| Stepping ~*~*~tactically~*~*~ (hiding).
 42888 | Shoals:4 | 42888 ||| PLANNING DEPTHS
 42888 | Shoals:4 | 42888 ||| DROPPING +7 Kryia's mail coat {PotionHeal*2 rC+}.
 42889 | Shoals:4 | 42889 ||| DROPPING +1 plate armour of willpower.
 42890 | Shoals:4 | 42890 ||| UPGRADING to +3 plate armour "Xuiwin" {rC+ Int+2
                  | Dex+2 Stlth+}.
 43189 | Depths:1 | Entered Level 1 of the Depths
 43217 | Depths:1 | 43217 ||| INVOKING Heroism.
 43219 | Depths:1 | Noticed the Enchantress
 43220 | Depths:1 | 43220 ||| INVOKING Finesse.
 43236 | Depths:1 | Reached skill level 18 in Armour
 43253 | Depths:1 | Killed the Enchantress
 43253 | Depths:1 | Received a gift from Okawaru
 43298 | Depths:1 | 43298 ||| INVOKING Heroism.
 43301 | Depths:1 | 43301 ||| INVOKING Finesse.
 43362 | Depths:1 | 43362 ||| INVOKING Heroism.
 43520 | Depths:1 | 43520 ||| Stepping ~*~*~tactically~*~*~ (stealth).
 43527 | Depths:1 | Received a gift from Okawaru
 43537 | Depths:1 | 43537 ||| INVOKING Heroism.
 43577 | Depths:1 | 43577 ||| INVOKING Heroism.
 43622 | Depths:1 | 43622 ||| READING scroll of enchant weapon.
 43622 | Depths:1 | 43622 ||| ENCHANTING +0 vampiric broad axe.
 43625 | Depths:1 | 43625 ||| DROPPING +1 broad axe of flaming.
 43835 | Depths:1 | Found a gateway to Hell.
 43836 | Depths:1 | 43836 ||| INVOKING Heroism.
 43838 | Depths:1 | 43838 ||| INVOKING Finesse.
 43848 | Depths:1 | Gained mutation: You have sharp toenails. [a cacodemon]
 43955 | Depths:2 | 43955 ||| INVOKING Heroism.
 43956 | Depths:2 | 43956 ||| INVOKING Finesse.
 43976 | Depths:2 | Received a gift from Okawaru
 44005 | Depths:2 | 44005 ||| Stepping ~*~*~tactically~*~*~ (stealth).
 44018 | Depths:2 | 44018 ||| Stepping ~*~*~tactically~*~*~ (stealth).
 44072 | Depths:2 | 44072 ||| Stepping ~*~*~tactically~*~*~ (stealth).
 44073 | Depths:2 | 44073 ||| Stepping ~*~*~tactically~*~*~ (stealth).
 44089 | Depths:2 | Received a gift from Okawaru
 44214 | Depths:2 | Found a broken altar of Ashenzari.
 44346 | Depths:2 | 44346 ||| Stepping ~*~*~tactically~*~*~ (hiding).
 44461 | Depths:2 | 44461 ||| INVOKING Heroism.
 44462 | Depths:2 | 44462 ||| INVOKING Finesse.
 44478 | Depths:2 | Reached skill level 21 in Shields
 44647 | Depths:2 | Identified a scroll of acquirement
 44651 | Depths:2 | 44651 ||| READING scroll of acquirement.
 44651 | Depths:2 | 44651 ||| ACQUIRING 1244 gold pieces
 44651 | Depths:2 | Acquired 1244 gold pieces
 44822 | Depths:2 | Found a one-way gate leading to the halls of Pandemonium.
 44873 | Depths:2 | Found a glowing golden altar of the Shining One.
 44948 | Depths:2 | 44948 ||| INVOKING Heroism.
 44987 | Depths:2 | 44987 ||| Stepping ~*~*~tactically~*~*~ (hiding).
 44993 | Depths:2 | 44993 ||| INVOKING Heroism.
 45222 | Depths:3 | 45222 ||| INVOKING Heroism.
 45239 | Depths:3 | Found a one-way gate to the infinite horrors of the Abyss.
 45247 | Depths:3 | Received a gift from Okawaru
 45326 | Depths:3 | 45326 ||| Stepping ~*~*~tactically~*~*~ (stealth).
 45366 | Depths:3 | 45366 ||| INVOKING Heroism.
 45367 | Depths:3 | 45367 ||| INVOKING Finesse.
 45466 | Depths:3 | 45466 ||| Stepping ~*~*~tactically~*~*~ (stealth).
 45468 | Depths:3 | 45468 ||| Stepping ~*~*~tactically~*~*~ (hiding).
 45470 | Depths:3 | 45470 ||| INVOKING Finesse.
 45515 | Depths:3 | 45515 ||| Stepping ~*~*~tactically~*~*~ (stealth).
 45517 | Depths:3 | 45517 ||| Stepping ~*~*~tactically~*~*~ (stealth).
 45519 | Depths:3 | 45519 ||| INVOKING Heroism.
 45520 | Depths:3 | 45520 ||| Stepping ~*~*~tactically~*~*~ (stealth).
 45531 | Depths:3 | Reached skill level 21 in Fighting
 45531 | Depths:3 | Reached XP level 23. HP: 160/160 MP: 30/30
 45562 | Depths:3 | Found a one-way gateway to a ziggurat.
 45564 | Depths:3 | Noticed Boris
 45565 | Depths:3 | 45565 ||| INVOKING Finesse.
 45571 | Depths:3 | 45571 ||| INVOKING Heroism.
 45583 | Depths:3 | Killed Boris
 45630 | Depths:3 | Received a gift from Okawaru
 45650 | Depths:3 | 45650 ||| FLEEEEING.
 45770 | Depths:3 | 45770 ||| INVOKING Heroism.
 45776 | Depths:3 | Gained mutation: You do not regenerate when monsters are
                  | visible. [a cacodemon]
 45889 | Depths:3 | 45889 ||| DRINKING 6 potions of mutation.
 45889 | Depths:3 | Lost mutation: You have sharp toenails. [potion of
                  | mutation]
 45889 | Depths:3 | Lost mutation: You do not regenerate when monsters are
                  | visible. [potion of mutation]
 45889 | Depths:3 | Gained mutation: Your flesh is heat resistant. (rF+)
                  | [potion of mutation]
 45889 | Depths:3 | Gained mutation: You are clumsy. (Dex -2) [potion of
                  | mutation]
 45889 | Depths:3 | Gained mutation: Your muscles are strong. (Str +4, Int/Dex
                  | -1) [potion of mutation]
 45907 | Depths:3 | Found a glowing silver altar of Zin.
 46392 | Depths:3 | 46392 ||| INVOKING Finesse.
 46425 | Depths:3 | 46425 ||| INVOKING Heroism.
 46428 | Depths:3 | 46428 ||| READING 3 scrolls of teleportation.
 46539 | Depths:3 | 46539 ||| Stepping ~*~*~tactically~*~*~ (hiding).
 46544 | Depths:3 | 46544 ||| INVOKING Heroism.
 46553 | Depths:3 | Received a gift from Okawaru
 46588 | Depths:3 | 46588 ||| READING scroll of enchant weapon.
 46588 | Depths:3 | 46588 ||| ENCHANTING +1 vampiric broad axe.
 46592 | Depths:3 | 46592 ||| Stepping ~*~*~tactically~*~*~ (hiding).
 46593 | Depths:3 | 46593 ||| Stepping ~*~*~tactically~*~*~ (hiding).
 46594 | Depths:3 | 46594 ||| Stepping ~*~*~tactically~*~*~ (hiding).
 46595 | Depths:3 | 46595 ||| Stepping ~*~*~tactically~*~*~ (hiding).
 46853 | Depths:3 | 46853 ||| Stepping ~*~*~tactically~*~*~ (hiding).
 46861 | Depths:3 | 46861 ||| INVOKING Heroism.
 46880 | Depths:3 | Reached skill level 12 in Throwing
 46881 | Depths:3 | Paralysed by a floating eye for 4 turns
 47010 | Depths:4 | Entered Level 4 of the Depths
 47024 | Depths:4 | Noticed Saint Roka
 47025 | Depths:4 | 47025 ||| INVOKING Heroism.
 47049 | Depths:4 | Noticed Frederick
 47056 | Depths:4 | 47056 ||| INVOKING Finesse.
 47058 | Depths:4 | Killed Saint Roka
 47058 | Depths:4 | Received a gift from Okawaru
 47070 | Depths:4 | 47070 ||| INVOKING Heroism.
 47071 | Depths:4 | Killed Frederick
 47124 | Depths:4 | Found a gate to the Realm of Zot.
 47146 | Depths:4 | Received a gift from Okawaru
 47245 | Depths:4 | 47245 ||| Stepping ~*~*~tactically~*~*~ (hiding).
 47362 | Depths:4 | 47362 ||| Stepping ~*~*~tactically~*~*~ (hiding).
 47363 | Depths:4 | 47363 ||| INVOKING Finesse.
 47368 | Depths:4 | 47368 ||| INVOKING Heroism.
 47382 | Depths:4 | Identified the +1 pair of gloves "Fykon" {rElec Will-
                  | Dex+3} (Okawaru gifted it to you on level 4 of the Depths)
 47382 | Depths:4 | Received a gift from Okawaru
 47465 | Depths:4 | 47465 ||| INVOKING Heroism.
 47466 | Depths:4 | 47466 ||| INVOKING Finesse.
 47510 | Depths:4 | Identified the ring of Wisdom {Ice Str+2 Int+4}
 47510 | Depths:4 | Noticed Josephina
 47511 | Depths:4 | 47511 ||| Stepping ~*~*~tactically~*~*~ (hiding).
 47519 | Depths:4 | 47519 ||| INVOKING Finesse.
 47547 | Depths:4 | Killed Josephina
 47624 | Depths:4 | 47624 ||| INVOKING Finesse.
 47629 | Depths:4 | 47629 ||| Stepping ~*~*~tactically~*~*~ (stealth).
 47637 | Depths:4 | 47637 ||| INVOKING Heroism.
 47719 | Depths:4 | 47719 ||| Stepping ~*~*~tactically~*~*~ (hiding).
 47810 | Depths:4 | 47810 ||| Stepping ~*~*~tactically~*~*~ (hiding).
 47814 | Depths:4 | 47814 ||| INVOKING Heroism.
 48174 | Depths:4 | Found Oxeyva Bog's Armour Shoppe.
 48178 | Depths:4 | 48178 ||| BUYING +7 chain mail "Kanuomoa" {Slay+2} (1152
                  | gold).
 48178 | Depths:4 | Bought the +7 chain mail "Kanuomoa" {Slay+2} for 1152 gold
                  | pieces
 48253 | Depths:4 | 48253 ||| PLANNING VAULTS:5
 48253 | Depths:4 | 48253 ||| DROPPING +2 chain mail of fire resistance.
 48254 | Depths:4 | 48254 ||| DROPPING +1 pair of gloves "Fykon" {rElec Will-
                  | Dex+3}.
 48255 | Depths:4 | 48255 ||| UPGRADING to +6 chain mail of Gozag's Approval
                  | {rElec Will+++ Str-5 Stlth-}.
 48265 | Depths:4 | 48265 ||| DROPPING ring of ice.
 48683 | Vaults:5 | Entered Level 5 of the Vaults
 48683 | Vaults:5 | Noticed a golden dragon
 48684 | Vaults:5 | 48684 ||| INVOKING Heroism.
 48685 | Vaults:5 | 48685 ||| STAIRDANCE
 48704 | Vaults:5 | Noticed a golden dragon
 48710 | Vaults:5 | 48710 ||| INVOKING Heroism.
 48715 | Vaults:5 | 48715 ||| STAIRDANCE
 48723 | Vaults:4 | Killed a golden dragon
 48734 | Vaults:5 | 48734 ||| STAIRDANCE
 48762 | Vaults:5 | 48762 ||| STAIRDANCE
 48763 | Vaults:5 | 48763 ||| INVOKING Heroism.
 48769 | Vaults:5 | 48769 ||| STAIRDANCE
 48777 | Vaults:4 | 48777 ||| INVOKING Finesse.
 48781 | Vaults:4 | Reached XP level 24. HP: 101/169 MP: 30/30
 48782 | Vaults:4 | Received a gift from Okawaru
 48824 | Vaults:5 | 48824 ||| STAIRDANCE
 48826 | Vaults:4 | 48826 ||| INVOKING Heroism.
 48846 | Vaults:5 | Identified the +9 rapier of the Sharing Viper {protect,
                  | Stlth+}
 48854 | Vaults:5 | 48854 ||| INVOKING Heroism.
 48863 | Vaults:5 | 48863 ||| STAIRDANCE
 48888 | Vaults:5 | 48888 ||| STAIRDANCE
 49022 | Vaults:5 | 49022 ||| INVOKING Heroism.
 49049 | Vaults:5 | Identified the ring of Qacig {rElec EV+4 Str+2 Dex+4}
 49057 | Vaults:5 | Identified the ring of Jogar {rN++ EV+4 Dex+2}
 49068 | Vaults:5 | 49068 ||| INVOKING Finesse.
 49075 | Vaults:5 | Received a gift from Okawaru
 49082 | Vaults:5 | 49082 ||| STAIRDANCE
 49117 | Vaults:5 | 49117 ||| STAIRDANCE
 49134 | Vaults:5 | Identified the +1 robe of the Devil's Team {Dex+6}
 49135 | Vaults:5 | 49135 ||| INVOKING Heroism.
 49163 | Vaults:5 | Received a gift from Okawaru
 49170 | Vaults:5 | Noticed a dread lich
 49171 | Vaults:5 | 49171 ||| INVOKING Finesse.
 49180 | Vaults:5 | 49180 ||| STAIRDANCE
 49201 | Vaults:5 | 49201 ||| STAIRDANCE
 49203 | Vaults:4 | 49203 ||| INVOKING Heroism.
 49204 | Vaults:4 | 49204 ||| INVOKING Finesse.
 49227 | Vaults:4 | Killed a dread lich
 49251 | Vaults:5 | 49251 ||| STAIRDANCE
 49280 | Vaults:5 | 49280 ||| Stepping ~*~*~tactically~*~*~ (hiding).
 49289 | Vaults:5 | 49289 ||| INVOKING Heroism.
 49329 | Vaults:5 | 49329 ||| INVOKING Heroism.
 49331 | Vaults:5 | Reached skill level 24 in Fighting
 49414 | Vaults:5 | 49414 ||| INVOKING Heroism.
 49422 | Vaults:5 | Reached skill level 21 in Armour
 49423 | Vaults:5 | 49423 ||| READING scroll of enchant weapon.
 49423 | Vaults:5 | 49423 ||| ENCHANTING +2 vampiric broad axe.
 49444 | Vaults:5 | 49444 ||| Stepping ~*~*~tactically~*~*~ (stealth).
 49445 | Vaults:5 | 49445 ||| Stepping ~*~*~tactically~*~*~ (stealth).
 49465 | Vaults:5 | 49465 ||| Stepping ~*~*~tactically~*~*~ (stealth).
 49488 | Vaults:5 | 49488 ||| INVOKING Heroism.
 49517 | Vaults:5 | Identified the +1 robe "Miligul" {*Corrode Str+5} (Okawaru
                  | gifted it to you on level 5 of the Vaults)
 49517 | Vaults:5 | Received a gift from Okawaru
 49526 | Vaults:5 | 49526 ||| Stepping ~*~*~tactically~*~*~ (stealth).
 49552 | Vaults:5 | 49552 ||| Stepping ~*~*~tactically~*~*~ (hiding).
 49560 | Vaults:5 | 49560 ||| INVOKING Heroism.
 49604 | Vaults:5 | Identified the +1 leather armour "Siwak" {Regen+ Int+4
                  | Stlth+}
 49633 | Vaults:5 | Identified the ring of Koogris {Fly rPois Dex+3}
 49656 | Vaults:5 | Noticed an ancient lich
 49656 | Vaults:5 | Noticed a dread lich
 49657 | Vaults:5 | 49657 ||| Stepping ~*~*~tactically~*~*~ (hiding).
 49661 | Vaults:5 | 49661 ||| INVOKING Heroism.
 49662 | Vaults:5 | 49662 ||| INVOKING Finesse.
 49668 | Vaults:5 | Killed an ancient lich
 49675 | Vaults:5 | Killed a dread lich
 49815 | Vaults:5 | 49815 ||| Stepping ~*~*~tactically~*~*~ (hiding).
 49819 | Vaults:5 | 49819 ||| INVOKING Heroism.
 50059 | Vaults:5 | Got a silver rune of Zot
 50069 | Vaults:5 | Identified the ring "Buirph" {rElec rC+ Will- Str+10 Dex-4}
 50254 | Vaults:5 | Identified the +2 buckler "Tyukliul" {Will+ Int+2}
 50315 | Vaults:5 | Identified the +7 plate armour of Fiunn {SInv}
 50325 | Vaults:5 | 50325 ||| DROPPING +0 fire dragon scales.
 50327 | Vaults:5 | 50327 ||| Stepping ~*~*~tactically~*~*~ (hiding).
 50328 | Vaults:5 | 50328 ||| Stepping ~*~*~tactically~*~*~ (hiding).
 50331 | Vaults:5 | 50331 ||| INVOKING Heroism.
 50420 | Vaults:5 | 50420 ||| PLANNING SHOPPING SPREE
 50420 | Vaults:5 | 50420 ||| UPGRADING to +3 plate armour "Xuiwin" {rC+ Int+2
                  | Dex+2 Stlth+}.
 50430 | Vaults:5 | 50430 ||| DROPPING +6 chain mail of Gozag's Approval {rElec
                  | Will+++ Str-5 Stlth-}.
 50431 | Vaults:5 | 50431 ||| UPGRADING to +7 chain mail "Kanuomoa" {Slay+2}.
 50441 | Vaults:5 | 50441 ||| DROPPING +1 pearl dragon scales.
 50442 | Vaults:5 | 50442 ||| UPGRADING to +7 plate armour of Fiunn {SInv}.
 50452 | Vaults:5 | 50452 ||| DROPPING +7 chain mail "Kanuomoa" {Slay+2}.
 50453 | Vaults:5 | 50453 ||| DROPPING amulet of faith.
 50454 | Vaults:5 | 50454 ||| DROPPING ring of fire.
 50455 | Vaults:5 | 50455 ||| DROPPING +4 ring of evasion.
 50456 | Vaults:5 | 50456 ||| UPGRADING to ring of Jogar {rN++ EV+4 Dex+2}.
 50458 | Vaults:5 | 50458 ||| UPGRADING to ring of Qacig {rElec EV+4 Str+2
                  | Dex+4}.
 50460 | Vaults:5 | 50460 ||| UPGRADING to ring of Paranoia {Will+ Str+4 Int+4
                  | SInv}.
 50462 | Vaults:5 | 50462 ||| UPGRADING to ring of Jogar {rN++ EV+4 Dex+2}.
 50464 | Vaults:5 | 50464 ||| DROPPING +4 ring of protection.
 50465 | Vaults:5 | 50465 ||| DROPPING ring of ice.
 50466 | Vaults:5 | 50466 ||| DROPPING ring of willpower.
 50467 | Vaults:5 | 50467 ||| DROPPING ring of protection from cold.
 50468 | Vaults:5 | 50468 ||| DROPPING ring of Koogris {Fly rPois Dex+3}.
 50796 | D:8      | 50796 ||| BUYING moonstone ring (125 gold).
 50796 | D:8      | Bought a moonstone ring for 125 gold pieces
 50796 | D:8      | 50796 ||| BUYING potion of attraction (75 gold).
 50796 | D:8      | Bought a potion of attraction for 75 gold pieces
 50796 | D:8      | 50796 ||| BUYING scroll of teleportation (75 gold).
 50796 | D:8      | Bought a scroll of teleportation for 75 gold pieces
 50796 | D:8      | 50796 ||| DROPPING +6 ring of dexterity.
 51293 | Vaults:4 | 51293 ||| BUYING potion of lignification (57 gold).
 51293 | Vaults:4 | Bought a potion of lignification for 57 gold pieces
 51293 | Vaults:4 | 51293 ||| BUYING potion of mutation (152 gold).
 51293 | Vaults:4 | Bought a potion of mutation for 152 gold pieces
 51293 | Vaults:4 | 51293 ||| BUYING potion of resistance (190 gold).
 51293 | Vaults:4 | Bought a potion of resistance for 190 gold pieces
 51293 | Vaults:4 | 51293 ||| BUYING potion of resistance (190 gold).
 51293 | Vaults:4 | Bought a potion of resistance for 190 gold pieces
 51703 | Snake:1  | 51703 ||| BUYING ring "Ponockaq" {rElec rPois rC+++ Int-2
                  | Dex-4} (789 gold).
 51703 | Snake:1  | Bought the ring "Ponockaq" {rElec rPois rC+++ Int-2 Dex-4}
                  | for 789 gold pieces
 51703 | Snake:1  | 51703 ||| BUYING ring "Teegeon" {rF+ rC++} (693 gold).
 51703 | Snake:1  | Bought the ring "Teegeon" {rF+ rC++} for 693 gold pieces
 51703 | Snake:1  | 51703 ||| DROPPING ring "Wakuow" {rElec rF+ MP+9}.
 51704 | Snake:1  | 51704 ||| CLEARING SHOPPING LIST
 51704 | Snake:1  | 51704 ||| PLANNING ZOT:1-4
 51704 | Snake:1  | 51704 ||| READING 4 scrolls of teleportation.
 52061 | Zot:1    | Entered Level 1 of the Realm of Zot
 52103 | Zot:1    | 52103 ||| Stepping ~*~*~tactically~*~*~ (stealth).
 52103 | Zot:1    | Noticed an orb of fire
 52104 | Zot:1    | 52104 ||| INVOKING Heroism.
 52126 | Zot:1    | Gained mutation: You are robust. (+10% HP) [an orb of fire]
 52127 | Zot:1    | Killed an orb of fire
 52295 | Zot:1    | 52295 ||| Stepping ~*~*~tactically~*~*~ (stealth).
 52297 | Zot:1    | 52297 ||| INVOKING Heroism.
 52305 | Zot:1    | Reached XP level 25. HP: 192/195 MP: 30/30
 52313 | Zot:1    | 52313 ||| Stepping ~*~*~tactically~*~*~ (hiding).
 52332 | Zot:1    | 52332 ||| Stepping ~*~*~tactically~*~*~ (stealth).
 52356 | Zot:1    | Identified the +6 trident of Fiduabuy {flame, rElec Will+++
                  | rCorr Str-5}
 52372 | Zot:1    | 52372 ||| INVOKING Heroism.
 52520 | Zot:1    | Reached skill level 9 in Dodging
 52674 | Zot:1    | 52674 ||| Stepping ~*~*~tactically~*~*~ (hiding).
 52678 | Zot:1    | 52678 ||| INVOKING Heroism.
 52827 | Zot:1    | 52827 ||| INVOKING Heroism.
 52849 | Zot:1    | Received a gift from Okawaru
 53233 | Zot:2    | Noticed an orb of fire
 53234 | Zot:2    | 53234 ||| INVOKING Heroism.
 53235 | Zot:2    | 53235 ||| STAIRDANCE
 53237 | Zot:1    | 53237 ||| INVOKING Finesse.
 53244 | Zot:1    | Gained mutation: You have hidden genetic defects. [an orb
                  | of fire]
 53246 | Zot:1    | Killed an orb of fire
 53296 | Zot:2    | Received a gift from Okawaru
 53326 | Zot:2    | 53326 ||| Stepping ~*~*~tactically~*~*~ (stealth).
 53328 | Zot:2    | 53328 ||| Stepping ~*~*~tactically~*~*~ (hiding).
 53360 | Zot:2    | 53360 ||| INVOKING Heroism.
 53382 | Zot:2    | Received a gift from Okawaru
 53405 | Zot:2    | 53405 ||| Stepping ~*~*~tactically~*~*~ (hiding).
 53408 | Zot:2    | 53408 ||| INVOKING Heroism.
 53434 | Zot:2    | 53434 ||| INVOKING Heroism.
 53466 | Zot:2    | Identified the +11 halberd of the Hills {venom, Fly rC+
                  | Str+2 Dex-3}
 53602 | Zot:2    | Found a runed translucent door.
 53612 | Zot:2    | Noticed Alunk's ghost (legendary GnFi)
 53726 | Zot:2    | 53726 ||| INVOKING Heroism.
 53748 | Zot:2    | 53748 ||| Stepping ~*~*~tactically~*~*~ (hiding).
 53748 | Zot:2    | Gained mutation: Your magical capacity is low. (-10% MP)
                  | [hidden defects]
 53749 | Zot:2    | 53749 ||| Stepping ~*~*~tactically~*~*~ (hiding).
 53750 | Zot:2    | Gained mutation: You sometimes lose your temper in combat.
                  | [mutagenic glow]
 53893 | Zot:2    | 53893 ||| Stepping ~*~*~tactically~*~*~ (stealth).
 53894 | Zot:2    | 53894 ||| DRINKING 6 potions of mutation.
 53894 | Zot:2    | Lost mutation: You have hidden genetic defects. [potion of
                  | mutation]
 53894 | Zot:2    | Lost mutation: You sometimes lose your temper in combat.
                  | [potion of mutation]
 53894 | Zot:2    | Lost mutation: You are robust. (+10% HP) [potion of
                  | mutation]
 53894 | Zot:2    | Gained mutation: You are frail. (-10% HP) [potion of
                  | mutation]
 53895 | Zot:2    | 53895 ||| DRINKING 5 potions of mutation.
 53895 | Zot:2    | Lost mutation: You are clumsy. (Dex -2) [potion of
                  | mutation]
 53895 | Zot:2    | Lost mutation: Your muscles are strong. (Str +4, Int/Dex
                  | -1) [potion of mutation]
 53895 | Zot:2    | Gained mutation: You are occasionally teleported next to
                  | monsters. [potion of mutation]
 53896 | Zot:2    | 53896 ||| DRINKING 4 potions of mutation.
 53896 | Zot:2    | Lost mutation: You are occasionally teleported next to
                  | monsters. [potion of mutation]
 53896 | Zot:2    | Lost mutation: Your magical capacity is low. (-10% MP)
                  | [potion of mutation]
 53896 | Zot:2    | Gained mutation: You have a beak for a mouth. [potion of
                  | mutation]
 53897 | Zot:2    | 53897 ||| DRINKING 3 potions of mutation.
 53897 | Zot:2    | Lost mutation: You are frail. (-10% HP) [potion of
                  | mutation]
 53897 | Zot:2    | Lost mutation: Your flesh is heat resistant. (rF+) [potion
                  | of mutation]
 53897 | Zot:2    | Lost mutation: You have a beak for a mouth. [potion of
                  | mutation]
 53897 | Zot:2    | Gained mutation: You expend magic power (3 MP) to
                  | strengthen your wands. [potion of mutation]
 53897 | Zot:2    | Gained mutation: You are somewhat resistant to further
                  | mutation. [potion of mutation]
 53927 | Zot:2    | 53927 ||| READING scroll of acquirement.
 53927 | Zot:2    | 53927 ||| ACQUIRING 497 gold pieces
 53927 | Zot:2    | Acquired 497 gold pieces
 54022 | Zot:2    | 54022 ||| INVOKING Heroism.
 54051 | Zot:2    | Received a gift from Okawaru
 54054 | Zot:2    | 54054 ||| Stepping ~*~*~tactically~*~*~ (hiding).
 54121 | Zot:2    | 54121 ||| INVOKING Heroism.
 54272 | Zot:2    | 54272 ||| UPGRADING to +2 helmet.
 54321 | Zot:3    | 54321 ||| STAIRDANCE
 54438 | Zot:3    | 54438 ||| Stepping ~*~*~tactically~*~*~ (hiding).
 54439 | Zot:3    | 54439 ||| INVOKING Heroism.
 54484 | Zot:3    | Noticed an orb of fire
 54485 | Zot:3    | 54485 ||| Stepping ~*~*~tactically~*~*~ (stealth).
 54489 | Zot:3    | 54489 ||| DRINKING 4 potions of resistance.
 54490 | Zot:3    | 54490 ||| INVOKING Finesse.
 54497 | Zot:3    | 54497 ||| INVOKING Heroism.
 54503 | Zot:3    | Killed an orb of fire
 54513 | Zot:3    | 54513 ||| Stepping ~*~*~tactically~*~*~ (stealth).
 54516 | Zot:3    | 54516 ||| Stepping ~*~*~tactically~*~*~ (stealth).
 54584 | Zot:3    | 54584 ||| Stepping ~*~*~tactically~*~*~ (stealth).
 54601 | Zot:3    | 54601 ||| INVOKING Heroism.
 54663 | Zot:3    | 54663 ||| Stepping ~*~*~tactically~*~*~ (hiding).
 54666 | Zot:3    | 54666 ||| INVOKING Heroism.
 54697 | Zot:3    | Received a gift from Okawaru
 54903 | Zot:3    | 54903 ||| INVOKING Heroism.
 54963 | Zot:3    | 54963 ||| INVOKING Heroism.
 54963 | Zot:3    | Noticed a Killer Klown
 54964 | Zot:3    | 54964 ||| INVOKING Finesse.
 54982 | Zot:3    | Received a gift from Okawaru
 55020 | Zot:3    | Killed a Killer Klown
 55148 | Zot:3    | 55148 ||| INVOKING Heroism.
 55366 | Zot:3    | 55366 ||| INVOKING Heroism.
 55401 | Zot:3    | Received a gift from Okawaru
 55430 | Zot:3    | 55430 ||| Stepping ~*~*~tactically~*~*~ (hiding).
 55433 | Zot:3    | 55433 ||| INVOKING Heroism.
 55442 | Zot:3    | Reached XP level 26. HP: 188/188 MP: 30/30
 55650 | Zot:3    | 55650 ||| Stepping ~*~*~tactically~*~*~ (hiding).
 55653 | Zot:3    | 55653 ||| INVOKING Heroism.
 55659 | Zot:3    | 55659 ||| Stepping ~*~*~tactically~*~*~ (hiding).
 55695 | Zot:3    | 55695 ||| INVOKING Heroism.
 55705 | Zot:3    | Reached skill level 15 in Throwing
 55726 | Zot:3    | 55726 ||| Stepping ~*~*~tactically~*~*~ (hiding).
 55732 | Zot:3    | Found the +4 dragonskin cloak
 55732 | Zot:3    | Noticed Tiamat
 55733 | Zot:3    | 55733 ||| INVOKING Finesse.
 55747 | Zot:3    | 55747 ||| INVOKING Heroism.
 55795 | Zot:3    | Killed Tiamat
 55839 | Zot:3    | 55839 ||| INVOKING Heroism.
 55841 | Zot:3    | 55841 ||| Stepping ~*~*~tactically~*~*~ (hiding).
 55982 | Zot:3    | Identified the +11 great mace of Jiarr {protect, Will+
                  | Dex+5}
 56376 | Zot:3    | 56376 ||| UPGRADING to +1 tower shield of fire resistance.
 56386 | Zot:3    | 56386 ||| DROPPING +1 leather armour "Vaolaub" {Harm
                  | rCorr}.
 56489 | Zot:4    | 56489 ||| Stepping ~*~*~tactically~*~*~ (hiding).
 56576 | Zot:4    | 56576 ||| Stepping ~*~*~tactically~*~*~ (hiding).
 56622 | Zot:4    | 56622 ||| Stepping ~*~*~tactically~*~*~ (hiding).
 56625 | Zot:4    | 56625 ||| INVOKING Heroism.
 56706 | Zot:4    | 56706 ||| INVOKING Heroism.
 56715 | Zot:4    | Received a gift from Okawaru
 56764 | Zot:4    | 56764 ||| Stepping ~*~*~tactically~*~*~ (hiding).
 56797 | Zot:4    | 56797 ||| Stepping ~*~*~tactically~*~*~ (hiding).
 56804 | Zot:4    | 56804 ||| INVOKING Heroism.
 56856 | Zot:4    | 56856 ||| Stepping ~*~*~tactically~*~*~ (hiding).
 56985 | Zot:4    | 56985 ||| INVOKING Heroism.
 57124 | Zot:4    | 57124 ||| INVOKING Heroism.
 57208 | Zot:4    | 57208 ||| Stepping ~*~*~tactically~*~*~ (hiding).
 57213 | Zot:4    | 57213 ||| INVOKING Heroism.
 57289 | Zot:4    | 57289 ||| Stepping ~*~*~tactically~*~*~ (hiding).
 57292 | Zot:4    | 57292 ||| INVOKING Heroism.
 57304 | Zot:4    | Noticed a dread lich
 57305 | Zot:4    | 57305 ||| INVOKING Finesse.
 57311 | Zot:4    | Noticed a dread lich
 57316 | Zot:4    | Paralysed by a dread lich for 3 turns
 57329 | Zot:4    | Killed a dread lich
 57330 | Zot:4    | Reached skill level 12 in Dodging
 57330 | Zot:4    | Killed a dread lich
 57509 | Zot:4    | Identified the +8 battleaxe of Yrghep {venom, rC++}
 57516 | Zot:4    | 57516 ||| PLANNING THE SHINING ONE WORSHIP
 57608 | Zot:2    | 57608 ||| Stepping ~*~*~tactically~*~*~ (hiding).
 57613 | Zot:2    | 57613 ||| INVOKING Heroism.
 57820 | Depths:2 | Fell from the grace of Okawaru
 57820 | Depths:2 | Became a worshipper of the Shining One
 57821 | Depths:2 | 57821 ||| PLANNING CRYPT
 57821 | Depths:2 | 57821 ||| SWAPPING to +6 broad axe of flaming.
 57822 | Depths:2 | 57822 ||| DROPPING +3 vampiric broad axe.
 57823 | Depths:2 | 57823 ||| READING scroll of brand weapon.
 57823 | Depths:2 | 57823 ||| BRANDING +6 broad axe of flaming.
 58188 | Crypt:1  | Entered Level 1 of the Crypt
 58250 | Crypt:1  | 58250 ||| Stepping ~*~*~tactically~*~*~ (stealth).
 58252 | Crypt:1  | 58252 ||| Stepping ~*~*~tactically~*~*~ (stealth).
 58298 | Crypt:1  | Reached * piety under the Shining One
 58440 | Crypt:1  | Reached ** piety under the Shining One
 58626 | Crypt:1  | Reached *** piety under the Shining One
 58633 | Crypt:1  | 58633 ||| Stepping ~*~*~tactically~*~*~ (hiding).
 58821 | Crypt:1  | Reached skill level 12 in Invocations
 58839 | Crypt:1  | Found a basalt altar of Yredelemnul.
 58849 | Crypt:1  | 58849 ||| Stepping ~*~*~tactically~*~*~ (stealth).
 58853 | Crypt:1  | 58853 ||| Stepping ~*~*~tactically~*~*~ (stealth).
 58855 | Crypt:1  | 58855 ||| Stepping ~*~*~tactically~*~*~ (stealth).
 58901 | Crypt:1  | Reached **** piety under the Shining One
 58984 | Crypt:1  | 58984 ||| Stepping ~*~*~tactically~*~*~ (hiding).
 58987 | Crypt:1  | 58987 ||| Stepping ~*~*~tactically~*~*~ (hiding).
 58999 | Crypt:1  | 58999 ||| Stepping ~*~*~tactically~*~*~ (hiding).
 59039 | Crypt:1  | Identified the +5 hand axe "Qeowneow" {elec, rF++}
 59410 | Crypt:1  | 59410 ||| DROPPING ring of Paranoia {Will+ Str+4 Int+4
                  | SInv}.
 59444 | Crypt:2  | 59444 ||| STAIRDANCE
 59467 | Crypt:2  | Reached ***** piety under the Shining One
 59503 | Crypt:2  | 59503 ||| Stepping ~*~*~tactically~*~*~ (stealth).
 59504 | Crypt:2  | 59504 ||| Stepping ~*~*~tactically~*~*~ (stealth).
 59587 | Crypt:2  | Reached XP level 27. HP: 168/196 MP: 33/33
 59654 | Crypt:2  | 59654 ||| Stepping ~*~*~tactically~*~*~ (hiding).
 59656 | Crypt:2  | 59656 ||| Stepping ~*~*~tactically~*~*~ (hiding).
 59768 | Crypt:2  | 59768 ||| INVOKING Cleansing Flame.
 59867 | Crypt:2  | Found a basalt altar of Yredelemnul.
 59873 | Crypt:2  | Reached ****** piety under the Shining One
 59941 | Crypt:2  | 59941 ||| INVOKING Brand Weapon With Holy Wrath.
 59941 | Crypt:2  | Identified a +8 broad axe of holy wrath (a +6 broad axe of
                  | protection blessed by the Shining One)
 59941 | Crypt:2  | Received a gift from the Shining One
 59991 | Crypt:2  | 59991 ||| Stepping ~*~*~tactically~*~*~ (stealth).
 60230 | Crypt:2  | 60230 ||| DRINKING 22 potions of curing.
 60230 | Crypt:2  | 60230 ||| (to cure confusion)
 60262 | Crypt:2  | 60262 ||| DROPPING +1 tower shield of the Desert {rN+
                  | Int+6}.
 60271 | Crypt:3  | Entered Level 3 of the Crypt
 60281 | Crypt:3  | Reached skill level 15 in Invocations
 60376 | Crypt:3  | Noticed Xtahua
 60382 | Crypt:3  | Killed Xtahua
 60387 | Crypt:3  | 60387 ||| Stepping ~*~*~tactically~*~*~ (hiding).
 60392 | Crypt:3  | 60392 ||| INVOKING Summon Divine Warrior.
 60512 | Crypt:3  | Noticed a dread lich
 60518 | Crypt:3  | 60518 ||| INVOKING Cleansing Flame.
 60522 | Crypt:3  | Killed a dread lich
 60527 | Crypt:3  | 60527 ||| INVOKING Cleansing Flame.
 60688 | Crypt:3  | 60688 ||| Stepping ~*~*~tactically~*~*~ (hiding).
 60693 | Crypt:3  | 60693 ||| Stepping ~*~*~tactically~*~*~ (hiding).
 60754 | Crypt:3  | 60754 ||| Stepping ~*~*~tactically~*~*~ (hiding).
 60759 | Crypt:3  | Noticed a royal mummy
 60760 | Crypt:3  | 60760 ||| INVOKING Summon Divine Warrior.
 60761 | Crypt:3  | Noticed a royal mummy
 60764 | Crypt:3  | 60764 ||| INVOKING Cleansing Flame.
 60765 | Crypt:3  | 60765 ||| INVOKING Cleansing Flame.
 60766 | Crypt:3  | 60766 ||| INVOKING Cleansing Flame.
 60767 | Crypt:3  | 60767 ||| INVOKING Cleansing Flame.
 60768 | Crypt:3  | 60768 ||| INVOKING Cleansing Flame.
 60768 | Crypt:3  | Killed a royal mummy
 60770 | Crypt:3  | 60770 ||| INVOKING Cleansing Flame.
 60771 | Crypt:3  | 60771 ||| INVOKING Cleansing Flame.
 60771 | Crypt:3  | Noticed Khufu
 60772 | Crypt:3  | 60772 ||| INVOKING Cleansing Flame.
 60773 | Crypt:3  | 60773 ||| INVOKING Cleansing Flame.
 60774 | Crypt:3  | Killed a royal mummy
 60788 | Crypt:3  | Killed Khufu
 60805 | Crypt:3  | 60805 ||| INVOKING Summon Divine Warrior.
 61006 | Crypt:3  | Found an ancient bone altar of Kikubaaqudgha.
 61043 | Crypt:3  | Found a staircase to the Tomb.
 61046 | Crypt:3  | Identified the +8 glaive "Cyplecle" {freeze, SInv}
 61337 | Crypt:3  | Identified the +1 chain mail of Complete Protection
                  | {Rampage Int-3 Dex+6}
 61412 | Crypt:3  | Reached skill level 18 in Invocations
 61539 | Crypt:3  | 61539 ||| PLANNING TOMB
 61570 | Tomb:1   | Entered Level 1 of the Tomb of the Ancients
 61634 | Tomb:1   | Paralysed by a sphinx for 4 turns
 61645 | Tomb:1   | 61645 ||| DRINKING 21 potions of curing.
 61645 | Tomb:1   | 61645 ||| (to cure confusion)
 61675 | Tomb:1   | Noticed Boris
 61676 | Tomb:1   | 61676 ||| INVOKING Summon Divine Warrior.
 61679 | Tomb:1   | 61679 ||| INVOKING Cleansing Flame.
 61682 | Tomb:1   | Killed Boris
 61746 | Tomb:1   | 61746 ||| INVOKING Cleansing Flame.
 61930 | Tomb:1   | 61930 ||| INVOKING Cleansing Flame.
 61931 | Tomb:1   | 61931 ||| INVOKING Cleansing Flame.
 62268 | Tomb:1   | 62268 ||| DROPPING +2 pair of boots of stealth.
 62357 | Tomb:2   | 62357 ||| DRINKING 7 potions of haste.
 62358 | Tomb:2   | 62358 ||| DRINKING 16 potions of attraction.
 62359 | Tomb:2   | 62359 ||| INVOKING Cleansing Flame.
 62360 | Tomb:2   | 62360 ||| INVOKING Cleansing Flame.
 62360 | Tomb:2   | Noticed a royal mummy
 62361 | Tomb:2   | Noticed a royal mummy
 62361 | Tomb:2   | 62361 ||| INVOKING Summon Divine Warrior.
 62362 | Tomb:2   | Noticed a royal mummy
 62362 | Tomb:2   | Noticed a royal mummy
 62364 | Tomb:2   | Noticed a royal mummy
 62367 | Tomb:2   | 62367 ||| INVOKING Cleansing Flame.
 62367 | Tomb:2   | Killed a royal mummy
 62370 | Tomb:2   | Killed a royal mummy
 62370 | Tomb:2   | Killed a royal mummy
 62371 | Tomb:2   | Killed a royal mummy
 62374 | Tomb:2   | Killed a royal mummy
 62376 | Tomb:2   | 62376 ||| INVOKING Cleansing Flame.
 62377 | Tomb:2   | 62377 ||| INVOKING Cleansing Flame.
 62391 | Tomb:2   | 62391 ||| INVOKING Cleansing Flame.
 62430 | Tomb:2   | 62430 ||| INVOKING Cleansing Flame.
 62431 | Tomb:2   | 62431 ||| INVOKING Cleansing Flame.
 62440 | Tomb:2   | 62440 ||| INVOKING Cleansing Flame.
 62448 | Tomb:2   | 62448 ||| Stepping ~*~*~tactically~*~*~ (hiding).
 62452 | Tomb:2   | 62452 ||| INVOKING Cleansing Flame.
 62453 | Tomb:2   | 62453 ||| INVOKING Cleansing Flame.
 62724 | Tomb:1   | Noticed a royal mummy
 62725 | Tomb:1   | 62725 ||| Stepping ~*~*~tactically~*~*~ (stealth).
 62727 | Tomb:1   | 62727 ||| INVOKING Cleansing Flame.
 62728 | Tomb:1   | 62728 ||| INVOKING Summon Divine Warrior.
 62731 | Tomb:1   | Killed a royal mummy
 62732 | Tomb:1   | Reached skill level 21 in Invocations
 62737 | Tomb:1   | Noticed a royal mummy
 62743 | Tomb:1   | Killed a royal mummy
 62752 | Tomb:1   | Noticed a royal mummy
 62756 | Tomb:1   | Noticed a royal mummy
 62757 | Tomb:1   | Killed a royal mummy
 62760 | Tomb:1   | 62760 ||| INVOKING Cleansing Flame.
 62761 | Tomb:1   | 62761 ||| INVOKING Cleansing Flame.
 62762 | Tomb:1   | 62762 ||| INVOKING Cleansing Flame.
 62762 | Tomb:1   | Killed a royal mummy
 62786 | Tomb:1   | Noticed a royal mummy
 62791 | Tomb:1   | 62791 ||| INVOKING Cleansing Flame.
 62792 | Tomb:1   | 62792 ||| INVOKING Cleansing Flame.
 62792 | Tomb:1   | Killed a royal mummy
 62849 | Tomb:1   | Noticed a royal mummy
 62851 | Tomb:1   | Noticed a royal mummy
 62852 | Tomb:1   | Noticed a royal mummy
 62853 | Tomb:1   | 62853 ||| INVOKING Cleansing Flame.
 62854 | Tomb:1   | 62854 ||| INVOKING Cleansing Flame.
 62854 | Tomb:1   | Noticed a royal mummy
 62855 | Tomb:1   | 62855 ||| INVOKING Cleansing Flame.
 62856 | Tomb:1   | 62856 ||| INVOKING Cleansing Flame.
 62856 | Tomb:1   | Noticed a royal mummy
 62857 | Tomb:1   | 62857 ||| INVOKING Cleansing Flame.
 62858 | Tomb:1   | 62858 ||| INVOKING Cleansing Flame.
 62858 | Tomb:1   | Killed a royal mummy
 62859 | Tomb:1   | 62859 ||| INVOKING Summon Divine Warrior.
 62860 | Tomb:1   | 62860 ||| INVOKING Cleansing Flame.
 62861 | Tomb:1   | 62861 ||| INVOKING Cleansing Flame.
 62863 | Tomb:1   | 62863 ||| DRINKING 7 potions of magic.
 62864 | Tomb:1   | 62864 ||| INVOKING Summon Divine Warrior.
 62866 | Tomb:1   | Killed a royal mummy
 62868 | Tomb:1   | Killed a royal mummy
 62869 | Tomb:1   | Killed a royal mummy
 62870 | Tomb:1   | 62870 ||| INVOKING Cleansing Flame.
 62871 | Tomb:1   | 62871 ||| INVOKING Cleansing Flame.
 62871 | Tomb:1   | HP: 48/196 [royal mummy/divine providence (12)]
 62871 | Tomb:1   | Killed a royal mummy
 63058 | Tomb:1   | Noticed a royal mummy
 63061 | Tomb:1   | 63061 ||| INVOKING Cleansing Flame.
 63067 | Tomb:1   | Noticed a royal mummy
 63069 | Tomb:1   | Killed a royal mummy
 63070 | Tomb:1   | Noticed a royal mummy
 63072 | Tomb:1   | Noticed a royal mummy
 63078 | Tomb:1   | 63078 ||| INVOKING Cleansing Flame.
 63080 | Tomb:1   | Killed a royal mummy
 63082 | Tomb:1   | Noticed a royal mummy
 63084 | Tomb:1   | Killed a royal mummy
 63086 | Tomb:1   | 63086 ||| INVOKING Summon Divine Warrior.
 63088 | Tomb:1   | Killed a royal mummy
 63094 | Tomb:1   | Noticed a royal mummy
 63095 | Tomb:1   | Noticed a royal mummy
 63096 | Tomb:1   | 63096 ||| INVOKING Summon Divine Warrior.
 63096 | Tomb:1   | HP: 45/196 [royal mummy/divine providence (14)]
 63097 | Tomb:1   | 63097 ||| READING 11 scrolls of teleportation.
 63097 | Tomb:1   | Noticed a royal mummy
 63098 | Tomb:1   | 63098 ||| DRINKING 16 potions of heal wounds.
 63099 | Tomb:1   | 63099 ||| DRINKING 15 potions of heal wounds.
 63180 | Tomb:1   | Was forgiven by Okawaru
 63400 | Tomb:1   | 63400 ||| INVOKING Cleansing Flame.
 63407 | Tomb:1   | 63407 ||| INVOKING Summon Divine Warrior.
 63407 | Tomb:1   | Noticed a royal mummy
 63416 | Tomb:1   | Noticed a royal mummy
 63417 | Tomb:1   | 63417 ||| INVOKING Cleansing Flame.
 63418 | Tomb:1   | 63418 ||| INVOKING Cleansing Flame.
 63422 | Tomb:1   | 63422 ||| INVOKING Summon Divine Warrior.
 63423 | Tomb:1   | Killed a royal mummy
 63425 | Tomb:1   | Killed a royal mummy
 63431 | Tomb:1   | Killed a royal mummy
 63432 | Tomb:1   | 63432 ||| INVOKING Cleansing Flame.
 63432 | Tomb:1   | Killed a royal mummy
 63505 | Tomb:1   | 63505 ||| INVOKING Cleansing Flame.
 63506 | Tomb:1   | 63506 ||| INVOKING Cleansing Flame.
 63506 | Tomb:1   | Killed a royal mummy
 63558 | Tomb:1   | Noticed a royal mummy
 63563 | Tomb:1   | 63563 ||| INVOKING Cleansing Flame.
 63565 | Tomb:1   | Killed a royal mummy
 63612 | Tomb:1   | Noticed a royal mummy
 63613 | Tomb:1   | 63613 ||| INVOKING Summon Divine Warrior.
 63618 | Tomb:1   | 63618 ||| INVOKING Cleansing Flame.
 63619 | Tomb:1   | 63619 ||| INVOKING Cleansing Flame.
 63620 | Tomb:1   | 63620 ||| INVOKING Cleansing Flame.
 63621 | Tomb:1   | 63621 ||| INVOKING Cleansing Flame.
 63621 | Tomb:1   | Killed a royal mummy
 63698 | Tomb:1   | 63698 ||| INVOKING Cleansing Flame.
 63699 | Tomb:1   | 63699 ||| INVOKING Cleansing Flame.
 63700 | Tomb:1   | 63700 ||| INVOKING Cleansing Flame.
 63700 | Tomb:1   | Killed a royal mummy
 63713 | Tomb:1   | Noticed a royal mummy
 63724 | Tomb:1   | Killed a royal mummy
 64187 | Tomb:2   | 64187 ||| INVOKING Cleansing Flame.
 64195 | Tomb:2   | 64195 ||| INVOKING Cleansing Flame.
 64204 | Tomb:2   | 64204 ||| INVOKING Cleansing Flame.
 64210 | Tomb:2   | 64210 ||| INVOKING Cleansing Flame.
 64220 | Tomb:2   | Gained mutation: You are frail. (-10% HP) [mutagenic glow]
 64242 | Tomb:2   | Gained mutation: You are weak. (Str -2) [mutagenic glow]
 64323 | Tomb:2   | 64323 ||| DRINKING 6 potions of mutation.
 64323 | Tomb:2   | Lost mutation: You are frail. (-10% HP) [potion of
                  | mutation]
 64323 | Tomb:2   | Lost mutation: You expend magic power (3 MP) to strengthen
                  | your wands. [potion of mutation]
 64323 | Tomb:2   | Lost mutation: You are somewhat resistant to further
                  | mutation. [potion of mutation]
 64323 | Tomb:2   | Gained mutation: You are partially covered in iridescent
                  | scales. (AC +2) [potion of mutation]
 64323 | Tomb:2   | Gained mutation: You are strong-willed. (Will+) [potion of
                  | mutation]
 64323 | Tomb:2   | Gained mutation: You expend magic power (3 MP) to
                  | strengthen your wands. [potion of mutation]
 64512 | Tomb:3   | Entered Level 3 of the Tomb of the Ancients
 64513 | Tomb:3   | 64513 ||| DRINKING 6 potions of haste.
 64514 | Tomb:3   | 64514 ||| DRINKING 15 potions of attraction.
 64558 | Tomb:3   | Reached skill level 24 in Invocations
 64576 | Tomb:3   | 64576 ||| INVOKING Cleansing Flame.
 64576 | Tomb:3   | Paralysed by a Zot trap for 3 turns
 64587 | Tomb:3   | 64587 ||| INVOKING Cleansing Flame.
 64589 | Tomb:3   | 64589 ||| INVOKING Cleansing Flame.
 64589 | Tomb:3   | Noticed a royal mummy
 64590 | Tomb:3   | 64590 ||| INVOKING Summon Divine Warrior.
 64593 | Tomb:3   | 64593 ||| INVOKING Cleansing Flame.
 64594 | Tomb:3   | Found the +18 shield of the Gong {rElec rN+ Will+ EV-5}
 64595 | Tomb:3   | 64595 ||| Stepping ~*~*~tactically~*~*~ (hiding).
 64607 | Tomb:3   | Found the dreamshard necklace {*Dream Drain}
 64612 | Tomb:3   | 64612 ||| INVOKING Cleansing Flame.
 64613 | Tomb:3   | 64613 ||| INVOKING Cleansing Flame.
 64613 | Tomb:3   | Killed a royal mummy
 64621 | Tomb:3   | 64621 ||| INVOKING Cleansing Flame.
 64626 | Tomb:3   | Noticed a royal mummy
 64626 | Tomb:3   | Noticed a royal mummy
 64626 | Tomb:3   | Noticed a royal mummy
 64626 | Tomb:3   | Noticed a royal mummy
 64627 | Tomb:3   | 64627 ||| INVOKING Cleansing Flame.
 64628 | Tomb:3   | 64628 ||| INVOKING Cleansing Flame.
 64629 | Tomb:3   | 64629 ||| INVOKING Cleansing Flame.
 64630 | Tomb:3   | 64630 ||| INVOKING Cleansing Flame.
 64630 | Tomb:3   | Killed a royal mummy
 64631 | Tomb:3   | 64631 ||| INVOKING Cleansing Flame.
 64631 | Tomb:3   | Killed a royal mummy
 64632 | Tomb:3   | 64632 ||| INVOKING Cleansing Flame.
 64634 | Tomb:3   | Noticed a royal mummy
 64635 | Tomb:3   | 64635 ||| INVOKING Cleansing Flame.
 64635 | Tomb:3   | Killed a royal mummy
 64636 | Tomb:3   | 64636 ||| INVOKING Cleansing Flame.
 64637 | Tomb:3   | 64637 ||| INVOKING Cleansing Flame.
 64638 | Tomb:3   | Noticed a royal mummy
 64639 | Tomb:3   | 64639 ||| INVOKING Cleansing Flame.
 64639 | Tomb:3   | Killed a royal mummy
 64642 | Tomb:3   | 64642 ||| INVOKING Cleansing Flame.
 64642 | Tomb:3   | Killed a royal mummy
 64643 | Tomb:3   | 64643 ||| INVOKING Cleansing Flame.
 64646 | Tomb:3   | Killed a royal mummy
 64753 | Tomb:3   | Identified the +1 war axe "Babeim" {elec, Fly rC- rN+++
                  | Dex-2}
 64754 | Tomb:3   | Identified the amulet "Jynor" {rC+ Regen+ Dex+4 Slay+2}
 64763 | Tomb:3   | Identified the +3 chain mail of the Trees {rElec Will-
                  | Dex+2}
 64768 | Tomb:3   | Identified the +7 war axe "Sefaid" {protect, rN+ Str+4
                  | Int+3 Dex+4}
 64847 | Tomb:3   | Got a golden rune of Zot
 65059 | Tomb:3   | Noticed a royal mummy
 65060 | Tomb:3   | 65060 ||| INVOKING Cleansing Flame.
 65064 | Tomb:3   | Killed a royal mummy
 65194 | Tomb:3   | Noticed a royal mummy
 65198 | Tomb:3   | Killed a royal mummy
 65212 | Tomb:3   | 65212 ||| PLANNING PAN
 65212 | Tomb:3   | 65212 ||| DROPPING +2 plate armour of cold resistance.
 65213 | Tomb:3   | 65213 ||| UPGRADING to +18 shield of the Gong {rElec rN+
                  | Will+ EV-5}.
 65223 | Tomb:3   | 65223 ||| DROPPING +1 pair of boots of rampaging.
 65224 | Tomb:3   | 65224 ||| UPGRADING to amulet "Jynor" {rC+ Regen+ Dex+4
                  | Slay+2}.
 65234 | Tomb:3   | 65234 ||| DROPPING amulet of Elyvilon's Anger {Regen+
                  | MP+9}.
 65939 | Pan      | Entered the realm of Mnoleg.
 65939 | Pan      | Entered Pandemonium
 65946 | Pan      | Gained mutation: You have hidden genetic defects. [a
                  | cacodemon]
 65951 | Pan      | Gained mutation: Your spells are a little easier to cast,
                  | but a little less powerful. [a neqoxec]
 65958 | Pan      | Gained mutation: You are occasionally teleported next to
                  | monsters. [a cacodemon]
 65962 | Pan      | Gained mutation: Your body sometimes deteriorates upon
                  | taking damage. [a cacodemon]
 65974 | Pan      | 65974 ||| DRINKING 5 potions of mutation.
 65974 | Pan      | Lost mutation: Your spells are a little easier to cast, but
                  | a little less powerful. [potion of mutation]
 65974 | Pan      | Lost mutation: You are strong-willed. (Will+) [potion of
                  | mutation]
 65974 | Pan      | Lost mutation: You are occasionally teleported next to
                  | monsters. [potion of mutation]
 65974 | Pan      | Gained mutation: Your body often deteriorates upon taking
                  | damage. [potion of mutation]
 65974 | Pan      | Lost mutation: You are weak. (Str -2) [potion of mutation]
 65975 | Pan      | 65975 ||| DRINKING 4 potions of mutation.
 65975 | Pan      | Lost mutation: You are partially covered in iridescent
                  | scales. (AC +2) [potion of mutation]
 65975 | Pan      | Lost mutation: You expend magic power (3 MP) to strengthen
                  | your wands. [potion of mutation]
 65975 | Pan      | Lost mutation: You have hidden genetic defects. [potion of
                  | mutation]
 65975 | Pan      | Lost mutation: Your body often deteriorates upon taking
                  | damage. [potion of mutation]
 65975 | Pan      | Gained mutation: You have a pair of small horns on your
                  | head. [potion of mutation]
 65986 | Pan      | 65986 ||| Stepping ~*~*~tactically~*~*~ (stealth).
 65997 | Pan      | Gained mutation: You are vulnerable to cold. (rC-) [a
                  | cacodemon]
 66016 | Pan      | Gained mutation: You have hidden genetic defects. [a
                  | cacodemon]
 66022 | Pan      | Gained mutation: Armour fits poorly on your strangely
                  | shaped body. [a cacodemon]
 66025 | Pan      | Gained mutation: You are frail. (-10% HP) [a cacodemon]
 66026 | Pan      | Gained mutation: You occasionally lose the ability to read
                  | scrolls when taking damage. [a neqoxec]
 66030 | Pan      | Gained mutation: You are clumsy. (Dex -2) [a cacodemon]
 66033 | Pan      | Gained mutation: You sometimes lose your temper in combat.
                  | [a neqoxec]
 66047 | Pan      | Gained mutation: You have a pair of horns on your head. [a
                  | cacodemon]
 66055 | Pan      | 66055 ||| Stepping ~*~*~tactically~*~*~ (stealth).
 66063 | Pan      | 66063 ||| Stepping ~*~*~tactically~*~*~ (hiding).
 66073 | Pan      | Lost mutation: Your body sometimes deteriorates upon taking
                  | damage. [a cacodemon]
 66077 | Pan      | Gained mutation: You are very frail. (-20% HP) [a
                  | cacodemon]
 66195 | Pan      | 66195 ||| DRINKING 3 potions of mutation.
 66195 | Pan      | Lost mutation: You are vulnerable to cold. (rC-) [potion of
                  | mutation]
 66195 | Pan      | Lost mutation: You have hidden genetic defects. [potion of
                  | mutation]
 66195 | Pan      | Gained mutation: You have hidden genetic potential. [potion
                  | of mutation]
 66195 | Pan      | Gained mutation: You are strong-willed. (Will+) [potion of
                  | mutation]
 66196 | Pan      | 66196 ||| DRINKING 2 potions of mutation.
 66196 | Pan      | Lost mutation: You have hidden genetic potential. [potion
                  | of mutation]
 66196 | Pan      | Lost mutation: You sometimes lose your temper in combat.
                  | [potion of mutation]
 66196 | Pan      | Lost mutation: You are strong-willed. (Will+) [potion of
                  | mutation]
 66196 | Pan      | Lost mutation: You are very frail. (-20% HP) [potion of
                  | mutation]
 66207 | Pan      | 66207 ||| DRINKING potion of mutation.
 66207 | Pan      | Lost mutation: You occasionally lose the ability to read
                  | scrolls when taking damage. [potion of mutation]
 66207 | Pan      | Lost mutation: You are frail. (-10% HP) [potion of
                  | mutation]
 66207 | Pan      | Lost mutation: Armour fits poorly on your strangely shaped
                  | body. [potion of mutation]
 66207 | Pan      | Lost mutation: You are clumsy. (Dex -2) [potion of
                  | mutation]
 66207 | Pan      | Gained mutation: You are partially covered in iridescent
                  | scales. (AC +2) [potion of mutation]
 66207 | Pan      | Gained mutation: You are strong-willed. (Will+) [potion of
                  | mutation]
 66207 | Pan      | Gained mutation: You have a pair of large horns on your
                  | head. [potion of mutation]
 66294 | Pan      | 66294 ||| Stepping ~*~*~tactically~*~*~ (stealth).
 66295 | Pan      | 66295 ||| Stepping ~*~*~tactically~*~*~ (stealth).
 66300 | Pan      | 66300 ||| Stepping ~*~*~tactically~*~*~ (stealth).
 66363 | Pan      | Noticed Mnoleg
 66364 | Pan      | 66364 ||| INVOKING Cleansing Flame.
 66365 | Pan      | 66365 ||| INVOKING Summon Divine Warrior.
 66373 | Pan      | Killed Mnoleg
 66412 | Pan      | Gained mutation: Your magical capacity is low. (-10% MP) [a
                  | neqoxec]
 66415 | Pan      | Gained mutation: Your body sometimes deteriorates upon
                  | taking damage. [a neqoxec]
 66417 | Pan      | Gained mutation: You are vulnerable to cold. (rC-) [a
                  | neqoxec]
 66429 | Pan      | 66429 ||| Stepping ~*~*~tactically~*~*~ (hiding).
 66430 | Pan      | 66430 ||| Stepping ~*~*~tactically~*~*~ (hiding).
 66438 | Pan      | 66438 ||| Stepping ~*~*~tactically~*~*~ (hiding).
 66456 | Pan      | Gained mutation: Armour fits poorly on your strangely
                  | shaped body. [a cacodemon]
 66684 | Pan      | Gained mutation: You are robust. (+10% HP) [a cacodemon]
 66692 | Pan      | Reached skill level 1 in Short Blades
 66719 | Pan      | Got a glowing rune of Zot
 66900 | Pan      | Lost mutation: You are robust. (+10% HP) [a neqoxec]
 66908 | Pan      | 66908 ||| DROPPING +2 helmet.
 66930 | Pan      | 66930 ||| INVOKING Summon Divine Warrior.
 66934 | Pan      | 66934 ||| INVOKING Cleansing Flame.
 66962 | Pan      | Reached skill level 27 in Invocations
 67130 | Pan      | Found a runed translucent door.
 67230 | Pan      | 67230 ||| INVOKING Cleansing Flame.
 67238 | Pan      | Gained mutation: Your body often deteriorates upon taking
                  | damage. [a neqoxec]
 67461 | Pan      | Gained mutation: You occasionally lose the ability to read
                  | scrolls when taking damage. [a neqoxec]
 67610 | Pan      | Noticed Siliqom the pandemonium lord
 67624 | Pan      | Killed Siliqom the pandemonium lord
 67629 | Pan      | 67629 ||| INVOKING Cleansing Flame.
 67630 | Pan      | 67630 ||| INVOKING Cleansing Flame.
 67635 | Pan      | 67635 ||| INVOKING Cleansing Flame.
 67678 | Pan      | 67678 ||| PLANNING D:1-11
 67678 | Pan      | 67678 ||| SWAPPING to +7 war axe "Sefaid" {protect, rN+
                  | Str+4 Int+3 Dex+4}.
 67818 | Pan      | 67818 ||| Stepping ~*~*~tactically~*~*~ (hiding).
 67920 | Pan      | Entered the realm of Cerebov.
 67978 | Pan      | 67978 ||| INVOKING Summon Divine Warrior.
 67986 | Pan      | 67986 ||| INVOKING Cleansing Flame.
 67991 | Pan      | 67991 ||| INVOKING Cleansing Flame.
 67999 | Pan      | 67999 ||| INVOKING Cleansing Flame.
 68000 | Pan      | 68000 ||| INVOKING Cleansing Flame.
 68001 | Pan      | 68001 ||| INVOKING Cleansing Flame.
 68004 | Pan      | 68004 ||| Stepping ~*~*~tactically~*~*~ (hiding).
 68005 | Pan      | 68005 ||| Stepping ~*~*~tactically~*~*~ (hiding).
 68006 | Pan      | 68006 ||| Stepping ~*~*~tactically~*~*~ (hiding).
 68007 | Pan      | 68007 ||| Stepping ~*~*~tactically~*~*~ (hiding).
 68129 | Pan      | 68129 ||| Stepping ~*~*~tactically~*~*~ (stealth).
 68133 | Pan      | 68133 ||| Stepping ~*~*~tactically~*~*~ (hiding).
 68136 | Pan      | 68136 ||| Stepping ~*~*~tactically~*~*~ (hiding).
 68137 | Pan      | Found the +6 sword of Cerebov {flame}
 68137 | Pan      | Noticed Cerebov
 68138 | Pan      | 68138 ||| DRINKING 6 potions of haste.
 68139 | Pan      | 68139 ||| DRINKING 3 potions of resistance.
 68140 | Pan      | 68140 ||| INVOKING Summon Divine Warrior.
 68141 | Pan      | 68141 ||| DRINKING 13 potions of might.
 68145 | Pan      | 68145 ||| INVOKING Cleansing Flame.
 68146 | Pan      | 68146 ||| INVOKING Cleansing Flame.
 68147 | Pan      | 68147 ||| INVOKING Cleansing Flame.
 68148 | Pan      | 68148 ||| INVOKING Cleansing Flame.
 68149 | Pan      | 68149 ||| INVOKING Cleansing Flame.
 68150 | Pan      | 68150 ||| INVOKING Cleansing Flame.
 68171 | Pan      | 68171 ||| INVOKING Summon Divine Warrior.
 68173 | Pan      | Killed Cerebov
 68287 | Pan      | 68287 ||| DRINKING potion of mutation.
 68287 | Pan      | Lost mutation: You occasionally lose the ability to read
                  | scrolls when taking damage. [potion of mutation]
 68287 | Pan      | Lost mutation: You are strong-willed. (Will+) [potion of
                  | mutation]
 68287 | Pan      | Lost mutation: Armour fits poorly on your strangely shaped
                  | body. [potion of mutation]
 68287 | Pan      | Gained mutation: You are strong-willed. (Will+) [potion of
                  | mutation]
 68287 | Pan      | Gained mutation: Your spells are a little easier to cast,
                  | but a little less powerful. [potion of mutation]
 68287 | Pan      | Gained mutation: You expend magic power (3 MP) to
                  | strengthen your wands. [potion of mutation]
 68303 | Pan      | Identified the +7 longbow "Suucheig" {speed, Will+ Str+6}
 68327 | Pan      | Got a fiery rune of Zot
 68386 | Pan      | Identified the +6 plate armour of Thoughtfulness {rC+ MP+9
                  | Stlth+}
 68389 | Pan      | Identified the +0 pair of boots of the Armadillo {rPois
                  | SInv}
 68407 | Pan      | Identified the +4 flail "Ussous" {venom, *Corrode rElec rC-
                  | Dex+8}
 68453 | Pan      | 68453 ||| INVOKING Cleansing Flame.
 68772 | Pan      | Identified the ring of Suykuqej {rElec Will++ rCorr Int+6}
 68882 | Pan      | 68882 ||| DROPPING +0 pair of boots of the Armadillo {rPois
                  | SInv}.
 68883 | Pan      | 68883 ||| DROPPING +3 plate armour "Xuiwin" {rC+ Int+2
                  | Dex+2 Stlth+}.
 68884 | Pan      | 68884 ||| DROPPING ring of Doeprobu {rElec rCorr SInv
                  | Stlth+}.
 68885 | Pan      | 68885 ||| DROPPING ring of protection from fire.
 68921 | Pan      | 68921 ||| INVOKING Cleansing Flame.
 68922 | Pan      | Reached skill level 15 in Dodging
 68956 | Pan      | 68956 ||| Stepping ~*~*~tactically~*~*~ (hiding).
 68962 | Pan      | 68962 ||| INVOKING Summon Divine Warrior.
 68964 | Pan      | 68964 ||| INVOKING Cleansing Flame.
 68965 | Pan      | 68965 ||| INVOKING Cleansing Flame.
 68988 | Pan      | 68988 ||| INVOKING Cleansing Flame.
 68989 | Pan      | 68989 ||| INVOKING Cleansing Flame.
 69276 | Pan      | Noticed Plog the pandemonium lord
 69278 | Pan      | 69278 ||| INVOKING Cleansing Flame.
 69279 | Pan      | 69279 ||| INVOKING Cleansing Flame.
 69280 | Pan      | 69280 ||| INVOKING Cleansing Flame.
 69281 | Pan      | 69281 ||| INVOKING Cleansing Flame.
 69281 | Pan      | Killed Plog the pandemonium lord
 69393 | Pan      | Identified the amulet "Qerchego" {rF+ Regen+ Str+3 SInv}
 69855 | Pan      | Identified the +7 scale mail of Action {Harm rPois Will-
                  | Int+6}
 69894 | Pan      | 69894 ||| Stepping ~*~*~tactically~*~*~ (stealth).
 69923 | Pan      | 69923 ||| INVOKING Summon Divine Warrior.
 69927 | Pan      | 69927 ||| INVOKING Cleansing Flame.
 69942 | Pan      | Reached skill level 24 in Armour
 69952 | Pan      | Reached skill level 3 in Short Blades
 69995 | Pan      | 69995 ||| INVOKING Summon Divine Warrior.
 69998 | Pan      | 69998 ||| INVOKING Summon Divine Warrior.
 70000 | Pan      | 70000 ||| INVOKING Cleansing Flame.
 70001 | Pan      | 70001 ||| INVOKING Cleansing Flame.
 70006 | Pan      | 70006 ||| INVOKING Summon Divine Warrior.
 70046 | Pan      | 70046 ||| INVOKING Summon Divine Warrior.
 70066 | Pan      | 70066 ||| INVOKING Cleansing Flame.
 70069 | Pan      | HP: 44/197 [smoke demon/divine providence (16)]
 70070 | Pan      | 70070 ||| READING 15 scrolls of teleportation.
 70071 | Pan      | 70071 ||| DRINKING 15 potions of heal wounds.
 70072 | Pan      | 70072 ||| INVOKING Cleansing Flame.
 70087 | Pan      | 70087 ||| Stepping ~*~*~tactically~*~*~ (hiding).
 70088 | Pan      | 70088 ||| Stepping ~*~*~tactically~*~*~ (hiding).
 70212 | Pan      | 70212 ||| Stepping ~*~*~tactically~*~*~ (hiding).
 70362 | Pan      | 70362 ||| Stepping ~*~*~tactically~*~*~ (hiding).
 70368 | Pan      | 70368 ||| Stepping ~*~*~tactically~*~*~ (hiding).
 70393 | Pan      | 70393 ||| Stepping ~*~*~tactically~*~*~ (hiding).
 70557 | Pan      | 70557 ||| INVOKING Summon Divine Warrior.
 70570 | Pan      | 70570 ||| INVOKING Cleansing Flame.
 70571 | Pan      | 70571 ||| INVOKING Cleansing Flame.
 70702 | Pan      | 70702 ||| INVOKING Cleansing Flame.
 70731 | Pan      | 70731 ||| INVOKING Cleansing Flame.
 70738 | Pan      | 70738 ||| INVOKING Cleansing Flame.
 70739 | Pan      | 70739 ||| INVOKING Cleansing Flame.
 70740 | Pan      | 70740 ||| INVOKING Cleansing Flame.
 70741 | Pan      | 70741 ||| INVOKING Cleansing Flame.
 70743 | Pan      | 70743 ||| INVOKING Cleansing Flame.
 70785 | Pan      | 70785 ||| Stepping ~*~*~tactically~*~*~ (stealth).
 70786 | Pan      | 70786 ||| Stepping ~*~*~tactically~*~*~ (stealth).
 70787 | Pan      | 70787 ||| INVOKING Summon Divine Warrior.
 70790 | Pan      | 70790 ||| INVOKING Cleansing Flame.
 70791 | Pan      | 70791 ||| INVOKING Summon Divine Warrior.
 70887 | Pan      | Noticed Eheufari the pandemonium lord
 70889 | Pan      | 70889 ||| Stepping randomly (cloudy).
 70890 | Pan      | 70890 ||| Stepping ~*~*~tactically~*~*~ (cloud).
 70893 | Pan      | 70893 ||| INVOKING Cleansing Flame.
 70894 | Pan      | 70894 ||| INVOKING Cleansing Flame.
 70894 | Pan      | Killed Eheufari the pandemonium lord
 70902 | Pan      | 70902 ||| Stepping ~*~*~tactically~*~*~ (hiding).
 70903 | Pan      | 70903 ||| Stepping ~*~*~tactically~*~*~ (hiding).
 70932 | Pan      | 70932 ||| Stepping ~*~*~tactically~*~*~ (stealth).
 71081 | Pan      | 71081 ||| Stepping randomly (cloudy).
 71082 | Pan      | 71082 ||| Stepping ~*~*~tactically~*~*~ (hiding).
 71083 | Pan      | 71083 ||| Stepping ~*~*~tactically~*~*~ (hiding).
 71260 | Pan      | 71260 ||| Stepping ~*~*~tactically~*~*~ (stealth).
 71311 | Pan      | 71311 ||| Stepping ~*~*~tactically~*~*~ (hiding).
 71312 | Pan      | 71312 ||| Stepping ~*~*~tactically~*~*~ (hiding).
 71448 | Pan      | 71448 ||| INVOKING Summon Divine Warrior.
 71461 | Pan      | HP: 43/197 [smoke demon/divine providence (14)]
 71462 | Pan      | 71462 ||| READING 15 scrolls of teleportation.
 71463 | Pan      | 71463 ||| DRINKING 14 potions of heal wounds.
 71465 | Pan      | 71465 ||| DRINKING 13 potions of heal wounds.
 71466 | Pan      | 71466 ||| DRINKING 12 potions of heal wounds.
 71557 | Pan      | HP: 48/197 [smoke demon/divine providence (12)]
 71558 | Pan      | 71558 ||| READING 14 scrolls of teleportation.
 71562 | Pan      | 71562 ||| DRINKING 11 potions of heal wounds.
 71576 | Pan      | 71576 ||| Stepping ~*~*~tactically~*~*~ (stealth).
 71577 | Pan      | 71577 ||| Stepping ~*~*~tactically~*~*~ (stealth).
 71578 | Pan      | 71578 ||| Stepping ~*~*~tactically~*~*~ (stealth).
 71679 | Pan      | 71679 ||| INVOKING Summon Divine Warrior.
 71699 | Pan      | HP: 37/197 [smoke demon/divine providence (16)]
 71700 | Pan      | 71700 ||| READING 13 scrolls of teleportation.
 71701 | Pan      | 71701 ||| DRINKING 10 potions of heal wounds.
 71799 | Pan      | 71799 ||| INVOKING Summon Divine Warrior.
 71807 | Pan      | HP: 45/197 [smoke demon/divine providence (8)]
 71808 | Pan      | 71808 ||| READING 12 scrolls of teleportation.
 71809 | Pan      | 71809 ||| DRINKING 9 potions of heal wounds.
 71813 | Pan      | 71813 ||| INVOKING Summon Divine Warrior.
 71813 | Pan      | Identified the +1 tower shield of Beynosch {+Blink Will-
                  | Regen+}
 71904 | Pan      | HP: 41/197 [smoke demon/divine providence (15)]
 71905 | Pan      | 71905 ||| READING 11 scrolls of teleportation.
 71906 | Pan      | 71906 ||| DRINKING 8 potions of heal wounds.
 72005 | Pan      | 72005 ||| Stepping ~*~*~tactically~*~*~ (stealth).
 72067 | Pan      | 72067 ||| INVOKING Summon Divine Warrior.
 72073 | Pan      | 72073 ||| INVOKING Summon Divine Warrior.
 72190 | Pan      | 72190 ||| INVOKING Cleansing Flame.
 72191 | Pan      | 72191 ||| INVOKING Cleansing Flame.
 72192 | Pan      | 72192 ||| INVOKING Cleansing Flame.
 72193 | Pan      | 72193 ||| INVOKING Cleansing Flame.
 72194 | Pan      | 72194 ||| INVOKING Cleansing Flame.
 72195 | Pan      | 72195 ||| INVOKING Cleansing Flame.
 72196 | Pan      | 72196 ||| INVOKING Cleansing Flame.
 72204 | Pan      | 72204 ||| DRINKING 7 potions of magic.
 72205 | Pan      | 72205 ||| INVOKING Cleansing Flame.
 72206 | Pan      | 72206 ||| INVOKING Cleansing Flame.
 72207 | Pan      | 72207 ||| INVOKING Cleansing Flame.
 72208 | Pan      | 72208 ||| INVOKING Cleansing Flame.
 72209 | Pan      | 72209 ||| DRINKING 6 potions of magic.
 72210 | Pan      | 72210 ||| INVOKING Cleansing Flame.
 72210 | Pan      | HP: 44/197 [smoke demon/divine providence (10)]
 72211 | Pan      | 72211 ||| READING 10 scrolls of teleportation.
 72212 | Pan      | 72212 ||| DRINKING 7 potions of heal wounds.
 72324 | Pan      | 72324 ||| INVOKING Summon Divine Warrior.
 72333 | Pan      | HP: 49/197 [smoke demon/divine providence (11)]
 72333 | Pan      | HP: 22/197 [smoke demon/divine providence (16)]
 72334 | Pan      | 72334 ||| READING 9 scrolls of teleportation.
 72335 | Pan      | 72335 ||| DRINKING 6 potions of heal wounds.
 72336 | Pan      | 72336 ||| DRINKING 5 potions of heal wounds.
 72337 | Pan      | 72337 ||| DRINKING 4 potions of heal wounds.
 72346 | Pan      | 72346 ||| Stepping ~*~*~tactically~*~*~ (stealth).
 72347 | Pan      | 72347 ||| Stepping ~*~*~tactically~*~*~ (stealth).
 72411 | Pan      | Reached skill level 27 in Fighting
 72411 | Pan      | Reached skill level 6 in Short Blades
 72461 | Pan      | 72461 ||| INVOKING Cleansing Flame.
 72464 | Pan      | 72464 ||| INVOKING Cleansing Flame.
 72548 | Pan      | 72548 ||| INVOKING Summon Divine Warrior.
 72552 | Pan      | HP: 41/199 [smoke demon/divine providence (13)]
 72553 | Pan      | 72553 ||| READING 8 scrolls of teleportation.
 72554 | Pan      | 72554 ||| DRINKING 3 potions of heal wounds.
 72557 | Pan      | 72557 ||| DRINKING 2 potions of heal wounds.
 72730 | Pan      | HP: 46/199 [smoke demon/divine providence (9)]
 72731 | Pan      | 72731 ||| READING 7 scrolls of teleportation.
 72732 | Pan      | 72732 ||| DRINKING potion of heal wounds.
 72864 | Pan      | HP: 38/199 [smoke demon/divine providence (12)]
 72865 | Pan      | 72865 ||| READING 6 scrolls of teleportation.
 72889 | Pan      | 72889 ||| Stepping ~*~*~tactically~*~*~ (stealth).
 72905 | Pan      | 72905 ||| Stepping ~*~*~tactically~*~*~ (stealth).
 72907 | Pan      | 72907 ||| Stepping ~*~*~tactically~*~*~ (stealth).
 72965 | Pan      | 72965 ||| Stepping ~*~*~tactically~*~*~ (stealth).
 73107 | Pan      | 73107 ||| INVOKING Summon Divine Warrior.
 73131 | Pan      | 73131 ||| INVOKING Cleansing Flame.
 73187 | Pan      | 73187 ||| INVOKING Summon Divine Warrior.
 73191 | Pan      | 73191 ||| INVOKING Cleansing Flame.
 73226 | Pan      | 73226 ||| INVOKING Cleansing Flame.
 73264 | Pan      | HP: 46/199 [smoke demon/divine providence (12)]
 73265 | Pan      | 73265 ||| READING 5 scrolls of teleportation.
 73393 | Pan      | HP: 45/199 [smoke demon/divine providence (11)]
 73394 | Pan      | 73394 ||| READING 4 scrolls of teleportation.
 73404 | Pan      | HP: 43/199 [smoke demon/divine providence (13)]
 73405 | Pan      | 73405 ||| READING 3 scrolls of teleportation.
 73473 | Pan      | 73473 ||| INVOKING Cleansing Flame.
 73474 | Pan      | 73474 ||| INVOKING Cleansing Flame.
 73593 | Pan      | HP: 48/199 [smoke demon/divine providence (13)]
 73594 | Pan      | 73594 ||| READING 2 scrolls of teleportation.
 73678 | Pan      | 73678 ||| INVOKING Cleansing Flame.
 73679 | Pan      | 73679 ||| INVOKING Cleansing Flame.
 73764 | Pan      | HP: 46/199 [smoke demon/divine providence (14)]
 73765 | Pan      | 73765 ||| READING scroll of teleportation.
 73868 | Pan      | 73868 ||| INVOKING Cleansing Flame.
 73869 | Pan      | 73869 ||| INVOKING Cleansing Flame.
 73958 | Pan      | Got a demonic rune of Zot
 74020 | Pan      | 74020 ||| INVOKING Summon Divine Warrior.
 74024 | Pan      | Noticed Osirphev the pandemonium lord
 74037 | Pan      | 74037 ||| INVOKING Summon Divine Warrior.
 74038 | Pan      | 74038 ||| INVOKING Cleansing Flame.
 74038 | Pan      | Killed Osirphev the pandemonium lord
 74063 | Pan      | 74063 ||| INVOKING Cleansing Flame.
 74064 | Pan      | 74064 ||| INVOKING Cleansing Flame.
 74289 | Pan      | 74289 ||| INVOKING Cleansing Flame.
 74505 | Pan      | 74505 ||| Stepping ~*~*~tactically~*~*~ (stealth).
 74523 | Pan      | 74523 ||| INVOKING Summon Divine Warrior.
 74532 | Pan      | 74532 ||| INVOKING Cleansing Flame.
 74533 | Pan      | 74533 ||| INVOKING Cleansing Flame.
 74534 | Pan      | 74534 ||| INVOKING Cleansing Flame.
 74535 | Pan      | 74535 ||| INVOKING Summon Divine Warrior.
 74543 | Pan      | 74543 ||| INVOKING Cleansing Flame.
 74544 | Pan      | 74544 ||| INVOKING Cleansing Flame.
 74545 | Pan      | 74545 ||| INVOKING Cleansing Flame.
 74672 | Pan      | Noticed Rugham the pandemonium lord
 74691 | Pan      | 74691 ||| INVOKING Cleansing Flame.
 74692 | Pan      | 74692 ||| INVOKING Cleansing Flame.
 74692 | Pan      | Killed Rugham the pandemonium lord
 74699 | Pan      | 74699 ||| INVOKING Summon Divine Warrior.
 74713 | Pan      | 74713 ||| Stepping randomly (cloudy).
 74796 | Pan      | Found a huge runed translucent gate.
 74798 | Pan      | 74798 ||| INVOKING Summon Divine Warrior.
 74801 | Pan      | 74801 ||| INVOKING Cleansing Flame.
 74804 | Pan      | Found a huge runed translucent gate.
 75005 | Pan      | 75005 ||| Stepping ~*~*~tactically~*~*~ (stealth).
 75031 | Pan      | 75031 ||| Stepping ~*~*~tactically~*~*~ (hiding).
 75035 | Pan      | 75035 ||| INVOKING Summon Divine Warrior.
 75036 | Pan      | 75036 ||| INVOKING Cleansing Flame.
 75037 | Pan      | 75037 ||| INVOKING Cleansing Flame.
 75048 | Pan      | 75048 ||| INVOKING Cleansing Flame.
 75053 | Pan      | 75053 ||| INVOKING Cleansing Flame.
 75054 | Pan      | 75054 ||| INVOKING Cleansing Flame.
 75055 | Pan      | 75055 ||| INVOKING Cleansing Flame.
 75105 | Pan      | Noticed Fapoddat the pandemonium lord
 75108 | Pan      | 75108 ||| Stepping randomly (cloudy).
 75109 | Pan      | 75109 ||| Stepping randomly (cloudy).
 75110 | Pan      | 75110 ||| Stepping randomly (cloudy).
 75111 | Pan      | 75111 ||| INVOKING Summon Divine Warrior.
 75112 | Pan      | 75112 ||| Stepping randomly (cloudy).
 75113 | Pan      | 75113 ||| Stepping randomly (cloudy).
 75115 | Pan      | Killed Fapoddat the pandemonium lord
 75120 | Pan      | 75120 ||| INVOKING Cleansing Flame.
 75121 | Pan      | 75121 ||| INVOKING Cleansing Flame.
 75122 | Pan      | 75122 ||| Stepping ~*~*~tactically~*~*~ (hiding).
 75123 | Pan      | 75123 ||| Stepping ~*~*~tactically~*~*~ (hiding).
 75135 | Pan      | 75135 ||| Stepping ~*~*~tactically~*~*~ (stealth).
 75181 | Pan      | Entered the realm of Lom Lobon.
 75210 | Pan      | Reached skill level 18 in Dodging
 75555 | Pan      | Found an exit through the horrors of the Abyss.
 75598 | Pan      | 75598 ||| Stepping ~*~*~tactically~*~*~ (hiding).
 75862 | Pan      | 75862 ||| Stepping ~*~*~tactically~*~*~ (stealth).
 75961 | Pan      | 75961 ||| Stepping ~*~*~tactically~*~*~ (stealth).
 76033 | Pan      | 76033 ||| DRINKING 2 potions of cancellation.
 76051 | Pan      | Noticed Lom Lobon
 76052 | Pan      | 76052 ||| DRINKING 5 potions of haste.
 76053 | Pan      | 76053 ||| INVOKING Summon Divine Warrior.
 76054 | Pan      | 76054 ||| DRINKING 12 potions of might.
 76055 | Pan      | 76055 ||| Stepping randomly (cloudy).
 76062 | Pan      | 76062 ||| INVOKING Summon Divine Warrior.
 76063 | Pan      | 76063 ||| INVOKING Summon Divine Warrior.
 76064 | Pan      | 76064 ||| Stepping randomly (cloudy).
 76070 | Pan      | 76070 ||| Stepping randomly (cloudy).
 76071 | Pan      | 76071 ||| Stepping randomly (cloudy).
 76072 | Pan      | 76072 ||| INVOKING Cleansing Flame.
 76073 | Pan      | 76073 ||| Stepping randomly (cloudy).
 76074 | Pan      | 76074 ||| Stepping randomly (cloudy).
 76075 | Pan      | 76075 ||| INVOKING Summon Divine Warrior.
 76076 | Pan      | 76076 ||| Stepping randomly (cloudy).
 76077 | Pan      | 76077 ||| Stepping randomly (cloudy).
 76078 | Pan      | 76078 ||| Stepping randomly (cloudy).
 76080 | Pan      | 76080 ||| Stepping randomly (cloudy).
 76081 | Pan      | 76081 ||| Stepping randomly (cloudy).
 76094 | Pan      | Killed Lom Lobon
 76095 | Pan      | 76095 ||| Stepping ~*~*~tactically~*~*~ (cloud).
 76234 | Pan      | Got a magical rune of Zot
 76358 | Pan      | 76358 ||| INVOKING Summon Divine Warrior.
 76366 | Pan      | 76366 ||| INVOKING Cleansing Flame.
 76419 | Pan      | Noticed Sybol the pandemonium lord
 76427 | Pan      | Killed Sybol the pandemonium lord
 76523 | Pan      | Found an exit through the horrors of the Abyss.
 76528 | Pan      | Found an exit through the horrors of the Abyss.
 76547 | Pan      | Reached skill level 27 in Armour
 76591 | Pan      | 76591 ||| INVOKING Summon Divine Warrior.
 76614 | Pan      | Noticed Oddopn the pandemonium lord
 76629 | Pan      | 76629 ||| INVOKING Summon Divine Warrior.
 76631 | Pan      | 76631 ||| INVOKING Cleansing Flame.
 76643 | Pan      | Killed Oddopn the pandemonium lord
 76645 | Pan      | 76645 ||| INVOKING Summon Divine Warrior.
 76653 | Pan      | 76653 ||| INVOKING Cleansing Flame.
 76654 | Pan      | 76654 ||| INVOKING Cleansing Flame.
 76838 | Pan      | Found a white marble altar of Elyvilon.
 76885 | Pan      | 76885 ||| INVOKING Summon Divine Warrior.
 77108 | Pan      | 77108 ||| DRINKING potion of mutation.
 77108 | Pan      | Lost mutation: Your magical capacity is low. (-10% MP)
                  | [potion of mutation]
 77108 | Pan      | Lost mutation: You expend magic power (3 MP) to strengthen
                  | your wands. [potion of mutation]
 77108 | Pan      | Lost mutation: You are partially covered in iridescent
                  | scales. (AC +2) [potion of mutation]
 77108 | Pan      | Lost mutation: You are vulnerable to cold. (rC-) [potion of
                  | mutation]
 77108 | Pan      | Gained mutation: You expend magic power (3 MP) to
                  | strengthen your wands. [potion of mutation]
 77213 | Pan      | 77213 ||| Stepping ~*~*~tactically~*~*~ (stealth).
 77291 | Pan      | 77291 ||| INVOKING Summon Divine Warrior.
 77301 | Pan      | HP: 47/199 [daeva/divine providence (8)]
 77302 | Pan      | 77302 ||| READING scroll of teleportation.
 77303 | Pan      | 77303 ||| DRINKING 2 potions of heal wounds.
 77304 | Pan      | 77304 ||| DRINKING potion of heal wounds.
 77305 | Pan      | 77305 ||| INVOKING Summon Divine Warrior.
 77306 | Pan      | HP: 34/199 [daeva/divine providence (12)]
 77310 | Pan      | HP: 14/199 [daeva/divine providence (10)]
 77311 | Pan      | Killed from afar by a daeva

Levels and vault maps discovered:
D:1:      nicolae_arrival_memento_mori, layout_basic,
          nicolae_ecumenical_lake_church
D:2:      layout_basic, basic_altar
D:3:      layout_loops_corners, serial_park_tiny_1, uniq_natasha
D:4:      layout_rooms, minmay_checkerbox
D:5:      layout_loops_ring, mainiacjoe_overflow_alcove_3
D:6:      layout_loops_ring, minmay_fire_ice_demons
D:7:      layout_loops_ring, nicolae_kikubaaqudgha_miasma_corner,
          minmay_temple_entry_drinking_statues, serial_shops, shop,
          grunt_ministairs_13, hangedman_feature_mirror, nicolae_shop_self_help,
          uniq_joseph
D:8:      layout_loops_ring, serial_shops, nicolae_shop_stone, shop
D:9:      layout_long_grid, lair_entry_dummy, erik_orc_2, serial_undead,
          serial_undead_e, serial_undead_a, serial_undead_c, serial_undead_f,
          serial_shops, shop, david_defended_altar_orc
D:10:     layout_small_grid, chequers_temple_overflow_minitemple,
          hangedman_abyss_or_decor_clamps, uniq_psyche
D:11:     layout_rooms, serial_shops, shop, gammafunk_ghost_spectres,
          nicolae_fountain_basement
D:12:     minmay_the_grid_square_5x5_5x5_mashed
          [minmay_the_grid_square_5x5_trominoes,
          minmay_the_grid_square_5x5_hollow_slash,
          minmay_the_grid_square_5x5_one_wall,
          minmay_the_grid_square_5x5_percent,
          minmay_the_grid_square_5x5_gyroscope,
          minmay_the_grid_square_5x5_checkered_statues,
          minmay_the_grid_square_5x5_prize_waves,
          minmay_the_grid_square_5x5_two_small,
          minmay_the_grid_square_5x5_prize_snowflake,
          minmay_the_grid_square_5x5_two,
          minmay_the_grid_square_5x5_beaten_path,
          minmay_the_grid_square_5x5_shrine2,
          minmay_the_grid_square_5x5_prize_gold,
          minmay_the_grid_square_5x5_broken_cross, minmay_the_grid_square_5x5_c,
          minmay_the_grid_square_5x5_tri_point,
          minmay_the_grid_square_5x5_prize_rear_guard,
          minmay_the_grid_square_5x5_eight_small,
          minmay_the_grid_square_5x5_prize_itemx,
          minmay_the_grid_square_5x5_lines, minmay_the_grid_square_5x5_six,
          minmay_the_grid_square_5x5_tie, minmay_the_grid_square_5x5_shuriken,
          minmay_the_grid_square_5x5_moneybag,
          minmay_the_grid_square_5x5_empty], layout_loops_corners
D:13:     layout_long_grid, grunt_vaults_entry_fortified, minmay_quadrilaterals,
          uniq_jorgrun, uniq_maurice
D:14:     layout_long_grid, chequers_serial_rivers_micro_d, uniq_agnes
D:15:     hangedman_depths_entry_civil_slaughter, layout_loops_ring,
          hangedman_decor_cross_pass, serial_shops, nicolae_lakefront_shop,
          serial_bayou_lagoon_a
Lair:1:   layout_small_grid
Lair:2:   layout_cave_pods, elwin_shoals_entry_rooms, dummy_snake_entry
Lair:3:   layout_loops_ring, serial_bayou_shore_a
Lair:4:   layout_gridlike, serial_bayou_pond_e
Lair:5:   minmay_lair_end_frog_pond, layout_hall_layers, slime_entry_1,
          serial_forest, infiniplex_forest_join, infiniplex_forest_end_1,
          infiniplex_forest_3_way, infiniplex_forest_clump_medium,
          infiniplex_forest_end_double, infiniplex_forest_split,
          infiniplex_forest_straight_4, infiniplex_forest_lined_room_2,
          kennysheep_rathole, lemuel_fruit_tree
Shoals:1: layout_shoals, nicolae_shoals_land_atoll, nicolae_shoals_undead_eyrie
Shoals:2: cheibrodos_shoals_gigantism, layout_shoals, serial_shops,
          nicolae_shop_advertising_works [nicolae_subvault_shop_adworks], shop,
          shop, nicolae_shoals_pincushion_passage
Shoals:3: layout_shoals, gammafunk_ghost_arena
Shoals:4: shoals_end_hangedman, layout_shoals, uniq_polyphemus, uniq_mara,
          uniq_donald
Snake:1:  layout_basic, basic_altar, minmay_shop_grove
Snake:2:  layout_misc_corridors, ebering_ghost_xom, st_stairs_6,
          nicolae_snake_gridmaze_tees, uniq_vashnia
Snake:3:  layout_rooms, grunt_megastairs_3
Snake:4:  johnstein_snake_rune_scales, layout_onion, serial_shops, shop,
          nicolae_snake_gridmaze_swirls, minmay_snake_pond, minmay_shop_star,
          uniq_louise
Orc:1:    lemuel_ogre_cave, layout_caves
Orc:2:    st_orc_town, layout_caves, basic_altar
Vaults:1: hangedman_vaults_nodes, nicolae_vaults_little_squares_4,
          nicolae_vaults_network_quinsquares
          [nicolae_vaults_network_quincunx_subvault,
          nicolae_vaults_network_quincunx_subvault,
          nicolae_vaults_network_quincunx_subvault,
          nicolae_vaults_network_quincunx_subvault], v_alt_pattern_4,
          nicolae_vaults_ninety_degrees, v_pattern_5,
          grunt_vaults_hallway_short, ontoclasm_vaults_tryst,
          grunt_vaults_diagonal, vaults_room_guarded_vault,
          nicolae_vaults_network_star, nicolae_vaults_border_crossing,
          ontoclasm_vaults_decontamination, vaults_room_pool,
          layout_vaults_maze_snakey, uniq_asterion
Vaults:2: nicolae_vaults_circle_grid_b, v_misc_17, nicolae_vaults_what_the_h,
          hangedman_vaults_stitches, vaults_room_stairs_pillars,
          vaults_dpeg_encased_lava, ontoclasm_vaults_chip, v_rooms_5,
          ontoclasm_vaults_eye, st_cross, v_misc_3, ontoclasm_vaults_pinch,
          vaults_mumra_chevron_long, layout_vaults_big_room, uniq_zenata
Vaults:3: minmay_crypt_entry_necro_gods, hangedman_vaults_pinch,
          grunt_vaults_hallway_long, v_misc_11, nicolae_vaults_hallways_thing,
          ontoclasm_vaults_gallery, nicolae_vaults_theta,
          nicolae_vaults_diagonal_hallway_7, vaults_room_semicircle,
          vaults_room_semicircle, grunt_vaults_focal,
          nicolae_vaults_bisected_exclaves, vaults_mumra_minichess,
          nicolae_vaults_windows_and_doors_thing, vaults_dpeg_hooks,
          layout_vaults_ring, nicolae_trove_entry_free_sample
Vaults:4: ontoclasm_vaults_ring_small, grunt_vaults_trifunnel, v_misc_12,
          v_alt_pattern_6, v_rooms_4, ontoclasm_vaults_spin, serial_ice_b,
          nicolae_vaults_triangles, grunt_vaults_bifocal,
          layout_vaults_omnicross, serial_shops, nicolae_diamond_shop
Vaults:5
Crypt:1:  layout_regular_city, basic_altar, grunt_crypt_arrival_split,
          grunt_megastairs_1
Crypt:2:  layout_chaotic_city, basic_altar, grunt_ministairs_15
Crypt:3:  cryptofortress_bobbens, uniq_khufu, uniq_xtahua
Tomb:1
Tomb:2
Tomb:3
Depths:1: layout_cross, grunt_hell_entry_demonic_statue,
          kennysheep_generic_room_2, uniq_enchantress
Depths:2: wander_protected_by_tso, layout_gridlike,
          ashenzari_conservatory_becter, hellmouth_1, rand_demon_pan_entry_4,
          grunt_megastairs_4, infiniplex_staircase_zigzag_4,
          serial_bayou_shore_b
Depths:3: minmay_split_circle, layout_cave_shapes, ziggurat_fallback,
          rand_demon_pan_entry_9, grunt_hell_entry_dis_grunt, zin_angel,
          nicolae_abyss_entry_one_way_or_another, uniq_boris
Depths:4: evilmike_zot_entry_round, layout_basic, serial_shops, shop,
          pf_hell_entry_tar_spiral, uniq_frederick, uniq_josephina,
          uniq_saint_roka
Zot:1:    layout_cathedral_of_symmetry, st_small_dragon_hoard_4
Zot:2:    layout_misc_corridors, ebering_ghost_reflecting_pool, zot_minivault_8
Zot:3:    layout_basic, st_grand_hoard_of_tiamat, grunt_megastairs_5
Zot:4:    hellmonk_paralyzer, layout_twisted_circle
Pan:      mnoleg, layout_gridlike, pan_blood_fountain, rand_demon_9,
          layout_grid_shapes, nicolae_pan_lom_lobonic_1, pan_disco_hall,
          layout_long_grid, rand_demon_9, layout_chambers, cerebov_grunt,
          layout_long_grid, rand_demon_4, layout_gridlike,
          pan_blood_fountain_small, lemuel_hall_of_pain, layout_onion_city,
          evilmike_mini_pan_corridor, layout_chambers, grunt_pan_frozen_over,
          layout_rooms, nicolae_pan_giant_door, layout_chambers,
          pan_blood_fountain, special_room [special_room_demon_pit],
          nicolae_pan_double_arrow, layout_pan_divisions_b
          [pan_division_quadrant_b1, pan_division_quadrant_b3,
          pan_division_quadrant_b3, pan_division_quadrant_b2],
          lom_lobon_spiral_st, layout_cellular_growth, pan_blood_fountain_small,
          nicolae_pan_cerebovesque_3, evilmike_mini_pan_corner,
          layout_small_grid, pan_blood_fountain_2, nicolae_pan_gloorx_vloqian_1,
          gammafunk_the_bubble [the_bubble_gammafunk_plus_minus],
          layout_small_grid, evilmike_mini_pan_possible_glass,
          layout_grid_shapes, evilmike_holy_pan

Skill      XL: |  1  2  3  4  5  6  7  8  9 10 11 12 13 14 15 16 17 18 19 20 21 22 23 24 25 26 27 |
---------------+----------------------------------------------------------------------------------+-----
Axes           | 2 3 4 5 6 7 8 9 11 12 13 15 17 18 19 | 19.0
Fighting       | 4 5 6 7 8 9 10 11 12 14 15 17 19 20 21 22 24 25 26 27 | 27.0
Dodging        | 1 2 3 4 5 6 7 8 11 12 19 | 19.0
Throwing       | 2 4 5 7 8 9 10 11 12 13 14 15 | 15.0
Armour         | 4 5 6 7 9 10 11 13 15 16 17 20 21 22 27 | 27.0
Invocations    | 1 4 5 9 10 13 27 | 27.0
Shields        | 4 5 6 7 12 16 17 18 19 20 21 22 | 22.1
Short Blades   | 7 |  7.9

Action                   |  1- 3 |  4- 6 |  7- 9 | 10-12 | 13-15 | 16-18 | 19-21 | 22-24 | 25-27 || total
-------------------------+-------+-------+-------+-------+-------+-------+-------+-------+-------++-------
Melee: War axe           |   142 |    85 |   289 |   532 |   690 |       |       |       |  1355 ||  3093
       Morningstar       |       |       |       |       |     8 |       |       |       |       ||     8
       Broad axe         |       |       |       |       |   485 |  1924 |  2156 |  1557 |  2358 ||  8480
       Headbutt          |       |       |       |       |       |       |       |       |   606 ||   606
Throw: Boomerang         |       |     2 |    61 |    90 |    68 |    63 |    31 |    15 |    14 ||   344
       Javelin           |       |       |       |       |    94 |    38 |    78 |   115 |   243 ||   568
Invok: Heroism           |       |       |     5 |    28 |    48 |    47 |    41 |    45 |    31 ||   245
       Finesse           |       |       |       |     1 |     8 |     7 |    11 |    20 |     5 ||    52
       Cleansing Flame   |       |       |       |       |       |       |       |       |   176 ||   176
       Summon Divine War |       |       |       |       |       |       |       |       |    57 ||    57
       Brand Weapon With |       |       |       |       |       |       |       |       |     1 ||     1
  Use: Scroll            |     5 |     6 |    13 |     9 |     6 |     2 |     9 |     6 |    20 ||    76
       Potion            |     1 |     1 |     1 |       |     2 |     1 |       |     1 |    47 ||    54
 Stab: Distracted        |       |       |       |       |     1 |       |     1 |       |       ||     2
       Petrified         |       |       |       |       |       |       |     4 |       |       ||     4
       Petrifying        |       |       |       |       |       |       |     2 |       |       ||     2
Armor: Scale mail        |    84 |       |       |       |       |       |       |       |       ||    84
       Chain mail        |    24 |    56 |   166 |   326 |   545 |   872 |   753 |   473 |       ||  3215
       Plate armour      |       |       |       |       |       |       |       |   416 |  1341 ||  1757
Dodge: Dodged            |    63 |    17 |    92 |   212 |   246 |   423 |   358 |   434 |  1576 ||  3421
Block: Buckler           |    37 |    10 |    44 |   109 |    62 |       |       |       |       ||   262
       Tower shield      |       |       |       |       |   675 |  1974 |  1598 |  1495 |  2112 ||  7854
       Kite shield       |       |       |       |       |       |       |       |       |  1862 ||  1862

Table legend:
 A = Non-vault XP
 B = Vault XP
 C = Vault XP percentage of total XP
 D = Non-vault monster count
 E = Vault monster count
 F = Vault count percentage of total count
                 A         B        C        D         E       F
            +---------+---------+-------+---------+---------+-------
      Total | 1215370 | 1065434 |  46.7 |    1997 |    1244 |  38.4
            +---------+---------+-------+---------+---------+-------
        D:1 |      25 |       0 |   0.0 |      15 |       0 |   0.0
        D:2 |      53 |       0 |   0.0 |      18 |       0 |   0.0
        D:3 |     321 |      35 |   9.8 |      16 |       1 |   5.9
        D:4 |     500 |      46 |   8.4 |      20 |       4 |  16.7
        D:5 |     552 |       0 |   0.0 |      16 |       0 |   0.0
        D:6 |     456 |      96 |  17.4 |      12 |       4 |  25.0
        D:7 |    1605 |    1367 |  46.0 |      30 |       6 |  16.7
        D:8 |    1446 |       0 |   0.0 |      21 |       0 |   0.0
        D:9 |    1514 |    2248 |  59.8 |      18 |      30 |  62.5
       D:10 |    1294 |     365 |  22.0 |      19 |       1 |   5.0
       D:11 |    3505 |       0 |   0.0 |      13 |       0 |   0.0
       D:12 |    2958 |   14789 |  83.3 |       9 |      40 |  81.6
       D:13 |    9130 |   10906 |  54.4 |      24 |      17 |  41.5
       D:14 |   14450 |    1442 |   9.1 |      35 |       1 |   2.8
       D:15 |    4282 |    4418 |  50.8 |       8 |       6 |  42.9
     Lair:1 |    3415 |       0 |   0.0 |      19 |       0 |   0.0
     Lair:2 |    4793 |     301 |   5.9 |      24 |       1 |   4.0
     Lair:3 |    8661 |       0 |   0.0 |      33 |       0 |   0.0
     Lair:4 |   14383 |       0 |   0.0 |      41 |       0 |   0.0
     Lair:5 |    3163 |    9181 |  74.4 |      11 |      43 |  79.6
   Shoals:1 |   17444 |    1406 |   7.5 |      35 |       5 |  12.5
   Shoals:2 |   14906 |   12431 |  45.5 |      30 |      15 |  33.3
   Shoals:3 |   14112 |       0 |   0.0 |      34 |       0 |   0.0
   Shoals:4 |   20609 |   28980 |  58.4 |      37 |      39 |  51.3
    Snake:1 |   12894 |       0 |   0.0 |      26 |       0 |   0.0
    Snake:2 |   12142 |    7427 |  38.0 |      24 |       7 |  22.6
    Snake:3 |   23695 |    3986 |  14.4 |      46 |       7 |  13.2
    Snake:4 |   23565 |   28158 |  54.4 |      45 |      43 |  48.9
      Orc:1 |    3114 |     706 |  18.5 |      24 |       6 |  20.0
      Orc:2 |    2888 |    7386 |  71.9 |      33 |      58 |  63.7
   Vaults:1 |   32519 |   45651 |  58.4 |      44 |      55 |  55.6
   Vaults:2 |   17972 |   27564 |  60.5 |      26 |      35 |  57.4
   Vaults:3 |   33795 |   19263 |  36.3 |      49 |      23 |  31.9
   Vaults:4 |   51534 |   72155 |  58.3 |      72 |      70 |  49.3
   Vaults:5 |    9742 |   85253 |  89.7 |      16 |      69 |  81.2
    Crypt:1 |   37231 |    3051 |   7.6 |      53 |       4 |   7.0
    Crypt:2 |   38591 |    2419 |   5.9 |      55 |       3 |   5.2
    Crypt:3 |       0 |   74567 | 100.0 |       0 |      97 | 100.0
     Tomb:1 |   18957 |  108229 |  85.1 |      31 |      56 |  64.4
     Tomb:2 |   12025 |   48472 |  80.1 |      44 |      61 |  58.1
     Tomb:3 |   14649 |   73053 |  83.3 |      45 |      78 |  63.4
   Depths:1 |   33993 |   20854 |  38.0 |      43 |      27 |  38.6
   Depths:2 |   24518 |    8487 |  25.7 |      26 |      12 |  31.6
   Depths:3 |   31629 |   17714 |  35.9 |      39 |      23 |  37.1
   Depths:4 |   33446 |   25701 |  43.5 |      37 |      28 |  43.1
      Zot:1 |   37509 |    9534 |  20.3 |      28 |       5 |  15.2
      Zot:2 |   37499 |   23129 |  38.1 |      34 |      18 |  34.6
      Zot:3 |   45970 |   40678 |  46.9 |      33 |      24 |  42.1
      Zot:4 |   43361 |   17798 |  29.1 |      33 |      11 |  25.0
        Pan |  438555 |  206188 |  32.0 |     553 |     211 |  27.6
            +---------+---------+-------+---------+---------+-------
